Workbook

Sheet MOD-OP-1
C1: CONTRATO No : 096 DE 2015 | G1: VALOR INICIAL DEL CONTRATO: | J1: FECHA DE LA PRESENTE ACTA:
C2: OBJETO: | G2: 2128394192
C3: MEJORAMIENTO Y ADECUACION DE VIAS EN CONCRETO RIGIDO EN OBRAS COMPLEMENTARIAS PARA EL CENTRO POBLADO DE CHICHIMENE DEL MUNICIPIO DE ACACIAS. | G3: VALOR ANTICIPO: | J3: PORCENTAJE DE LA PRESENTE ACTA:
G5: VALOR ADICIONAL: | J5: VALOR PRESENTE ACTA:
G7: VALOR ANTICIPO ADICIONAL | J7: VALOR A AMORTIZAR PRESENTE ACTA
G9: VALOR ACTUAL DEL CONTRATO: | J9: PORCENTAJE TOTAL EJECUTADO:
A10: DEPARTAMENTO DEL META | C10: CONTRATISTA: CONSORCIO 2015 CHICHIMENE R/L ANA ELVIA CARRANZA ACOSTA | G10: =D115 -> 2160026919
A11: MUNICIPIO DE ACACIAS | G11: VALOR ACTA DE RECIBO PARCIAL | J11: ESTADO: EN EJECUCION
A12: SECRETARIA DE INFRAESTRUCTURA | C12: INTERVENTOR : B&C DISEÑOS Y CONSTRUCCIONES R/L RICARDO ANTONIO MEJIA OSORIO
A13: ACTA MODIFICATORIA No 01 | G13: VALOR AMORTIZADO PARCIAL
C14: SUPERVISOR: SECRETARIA DE INFRAESTRUCTURA
A16: En el Municipio de Acacias - Meta, a a los Cinco (05) dias del mes de JUNIO del año 2015, se reunieron: la Ingeniera Ana Elvia Carranza Acosta Representante legal de la Consorcio 2015 Chichimene, Contratista, el Ingeniero Jimmy Andres Torres Castro Secretario de Infraestructura, Ricardo Antonio Mejia Osorio como Representante legal de la Interventoria contratada, para dejar constancia de la presente Acta Modificatoria No. 1, para lo cual se hace necesario realizar el siguiente analisis:
A17: CONDICIONES CONTRACTUALES INICIALES | G17: MAYORES CANTIDADES | I17: MENORES CANTIDADES | K17: CANTIDADES ACTUALIZADAS
A18: ITEM | B18: DESCRIPCION | C18: UND | D18: CANT | E18: V.UNITARIO | F18: V.TOTAL | G18: CANT | H18: VALOR | I18: CANT. | J18: VALOR | K18: CANT | L18: VALOR
A19: MEJORAMIENTO DE VIAS CENTRO POBLADO DE CHICHIMENE
A20: 1 | B20: PRELIMINARES
A21: 1.1 | B21: TOPOGRAFIA DE VIAS. Incl. Localizacion y Replanteo | C21: ML | D21: 1294.5 | E21: 2970 | F21: =ROUND(D21*E21,0) -> 3844665 | G21: =IF(K21>D21,K21-D21,0) -> 0 | H21: =ROUND(E21*G21,0) -> 0 | I21: =IF(D21>K21,D21-K21,0) -> 66.03 | J21: =ROUND(I21*E21,0) -> 196109 | K21: 1228.47 | L21: =ROUND(E21*K21,0) -> 3648556
A22: 1.2 | B22: LOCALIZACION Y REPL. DE SARDINEL (Incl. Cartera y plano) | C22: ML | D22: 2589 | E22: 3057 | F22: =ROUND(D22*E22,0) -> 7914573 | G22: =IF(K22>D22,K22-D22,0) -> 0 | H22: =ROUND(E22*G22,0) -> 0 | I22: =IF(D22>K22,D22-K22,0) -> 222.24 | J22: =ROUND(I22*E22,0) -> 679388 | K22: 2366.76 | L22: =ROUND(E22*K22,0) -> 7235185
A23: 1.3 | B23: RENIVELACION Y COMPACTACION DE LA BANCA EXISTENTE DE 6 A 8 M INC TRANS | C23: KM | D23: 1.29 | E23: 1478476 | F23: =ROUND(D23*E23,0) -> 1907234 | G23: =IF(K23>D23,K23-D23,0) -> 0 | H23: =ROUND(E23*G23,0) -> 0 | I23: =IF(D23>K23,D23-K23,0) -> 0.07 | J23: =ROUND(I23*E23,0) -> 103493 | K23: 1.22 | L23: =ROUND(E23*K23,0) -> 1803741
F24: =SUM(F21:F23) -> 13666472 | H24: =SUM(H21:H23) -> 0 | J24: =SUM(J21:J23) -> 978990 | L24: =SUM(L21:L23) -> 12687482
A25: 2 | B25: DEMOLICION
B26: DEMOLICION CONCRETO SIMPLE INC. Cargue manual 5 km | C26: M3 | D26: 12 | E26: 209569 | F26: =ROUND(D26*E26,0) -> 2514828 | G26: =IF(K26>D26,K26-D26,0) -> 49.41 | H26: =ROUND(E26*G26,0) -> 10354804 | I26: =IF(D26>K26,D26-K26,0) -> 0 | J26: =ROUND(I26*E26,0) -> 0 | K26: 61.41 | L26: =ROUND(E26*K26,0) -> 12869632
F27: =ROUND(D27*E27,0) -> 0
F28: =SUM(F26:F27) -> 2514828 | H28: =SUM(H26:H27) -> 10354804 | J28: =SUM(J26:J27) -> 0 | L28: =SUM(L26:L27) -> 12869632
A29: 3 | B29: EXCAVACIONES
A30: 3.1 | B30: EXCAV. MECAN INC. RETIRO DE SOBRANTE (xa caja de via) | C30: M3 | D30: 4185.45 | E30: 19763 | F30: =ROUND(D30*E30,0) -> 82717048 | G30: =IF(K30>D30,K30-D30,0) -> 97.91 | H30: =ROUND(E30*G30,0) -> 1934995 | I30: =IF(D30>K30,D30-K30,0) -> 0 | J30: =ROUND(I30*E30,0) -> 0 | K30: 4283.36 | L30: =ROUND(E30*K30,0) -> 84652044
A31: 3.2 | B31: EXCAV. SECAS CONGLOMERADO MANUAL. Incl. Retiro 5 kms | C31: M3 | D31: 516.35 | E31: 52187 | F31: =ROUND(D31*E31,0) -> 26946757 | G31: =IF(K31>D31,K31-D31,0) -> 0 | H31: =ROUND(E31*G31,0) -> 0 | I31: =IF(D31>K31,D31-K31,0) -> 40.41 | J31: =ROUND(I31*E31,0) -> 2108877 | K31: 475.94 | L31: =ROUND(E31*K31,0) -> 24837881 | N31: 401.23 | O31: =N31-K31 -> -74.71 | P31: =O31*E30 -> -1476493.7
F32: =SUM(F30:F31) -> 109663805 | H32: =SUM(H30:H31) -> 1934995 | J32: =SUM(J30:J31) -> 2108877 | L32: =SUM(L30:L31) -> 109489925
A33: 4 | B33: RELLENOS
A34: 4.1 | B34: RELLENO MATERIAL T. MAX. 2" COMP. MECAN. Selecc rio | C34: M3 | D34: 211.74 | E34: 31353 | F34: =ROUND(D34*E34,0) -> 6638684 | G34: =IF(K34>D34,K34-D34,0) -> 1.49 | H34: =ROUND(E34*G34,0) -> 46716 | I34: =IF(D34>K34,D34-K34,0) -> 0 | J34: =ROUND(I34*E34,0) -> 0 | K34: 213.23 | L34: =ROUND(E34*K34,0) -> 6685400 | N34: 204.89 | O34: =N34-K34 -> -8.34 | P34: =O34*E34 -> -261484.02
A35: 4.2 | B35: SUB-BASE GRAN. RIO SELEC. T. MAX. 2" Inc. Transp 5 km | C35: M3 | D35: 1486.4 | E35: 59142 | F35: =ROUND(D35*E35,0) -> 87908669 | G35: =IF(K35>D35,K35-D35,0) -> 0 | H35: =ROUND(E35*G35,0) -> 0 | I35: =IF(D35>K35,D35-K35,0) -> 79.2 | J35: =ROUND(I35*E35,0) -> 4684046 | K35: 1407.2 | L35: =ROUND(E35*K35,0) -> 83224622
F36: =SUM(F34:F35) -> 94547353 | H36: =SUM(H34:H35) -> 46716 | J36: =SUM(J34:J35) -> 4684046 | L36: =SUM(L34:L35) -> 89910022
A37: 5 | B37: PAVIMENTOS RIGIDOS
A38: 5.1 | B38: PAVIMENTO CONCRETO MR= 3,8 Inc transporte 5 kms | C38: M3 | D38: 1486.4 | E38: 666008 | F38: =ROUND(D38*E38,0) -> 989954291 | G38: =IF(K38>D38,K38-D38,0) -> 0 | H38: =ROUND(E38*G38,0) -> 0 | I38: =IF(D38>K38,D38-K38,0) -> 97.16 | J38: =ROUND(I38*E38,0) -> 64709337 | K38: 1389.24 | L38: =ROUND(E38*K38,0) -> 925244954 | N38: 1402.8 | O38: =N38-K38 -> 13.56 | P38: =O38*E38 -> 9031068.5
A39: 5.2 | B39: ACERO REFUERZO FIGURADO 412Mpa, ( 4200 KG/CM2, G60) | C39: KG | D39: 10000 | E39: 4005 | F39: =ROUND(D39*E39,0) -> 40050000 | G39: =IF(K39>D39,K39-D39,0) -> 0 | H39: =ROUND(E39*G39,0) -> 0 | I39: =IF(D39>K39,D39-K39,0) -> 3624.33 | J39: =ROUND(I39*E39,0) -> 14515442 | K39: 6375.67 | L39: =ROUND(E39*K39,0) -> 25534558 | N39: 6123.52 | O39: =N39-K39 -> -252.15 | P39: =O39*E39 -> -1009860.7
A40: 5.3 | B40: SARDINEL PREFAB BLOQUE CEMENTO A-10 SENCILLO | C40: ML | D40: 2589 | E40: 56280 | F40: =ROUND(D40*E40,0) -> 145708920 | G40: =IF(K40>D40,K40-D40,0) -> 0 | H40: =ROUND(E40*G40,0) -> 0 | I40: =IF(D40>K40,D40-K40,0) -> 222.24 | J40: =ROUND(I40*E40,0) -> 12507667 | K40: 2366.76 | L40: =ROUND(E40*K40,0) -> 133201253 | N40: 133201253 | O40: 1183.4
F41: =SUM(F38:F40) -> 1175713211 | H41: =SUM(H38:H40) -> 0 | J41: =SUM(J38:J40) -> 91732446 | L41: =SUM(L38:L40) -> 1083980765
A42: 6 | B42: SEÑALIZACION
A43: 6.1 | B43: LINEA DEMAR. VIAL PINTURA FRIA, e= 0,12m, Inc Microesf | C43: ML | D43: 3883.5 | E43: 2973 | F43: =ROUND(D43*E43,0) -> 11545646 | G43: =IF(K43>D43,K43-D43,0) -> 0 | H43: =ROUND(E43*G43,0) -> 0 | I43: =IF(D43>K43,D43-K43,0) -> 1481.74 | J43: =ROUND(I43*E43,0) -> 4405213 | K43: 2401.76 | L43: =ROUND(E43*K43,0) -> 7140432
A44: 6.2 | B44: LINEA DEMAR. VIAL PINTURA FRIA, e= 0,4m, Inc Microesf | C44: ML | D44: 348 | E44: 8919 | F44: =ROUND(D44*E44,0) -> 3103812 | G44: =IF(K44>D44,K44-D44,0) -> 0 | H44: =ROUND(E44*G44,0) -> 0 | I44: =IF(D44>K44,D44-K44,0) -> 208.8 | J44: =ROUND(I44*E44,0) -> 1862287 | K44: 139.2 | L44: =ROUND(E44*K44,0) -> 1241525
A45: 6.3 | B45: SEÑALIZACION VERTICAL. 0.60X0.60CM Inc post | C45: UND | D45: 19 | E45: 209715 | F45: =ROUND(D45*E45,0) -> 3984585 | G45: =IF(K45>D45,K45-D45,0) -> 0 | H45: =ROUND(E45*G45,0) -> 0 | I45: =IF(D45>K45,D45-K45,0) -> 7 | J45: =ROUND(I45*E45,0) -> 1468005 | K45: 12 | L45: =ROUND(E45*K45,0) -> 2516580
F46: =SUM(F43:F45) -> 18634043 | H46: =SUM(H43:H45) -> 0 | J46: =SUM(J43:J45) -> 7735505 | L46: =SUM(L43:L45) -> 10898537
A47: 7 | B47: COMPLEMENTARIOS
A48: 7.1 | B48: ANDEN CONCRETO 20,7 Mpa (3000 psi) e=0.07 MTS | C48: M2 | D48: 1553.4 | E48: 45125 | F48: =ROUND(D48*E48,0) -> 70097175 | G48: =IF(K48>D48,K48-D48,0) -> 638.93 | H48: =ROUND(E48*G48,0) -> 28831716 | I48: =IF(D48>K48,D48-K48,0) -> 0 | J48: =ROUND(I48*E48,0) -> 0 | K48: 2192.33 | L48: =ROUND(E48*K48,0) -> 98928891
A49: 7.2 | B49: SOBREACARREO MATERIAL, 20% compacta. | C49: M3-KM | D49: 47768.1 | E49: 1133 | F49: =ROUND(D49*E49,0) -> 54121257 | G49: =IF(K49>D49,K49-D49,0) -> 0 | H49: =ROUND(E49*G49,0) -> 0 | I49: =IF(D49>K49,D49-K49,0) -> 19624.22 | J49: =ROUND(I49*E49,0) -> 22234241 | K49: 28143.88 | L49: =ROUND(E49*K49,0) -> 31887016
A50: 7.3 | B50: Acometida domic. Acued. 3x1/2" (inc. Sumin. E instal. Manguera 10m, accesorios, registro corte y cajilla) | C50: UND | D50: 90 | E50: 131673 | F50: =ROUND(D50*E50,0) -> 11850570 | G50: =IF(K50>D50,K50-D50,0) -> 0 | H50: =ROUND(E50*G50,0) -> 0 | I50: =IF(D50>K50,D50-K50,0) -> 90 | J50: =ROUND(I50*E50,0) -> 11850570 | K50: 0 | L50: =ROUND(E50*K50,0) -> 0
A51: 7.4 | B51: Sumidero agua lluvias en concreto 3000PSI reforzado elab. Obra, e=0,20m, secc 0.5X0,6m, rejilla en perfil U 3x1. 1/2x1/4" | C51: ML | D51: 18 | E51: 1245000 | F51: =ROUND(D51*E51,0) -> 22410000 | G51: =IF(K51>D51,K51-D51,0) -> 0 | H51: =ROUND(E51*G51,0) -> 0 | I51: =IF(D51>K51,D51-K51,0) -> 7 | J51: =ROUND(I51*E51,0) -> 8715000 | K51: 11 | L51: =ROUND(E51*K51,0) -> 13695000
A52: 7.5 | B52: Suministro e instalacion de tuberia PVC unión mecanica para alcantarillados 8" (inc. Nivelacion de precision) | C52: ML | D52: 56 | E52: 60171 | F52: =ROUND(D52*E52,0) -> 3369576 | G52: =IF(K52>D52,K52-D52,0) -> 147.33 | H52: =ROUND(E52*G52,0) -> 8864993 | I52: =IF(D52>K52,D52-K52,0) -> 0 | J52: =ROUND(I52*E52,0) -> 0 | K52: 203.33 | L52: =ROUND(E52*K52,0) -> 12234569
F53: =SUM(F48:F52) -> 161848578 | H53: =SUM(H48:H52) -> 37696709 | J53: =SUM(J48:J52) -> 42799811 | L53: =SUM(L48:L52) -> 156745476
B54: ITEMS NO PREVISTOS PRESENTE ACTA
A55: 10 | B55: ITEMS NO PREVISTOS MEJORAMIENTO DEL LAS REDES SANITARIAS
A56: NP-1 | B56: EXCAVACION MECANICA < 3 ML | C56: M3 | D56: ='MOD-1'!D233+'MOD-1'!D589+'MOD-1'!D644 -> 0 | E56: 12899 | F56: =ROUND(D56*E56,0) -> 0 | G56: =IF(K56>D56,K56-D56,0) -> 163.68 | H56: =ROUND(E56*G56,0) -> 2111308 | I56: 0 | J56: =ROUND(I56*E56,0) -> 0 | K56: 163.68 | L56: =ROUND(E56*K56,0) -> 2111308
A57: NP-2 | B57: Suministro e instalación de Kit Silla Yee 8 x 6" de PVC para alcantarillados (incluye acondicionador y adhesivo) | C57: ML | D57: ='MOD-1'!D234+'MOD-1'!D590+'MOD-1'!D645 -> 0 | E57: 119378 | F57: =ROUND(D57*E57,0) -> 0 | G57: =IF(K57>D57,K57-D57,0) -> 9 | H57: =ROUND(E57*G57,0) -> 1074402 | I57: 0 | J57: =ROUND(I57*E57,0) -> 0 | K57: 9 | L57: =ROUND(E57*K57,0) -> 1074402
A58: NP-3 | B58: Suministro e instalación de tubería PVC unión mecánica para alcantarillados 6" (inc. nivelación de precisión) | C58: ML | E58: 31124 | F58: =ROUND(D58*E58,0) -> 0 | G58: =IF(K58>D58,K58-D58,0) -> 75 | H58: =ROUND(E58*G58,0) -> 2334300 | I58: 0 | J58: =ROUND(I58*E58,0) -> 0 | K58: 75 | L58: =ROUND(E58*K58,0) -> 2334300
A59: NP-4 | B59: Caja inspección 0.70x0.70m, concreto ref. 3000 PSI elab. obra, h=0.70m , e=0.07m (inc. excavación, formaleta 1/3 usos) | C59: UND | E59: 174313 | F59: =ROUND(D59*E59,0) -> 0 | G59: =IF(K59>D59,K59-D59,0) -> 9 | H59: =ROUND(E59*G59,0) -> 1568817 | I59: 0 | J59: =ROUND(I59*E59,0) -> 0 | K59: 9 | L59: =ROUND(E59*K59,0) -> 1568817
A60: NP-5 | B60: CILINDRO POZO INSPECCION D=1,20m (COCNRETO SIMPLE F´C= 21 Mpa ELAB. EN OBRA, e= 0,20m, INCLUYE ESCALERA GATO VAR. # 6) | C60: ML | D60: ='MOD-1'!D235+'MOD-1'!D591+'MOD-1'!D646 -> 0 | E60: 474275 | F60: =ROUND(D60*E60,0) -> 0 | G60: =IF(K60>D60,K60-D60,0) -> 6.6 | H60: =ROUND(E60*G60,0) -> 3130215 | I60: 0 | J60: =ROUND(I60*E60,0) -> 0 | K60: 6.6 | L60: =ROUND(E60*K60,0) -> 3130215
A61: NP-6 | B61: PLACA CIRCULAR CUBIERTA- POZO INSPECCION D=1,20m (COCNRETO F´C= 21 Mpa REFORZ, ELAB. EN OBRA, e=0,20m) | C61: UND | D61: ='MOD-1'!D236+'MOD-1'!D592+'MOD-1'!D647 -> 0 | E61: 492517 | F61: =ROUND(D61*E61,0) -> 0 | G61: =IF(K61>D61,K61-D61,0) -> 5 | H61: =ROUND(E61*G61,0) -> 2462585 | I61: 0 | J61: =ROUND(I61*E61,0) -> 0 | K61: 5 | L61: =ROUND(E61*K61,0) -> 2462585
A62: NP-7 | B62: PLACA CIRCULAR BASE- POZO INSPECCION D=1,20m (COCNRETO F´C= 28 Mpa REFORZ, ELAB. EN OBRA, e=0,20m) | C62: UND | D62: ='MOD-1'!D237+'MOD-1'!D593+'MOD-1'!D648 -> 0 | E62: 424400 | F62: =ROUND(D62*E62,0) -> 0 | G62: =IF(K62>D62,K62-D62,0) -> 5 | H62: =ROUND(E62*G62,0) -> 2122000 | I62: 0 | J62: =ROUND(I62*E62,0) -> 0 | K62: 5 | L62: =ROUND(E62*K62,0) -> 2122000
A63: NP-8 | B63: CAÑUELA POZO INSPECCION PARA TUBERIA ENTRE 8" Y 12" (CONCRETO F´C=28 Mpa ELAB. EN OBRA.) | C63: UND | D63: ='MOD-1'!D238+'MOD-1'!D594+'MOD-1'!D649 -> 0 | E63: 119328 | F63: =ROUND(D63*E63,0) -> 0 | G63: =IF(K63>D63,K63-D63,0) -> 5 | H63: =ROUND(E63*G63,0) -> 596640 | I63: 0 | J63: =ROUND(I63*E63,0) -> 0 | K63: 5 | L63: =ROUND(E63*K63,0) -> 596640
A64: NP-9 | B64: ARENA PARA BASE DE TUBERIA (INCLUYE EXTENDIDA Y COMPACTADA) | C64: M3 | D64: ='MOD-1'!D239+'MOD-1'!D595+'MOD-1'!D650 -> 0 | E64: 37830 | F64: =ROUND(D64*E64,0) -> 0 | G64: =IF(K64>D64,K64-D64,0) -> 133.99 | H64: =ROUND(E64*G64,0) -> 5068842 | I64: 0 | J64: =ROUND(I64*E64,0) -> 0 | K64: 133.99 | L64: =ROUND(E64*K64,0) -> 5068842
A65: NP-10 | B65: RETIRO DE SOBRANTES <= 5 KM. INCL. CARGUE MANUAL | C65: M3 | D65: ='MOD-1'!D240+'MOD-1'!D596+'MOD-1'!D651 -> 0 | E65: 13834 | F65: =ROUND(D65*E65,0) -> 0 | G65: =IF(K65>D65,K65-D65,0) -> 158.92 | H65: =ROUND(E65*G65,0) -> 2198499 | I65: 0 | J65: =ROUND(I65*E65,0) -> 0 | K65: 158.92 | L65: =ROUND(E65*K65,0) -> 2198499
A66: NP-11 | B66: RELLENO DE MATERIAL SELECCIONADO TAMAÑO MAX. 3" | C66: M3 | D66: ='MOD-1'!D241+'MOD-1'!D597+'MOD-1'!D652 -> 0 | E66: 29218 | F66: =ROUND(D66*E66,0) -> 0 | G66: =IF(K66>D66,K66-D66,0) -> 596.06 | H66: =ROUND(E66*G66,0) -> 17415681 | I66: 0 | J66: =ROUND(I66*E66,0) -> 0 | K66: 596.06 | L66: =ROUND(E66*K66,0) -> 17415681
A67: NP-12 | B67: MANEJO DE AGUAS EN EXCAVACIONES (INCLUYE 2 MOTOBOMBAS 3" Y 2 MOTOBOMBAS 4") | C67: MES | D67: ='MOD-1'!D242+'MOD-1'!D598+'MOD-1'!D653 -> 0 | E67: 8436787 | F67: =ROUND(D67*E67,0) -> 0 | G67: =IF(K67>D67,K67-D67,0) -> 1.5 | H67: =ROUND(E67*G67,0) -> 12655181 | I67: 0 | J67: =ROUND(I67*E67,0) -> 0 | K67: 1.5 | L67: =ROUND(E67*K67,0) -> 12655181
F68: =SUM(F56:F67) -> 0 | H68: =SUM(H56:H67) -> 52738470 | J68: =SUM(J56:J67) -> 0 | L68: =SUM(L56:L67) -> 52738470
B69: ITEMS NO PREVISTO MEJORAMIENTO SISTEMA DE ACUEDUCTO
A70: NP-13 | B70: Suministro e Instalacion tuberia PVC extremos lisos para acueducto - Presión Trab. 200PSI - 1" (Incl. Union e instal. Acces.) | C70: ML | E70: 5132 | F70: =ROUND(D70*E70,0) -> 0 | G70: =IF(K70>D70,K70-D70,0) -> 1000 | H70: =ROUND(E70*G70,0) -> 5132000 | I70: 0 | J70: =ROUND(I70*E70,0) -> 0 | K70: 1000 | L70: =ROUND(E70*K70,0) -> 5132000
F71: =SUM(F70) -> 0 | H71: =SUM(H70) -> 5132000 | J71: =SUM(J70) -> 0 | L71: =SUM(L70) -> 5132000
B72: ITEMS NO PREVISTO REDES ELECTRICAS
B73: REDES ELECTRICAS BAJA TENSION
A74: NP-14 | B74: DESMONTE Y MONTAJE DE RED EN BAJA TENSION | C74: ML | D74: 0 | E74: 31534 | F74: =ROUND(D74*E74,0) -> 0 | G74: =IF(K74>D74,K74-D74,0) -> 1228.47 | H74: =ROUND(E74*G74,0) -> 38738573 | I74: 0 | J74: =ROUND(I74*E74,0) -> 0 | K74: 1228.47 | L74: =ROUND(E74*K74,0) -> 38738573
A75: NP-15 | B75: DESMONTE Y MONTAJE DE LUMINARIAS EXISTENTES | C75: UN | D75: 0 | E75: 121004 | F75: =ROUND(D75*E75,0) -> 0 | G75: =IF(K75>D75,K75-D75,0) -> 20 | H75: =ROUND(E75*G75,0) -> 2420080 | I75: 0 | J75: =ROUND(I75*E75,0) -> 0 | K75: 20 | L75: =ROUND(E75*K75,0) -> 2420080
A76: NP-16 | B76: DESMONTE Y MONTAJE DE ESTRUCTURAS DE BAJA TENSION CON PERCHA DE 5 PUESTOS | C76: UN | D76: 0 | E76: 121004 | F76: =ROUND(D76*E76,0) -> 0 | G76: =IF(K76>D76,K76-D76,0) -> 24 | H76: =ROUND(E76*G76,0) -> 2904096 | I76: 0 | J76: =ROUND(I76*E76,0) -> 0 | K76: 24 | L76: =ROUND(E76*K76,0) -> 2904096
A77: NP-17 | B77: TRASLADO DE POSTE DE CONCRETO DE 8 METROS | C77: UN | D77: 0 | E77: 260506 | F77: =ROUND(D77*E77,0) -> 0 | G77: =IF(K77>D77,K77-D77,0) -> 20 | H77: =ROUND(E77*G77,0) -> 5210120 | I77: 0 | J77: =ROUND(I77*E77,0) -> 0 | K77: 20 | L77: =ROUND(E77*K77,0) -> 5210120
A78: NP-18 | B78: SUMINISTRO E INSTALACION DE POSTE DE CONCRETO 8 METROS 1050 KGF | C78: UN | D78: 0 | E78: 764571 | F78: =ROUND(D78*E78,0) -> 0 | G78: =IF(K78>D78,K78-D78,0) -> 4 | H78: =ROUND(E78*G78,0) -> 3058284 | I78: 0 | J78: =ROUND(I78*E78,0) -> 0 | K78: 4 | L78: =ROUND(E78*K78,0) -> 3058284
A79: NP-19 | B79: RETIRO DE POSTE Y TRANSPORTE A ALMACEN DE MUNICIPIO | C79: UN | D79: 0 | E79: 446092 | F79: =ROUND(D79*E79,0) -> 0 | G79: =IF(K79>D79,K79-D79,0) -> 8 | H79: =ROUND(E79*G79,0) -> 3568736 | I79: 0 | J79: =ROUND(I79*E79,0) -> 0 | K79: 8 | L79: =ROUND(E79*K79,0) -> 3568736
A80: NP-20 | B80: TRASLADO DE PUESTA A TIERRA EN TERMIANLES DE BAJA TENSION | C80: UN | D80: 0 | E80: 121004 | F80: =ROUND(D80*E80,0) -> 0 | G80: =IF(K80>D80,K80-D80,0) -> 4 | H80: =ROUND(E80*G80,0) -> 484016 | I80: 0 | J80: =ROUND(I80*E80,0) -> 0 | K80: 4 | L80: =ROUND(E80*K80,0) -> 484016
F81: =SUM(F74:F80) -> 0 | H81: =SUM(H74:H80) -> 56383905 | J81: =SUM(J74:J80) -> 0 | L81: =SUM(L74:L80) -> 56383905
B82: REDES ELECTRICAS MEDIO TENSION
A83: NP-21 | B83: DESMONTE DE RED EN MEDIA TENSION 2 HILOS | C83: ML | D83: 0 | E83: 10511 | F83: =ROUND(D83*E83,0) -> 0 | G83: =IF(K83>D83,K83-D83,0) -> 80 | H83: =ROUND(E83*G83,0) -> 840880 | I83: 0 | J83: =ROUND(I83*E83,0) -> 0 | K83: 80 | L83: =ROUND(E83*K83,0) -> 840880
A84: NP-22 | B84: DESMONTE Y MONTAJE DE ESTRUCTURA IPSE 710 | C84: UN | D84: 0 | E84: 291511 | F84: =ROUND(D84*E84,0) -> 0 | G84: =IF(K84>D84,K84-D84,0) -> 1 | H84: =ROUND(E84*G84,0) -> 291511 | I84: 0 | J84: =ROUND(I84*E84,0) -> 0 | K84: 1 | L84: =ROUND(E84*K84,0) -> 291511
A85: NP-23 | B85: DESMONTE Y MONTAJE DE ESTRUCTURA IPSE 514 | C85: UN | D85: 0 | E85: 291511 | F85: =ROUND(D85*E85,0) -> 0 | G85: =IF(K85>D85,K85-D85,0) -> 1 | H85: =ROUND(E85*G85,0) -> 291511 | I85: 0 | J85: =ROUND(I85*E85,0) -> 0 | K85: 1 | L85: =ROUND(E85*K85,0) -> 291511
A86: NP-24 | B86: DESMONTE Y MONTAJE DE TRANSFORMADOR MONOFASICO | C86: UN | D86: 0 | E86: 781028 | F86: =ROUND(D86*E86,0) -> 0 | G86: =IF(K86>D86,K86-D86,0) -> 1 | H86: =ROUND(E86*G86,0) -> 781028 | I86: 0 | J86: =ROUND(I86*E86,0) -> 0 | K86: 1 | L86: =ROUND(E86*K86,0) -> 781028
A87: NP-25 | B87: TRASLADO DE POSTE DE CONCRETO DE 12 METROS | C87: UN | D87: 0 | E87: 280506 | F87: =ROUND(D87*E87,0) -> 0 | G87: =IF(K87>D87,K87-D87,0) -> 1 | H87: =ROUND(E87*G87,0) -> 280506 | I87: 0 | J87: =ROUND(I87*E87,0) -> 0 | K87: 1 | L87: =ROUND(E87*K87,0) -> 280506
A88: NP-26 | B88: MONTAJE DE RED EN MEDIA TENSION BIFILAR, INCLUYE ALARGUE DE 20 METROS DE CONDUCTOR ACSR 2 | C88: GBL | D88: 0 | E88: 946034 | F88: =ROUND(D88*E88,0) -> 0 | G88: =IF(K88>D88,K88-D88,0) -> 1 | H88: =ROUND(E88*G88,0) -> 946034 | I88: 0 | J88: =ROUND(I88*E88,0) -> 0 | K88: 1 | L88: =ROUND(E88*K88,0) -> 946034
A89: NP-27 | B89: TRASLADO DE SISTEMA DE PUESTA A TIERRA PARA TRANSFORMADOR | C89: UN | D89: 0 | E89: 121004 | F89: =ROUND(D89*E89,0) -> 0 | G89: =IF(K89>D89,K89-D89,0) -> 1 | H89: =ROUND(E89*G89,0) -> 121004 | I89: 0 | J89: =ROUND(I89*E89,0) -> 0 | K89: 1 | L89: =ROUND(E89*K89,0) -> 121004
F90: =SUM(F83:F89) -> 0 | H90: =SUM(H83:H89) -> 3552474 | J90: =SUM(J83:J89) -> 0 | L90: =SUM(L83:L89) -> 3552474
B91: ITEMS NO PREVISTO SEÑALIZACION
A92: NP-28 | B92: Reductor de Velocidad (Plastico). Incluye una Fila de Tachas reflectivas | C92: ML | D92: 0 | E92: 337334 | F92: =ROUND(D92*E92,0) -> 0 | G92: =IF(K92>D92,K92-D92,0) -> 11 | H92: =ROUND(E92*G92,0) -> 3710674 | I92: 0 | J92: =ROUND(I92*E92,0) -> 0 | K92: 11 | L92: =ROUND(E92*K92,0) -> 3710674
A93: NP-29 | B93: Hitos Plasticos Reflectivos | C93: UND | D93: 0 | E93: 47800 | F93: =ROUND(D93*E93,0) -> 0 | G93: =IF(K93>D93,K93-D93,0) -> 11 | H93: =ROUND(E93*G93,0) -> 525800 | I93: 0 | J93: =ROUND(I93*E93,0) -> 0 | K93: 11 | L93: =ROUND(E93*K93,0) -> 525800
F94: =SUM(F92:F93) -> 0 | H94: =SUM(H92:H93) -> 4236474 | J94: =SUM(J92:J93) -> 0 | L94: =SUM(L92:L93) -> 4236474
B95: ITEMS NO PREVISTOS PAVIMENTO RIGIDO
A96: NP-30 | B96: Sardinel Prefabricado Bloque cemento A-85 | C96: ML | F96: =ROUND(D96*E96,0) -> 0 | G96: =IF(K96>D96,K96-D96,0) -> 710 | H96: =ROUND(E96*G96,0) -> 0 | I96: 0 | J96: =ROUND(I96*E96,0) -> 0 | K96: 710 | L96: =ROUND(E96*K96,0) -> 0
A97: NP-31 | B97: Sardinel Prefabricado Bloque Cemento A-100 | C97: UND | F97: =ROUND(D97*E97,0) -> 0 | G97: =IF(K97>D97,K97-D97,0) -> 473 | H97: =ROUND(E97*G97,0) -> 0 | I97: 0 | J97: =ROUND(I97*E97,0) -> 0 | K97: 473 | L97: =ROUND(E97*K97,0) -> 0
F98: =SUM(F96:F97) -> 0 | H98: =SUM(H96:H97) -> 0 | J98: =SUM(J96:J97) -> 0 | L98: =SUM(L96:L97) -> 0
B99: ITEMS NO PREVISTO COMPLEMENTARIOS
A100: NP-32 | B100: Bordillo Concreto 3000 psi h=0.20, b= .12 | C100: ML | E100: 26267 | F100: =ROUND(D100*E100,0) -> 0 | G100: =IF(K100>D100,K100-D100,0) -> 53.1 | H100: =ROUND(E100*G100,0) -> 1394778 | I100: 0 | J100: =ROUND(I100*E100,0) -> 0 | K100: 53.1 | L100: =ROUND(E100*K100,0) -> 1394778
F101: =SUM(F100) -> 0 | H101: =SUM(H100) -> 1394778 | J101: =SUM(J100) -> 0 | L101: =SUM(L100) -> 1394778 | O101: =H81+H90 -> 59936379 | P101: =O101*1.35 -> 80914112
O102: =O101/D112 -> 0.028160375
A103: VALOR TOTAL COSTOS DIRECTOS DEL PROYECTO | F103: =F53+F46+F41+F36+F32+F28+F24+F68+F71+F81+F90+F94+F98+F101 -> 1576588290 | H103: =H53+H46+H41+H36+H32+H28+H24+H68+H71+H81+H90+H94+H98+H101 -> 173471325 | J103: =J53+J46+J41+J36+J32+J28+J24+J68+J71+J81+J90+J94+J98+J101 -> 150039675 | L103: =L53+L46+L41+L36+L32+L28+L24+L68+L71+L81+L90+L94+L98+L101 -> 1600019940
A105: TOTAL COSTO DIRECTO DEL PROYECTO | F105: =F103 -> 1576588290 | H105: =H103 -> 173471325 | J105: =J103 -> 150039675 | L105: =L103 -> 1600019940 | N105: =F105-L105 -> -23431650 | O105: 26898893
...

Sheet MOD-OP-2
C1: CONTRATO No : 096 DE 2015 | G1: VALOR INICIAL DEL CONTRATO: | J1: FECHA DE LA PRESENTE ACTA:
C2: OBJETO: | G2: 2128394192 | J2: 09 DE JULIO DE 2015
C3: MEJORAMIENTO Y ADECUACION DE VIAS EN CONCRETO RIGIDO EN OBRAS COMPLEMENTARIAS PARA EL CENTRO POBLADO DE CHICHIMENE DEL MUNICIPIO DE ACACIAS. | G3: VALOR ANTICIPO: | J3: PORCENTAJE DE LA PRESENTE ACTA:
G5: VALOR ADICIONAL: | J5: VALOR PRESENTE ACTA:
G7: VALOR ANTICIPO ADICIONAL | J7: VALOR A AMORTIZAR PRESENTE ACTA
G9: VALOR ACTUAL DEL CONTRATO: | J9: PORCENTAJE TOTAL EJECUTADO:
A10: DEPARTAMENTO DEL META | C10: CONTRATISTA: CONSORCIO 2015 CHICHIMENE R/L ANA ELVIA CARRANZA ACOSTA | G10: =D117 -> 2128393951
A11: MUNICIPIO DE ACACIAS | G11: VALOR ACTA DE RECIBO PARCIAL | J11: ESTADO: EN EJECUCION
A12: SECRETARIA DE INFRAESTRUCTURA | C12: INTERVENTOR : B&C DISEÑOS Y CONSTRUCCIONES R/L RICARDO ANTONIO MEJIA OSORIO
A13: ACTA MODIFICATORIA No 01 | G13: VALOR AMORTIZADO PARCIAL
C14: SUPERVISOR: SECRETARIA DE INFRAESTRUCTURA
A16: En el Municipio de Acacias - Meta, a a los NUEVE (09) dias del mes de JULIO del año 2015, se reunieron: la Ingeniera Ana Elvia Carranza Acosta Representante legal de la Consorcio 2015 Chichimene, Contratista, el Ingeniero Jimmy Andres Torres Castro Secretario de Infraestructura, Ricardo Antonio Mejia Osorio como Representante legal de la Interventoria contratada, para dejar constancia de la presente Acta Modificatoria No. 1, para lo cual se hace necesario realizar el siguiente analisis:
A17: CONDICIONES CONTRACTUALES INICIALES | G17: MAYORES CANTIDADES | I17: MENORES CANTIDADES | K17: CANTIDADES ACTUALIZADAS
A18: ITEM | B18: DESCRIPCION | C18: UND | D18: CANT | E18: V.UNITARIO | F18: V.TOTAL | G18: CANT | H18: VALOR | I18: CANT. | J18: VALOR | K18: CANT | L18: VALOR
A19: MEJORAMIENTO DE VIAS CENTRO POBLADO DE CHICHIMENE
A20: 1 | B20: PRELIMINARES
A21: 1.1 | B21: TOPOGRAFIA DE VIAS. Incl. Localizacion y Replanteo | C21: ML | D21: 1294.5 | E21: 2970 | F21: =ROUND(D21*E21,0) -> 3844665 | G21: =IF(K21>D21,K21-D21,0) -> 0 | H21: =ROUND(E21*G21,0) -> 0 | I21: =IF(D21>K21,D21-K21,0) -> 66.03 | J21: =ROUND(I21*E21,0) -> 196109 | K21: 1228.47 | L21: =ROUND(E21*K21,0) -> 3648556
A22: 1.2 | B22: LOCALIZACION Y REPL. DE SARDINEL (Incl. Cartera y plano) | C22: ML | D22: 2589 | E22: 3057 | F22: =ROUND(D22*E22,0) -> 7914573 | G22: =IF(K22>D22,K22-D22,0) -> 0 | H22: =ROUND(E22*G22,0) -> 0 | I22: =IF(D22>K22,D22-K22,0) -> 222.24 | J22: =ROUND(I22*E22,0) -> 679388 | K22: 2366.76 | L22: =ROUND(E22*K22,0) -> 7235185
A23: 1.3 | B23: RENIVELACION Y COMPACTACION DE LA BANCA EXISTENTE DE 6 A 8 M INC TRANS | C23: KM | D23: 1.29 | E23: 1478476 | F23: =ROUND(D23*E23,0) -> 1907234 | G23: =IF(K23>D23,K23-D23,0) -> 0 | H23: =ROUND(E23*G23,0) -> 0 | I23: =IF(D23>K23,D23-K23,0) -> 1.29 | J23: =ROUND(I23*E23,0) -> 1907234 | K23: 0 | L23: =ROUND(E23*K23,0) -> 0
F24: =SUM(F21:F23) -> 13666472 | H24: =SUM(H21:H23) -> 0 | J24: =SUM(J21:J23) -> 2782731 | L24: =SUM(L21:L23) -> 10883741
A25: 2 | B25: DEMOLICION
B26: DEMOLICION CONCRETO SIMPLE INC. Cargue manual 5 km | C26: M3 | D26: 12 | E26: 209569 | F26: =ROUND(D26*E26,0) -> 2514828 | G26: =IF(K26>D26,K26-D26,0) -> 49.41 | H26: =ROUND(E26*G26,0) -> 10354804 | I26: =IF(D26>K26,D26-K26,0) -> 0 | J26: =ROUND(I26*E26,0) -> 0 | K26: 61.41 | L26: =ROUND(E26*K26,0) -> 12869632
F27: =ROUND(D27*E27,0) -> 0
F28: =SUM(F26:F27) -> 2514828 | H28: =SUM(H26:H27) -> 10354804 | J28: =SUM(J26:J27) -> 0 | L28: =SUM(L26:L27) -> 12869632
A29: 3 | B29: EXCAVACIONES
A30: 3.1 | B30: EXCAV. MECAN INC. RETIRO DE SOBRANTE (xa caja de via) | C30: M3 | D30: 4185.45 | E30: 19763 | F30: =ROUND(D30*E30,0) -> 82717048 | G30: =IF(K30>D30,K30-D30,0) -> 42.47 | H30: =ROUND(E30*G30,0) -> 839335 | I30: =IF(D30>K30,D30-K30,0) -> 0 | J30: =ROUND(I30*E30,0) -> 0 | K30: 4227.92 | L30: =ROUND(E30*K30,0) -> 83556383
A31: 3.2 | B31: EXCAV. SECAS CONGLOMERADO MANUAL. Incl. Retiro 5 kms | C31: M3 | D31: 516.35 | E31: 52187 | F31: =ROUND(D31*E31,0) -> 26946757 | G31: =IF(K31>D31,K31-D31,0) -> 0 | H31: =ROUND(E31*G31,0) -> 0 | I31: =IF(D31>K31,D31-K31,0) -> 40.41 | J31: =ROUND(I31*E31,0) -> 2108877 | K31: 475.94 | L31: =ROUND(E31*K31,0) -> 24837881 | N31: 401.23 | O31: =N31-K31 -> -74.71 | P31: =O31*E30 -> -1476493.7
F32: =SUM(F30:F31) -> 109663805 | H32: =SUM(H30:H31) -> 839335 | J32: =SUM(J30:J31) -> 2108877 | L32: =SUM(L30:L31) -> 108394264
A33: 4 | B33: RELLENOS
A34: 4.1 | B34: RELLENO MATERIAL T. MAX. 2" COMP. MECAN. Selecc rio | C34: M3 | D34: 211.74 | E34: 31353 | F34: =ROUND(D34*E34,0) -> 6638684 | G34: =IF(K34>D34,K34-D34,0) -> 0 | H34: =ROUND(E34*G34,0) -> 0 | I34: =IF(D34>K34,D34-K34,0) -> 6.89 | J34: =ROUND(I34*E34,0) -> 216022 | K34: 204.85 | L34: =ROUND(E34*K34,0) -> 6422662 | N34: 204.89 | O34: =N34-K34 -> 0.04 | P34: =O34*E34 -> 1254.12
A35: 4.2 | B35: SUB-BASE GRAN. RIO SELEC. T. MAX. 2" Inc. Transp 5 km | C35: M3 | D35: 1486.4 | E35: 59142 | F35: =ROUND(D35*E35,0) -> 87908669 | G35: =IF(K35>D35,K35-D35,0) -> 0 | H35: =ROUND(E35*G35,0) -> 0 | I35: =IF(D35>K35,D35-K35,0) -> 79.2 | J35: =ROUND(I35*E35,0) -> 4684046 | K35: 1407.2 | L35: =ROUND(E35*K35,0) -> 83224622
F36: =SUM(F34:F35) -> 94547353 | H36: =SUM(H34:H35) -> 0 | J36: =SUM(J34:J35) -> 4900068 | L36: =SUM(L34:L35) -> 89647284
A37: 5 | B37: PAVIMENTOS RIGIDOS
A38: 5.1 | B38: PAVIMENTO CONCRETO MR= 3,8 Inc transporte 5 kms | C38: M3 | D38: 1486.4 | E38: 666008 | F38: =ROUND(D38*E38,0) -> 989954291 | G38: =IF(K38>D38,K38-D38,0) -> 0 | H38: =ROUND(E38*G38,0) -> 0 | I38: =IF(D38>K38,D38-K38,0) -> 83.6 | J38: =ROUND(I38*E38,0) -> 55678269 | K38: 1402.8 | L38: =ROUND(E38*K38,0) -> 934276022 | N38: 1402.8 | O38: =N38-K38 -> 0 | P38: =O38*E38 -> 0
A39: 5.2 | B39: ACERO REFUERZO FIGURADO 412Mpa, ( 4200 KG/CM2, G60) | C39: KG | D39: 10000 | E39: 4005 | F39: =ROUND(D39*E39,0) -> 40050000 | G39: =IF(K39>D39,K39-D39,0) -> 0 | H39: =ROUND(E39*G39,0) -> 0 | I39: =IF(D39>K39,D39-K39,0) -> 3874.84 | J39: =ROUND(I39*E39,0) -> 15518734 | K39: 6125.16 | L39: =ROUND(E39*K39,0) -> 24531266 | N39: 6123.52 | O39: =N39-K39 -> -1.64 | P39: =O39*E39 -> -6568.2
A40: 5.3 | B40: SARDINEL PREFAB BLOQUE CEMENTO A-10 SENCILLO | C40: ML | D40: 2589 | E40: 56280 | F40: =ROUND(D40*E40,0) -> 145708920 | G40: =IF(K40>D40,K40-D40,0) -> 0 | H40: =ROUND(E40*G40,0) -> 0 | I40: =IF(D40>K40,D40-K40,0) -> 748.42 | J40: =ROUND(I40*E40,0) -> 42121078 | K40: 1840.58 | L40: =ROUND(E40*K40,0) -> 103587842 | N40: 133201253 | O40: 2366.76 | P40: =O40*0.6 -> 1420.056 | Q40: A-10 | R40: =O40-P40 -> 946.704 | S40: =R40/15 -> 63.1136
F41: =SUM(F38:F40) -> 1175713211 | H41: =SUM(H38:H40) -> 0 | J41: =SUM(J38:J40) -> 113318081 | L41: =SUM(L38:L40) -> 1062395130 | P41: =O40*0.25 -> 591.69 | Q41: A-85
A42: 6 | B42: SEÑALIZACION | P42: =O40*0.15 -> 355.014 | Q42: A-100
A43: 6.1 | B43: LINEA DEMAR. VIAL PINTURA FRIA, e= 0,12m, Inc Microesf | C43: ML | D43: 3883.5 | E43: 2973 | F43: =ROUND(D43*E43,0) -> 11545646 | G43: =IF(K43>D43,K43-D43,0) -> 0 | H43: =ROUND(E43*G43,0) -> 0 | I43: =IF(D43>K43,D43-K43,0) -> 1481.74 | J43: =ROUND(I43*E43,0) -> 4405213 | K43: 2401.76 | L43: =ROUND(E43*K43,0) -> 7140432
A44: 6.2 | B44: LINEA DEMAR. VIAL PINTURA FRIA, e= 0,4m, Inc Microesf | C44: ML | D44: 348 | E44: 8919 | F44: =ROUND(D44*E44,0) -> 3103812 | G44: =IF(K44>D44,K44-D44,0) -> 0 | H44: =ROUND(E44*G44,0) -> 0 | I44: =IF(D44>K44,D44-K44,0) -> 208.97 | J44: =ROUND(I44*E44,0) -> 1863803 | K44: 139.03 | L44: =ROUND(E44*K44,0) -> 1240009
A45: 6.3 | B45: SEÑALIZACION VERTICAL. 0.60X0.60CM Inc post | C45: UND | D45: 19 | E45: 209715 | F45: =ROUND(D45*E45,0) -> 3984585 | G45: =IF(K45>D45,K45-D45,0) -> 0 | H45: =ROUND(E45*G45,0) -> 0 | I45: =IF(D45>K45,D45-K45,0) -> 7 | J45: =ROUND(I45*E45,0) -> 1468005 | K45: 12 | L45: =ROUND(E45*K45,0) -> 2516580
F46: =SUM(F43:F45) -> 18634043 | H46: =SUM(H43:H45) -> 0 | J46: =SUM(J43:J45) -> 7737021 | L46: =SUM(L43:L45) -> 10897021
A47: 7 | B47: COMPLEMENTARIOS
A48: 7.1 | B48: ANDEN CONCRETO 20,7 Mpa (3000 psi) e=0.07 MTS | C48: M2 | D48: 1553.4 | E48: 45125 | F48: =ROUND(D48*E48,0) -> 70097175 | G48: =IF(K48>D48,K48-D48,0) -> 11.62 | H48: =ROUND(E48*G48,0) -> 524352 | I48: =IF(D48>K48,D48-K48,0) -> 0 | J48: =ROUND(I48*E48,0) -> 0 | K48: 1565.02 | L48: =ROUND(E48*K48,0) -> 70621528 | N48: =L115 -> 0
A49: 7.2 | B49: SOBREACARREO MATERIAL, 20% compacta. | C49: M3-KM | D49: 47768.1 | E49: 1133 | F49: =ROUND(D49*E49,0) -> 54121257 | G49: =IF(K49>D49,K49-D49,0) -> 0 | H49: =ROUND(E49*G49,0) -> 0 | I49: =IF(D49>K49,D49-K49,0) -> 33696.16 | J49: =ROUND(I49*E49,0) -> 38177749 | K49: 14071.94 | L49: =ROUND(E49*K49,0) -> 15943508
A50: 7.3 | B50: Acometida domic. Acued. 3x1/2" (inc. Sumin. E instal. Manguera 10m, accesorios, registro corte y cajilla) | C50: UND | D50: 90 | E50: 131673 | F50: =ROUND(D50*E50,0) -> 11850570 | G50: =IF(K50>D50,K50-D50,0) -> 0 | H50: =ROUND(E50*G50,0) -> 0 | I50: =IF(D50>K50,D50-K50,0) -> 90 | J50: =ROUND(I50*E50,0) -> 11850570 | K50: 0 | L50: =ROUND(E50*K50,0) -> 0 | N50: =N115 -> 241
A51: 7.4 | B51: Sumidero agua lluvias en concreto 3000PSI reforzado elab. Obra, e=0,20m, secc 0.5X0,6m, rejilla en perfil U 3x1. 1/2x1/4" | C51: ML | D51: 18 | E51: 1245000 | F51: =ROUND(D51*E51,0) -> 22410000 | G51: =IF(K51>D51,K51-D51,0) -> 0 | H51: =ROUND(E51*G51,0) -> 0 | I51: =IF(D51>K51,D51-K51,0) -> 18 | J51: =ROUND(I51*E51,0) -> 22410000 | K51: 0 | L51: =ROUND(E51*K51,0) -> 0 | O51: =N51*11 -> 0 | P51: =L51-O51 -> 0
A52: 7.5 | B52: Suministro e instalacion de tuberia PVC unión mecanica para alcantarillados 8" (inc. Nivelacion de precision) | C52: ML | D52: 56 | E52: 60171 | F52: =ROUND(D52*E52,0) -> 3369576 | G52: =IF(K52>D52,K52-D52,0) -> 147.33 | H52: =ROUND(E52*G52,0) -> 8864993 | I52: =IF(D52>K52,D52-K52,0) -> 0 | J52: =ROUND(I52*E52,0) -> 0 | K52: 203.33 | L52: =ROUND(E52*K52,0) -> 12234569
F53: =SUM(F48:F52) -> 161848578 | H53: =SUM(H48:H52) -> 9389345 | J53: =SUM(J48:J52) -> 72438319 | L53: =SUM(L48:L52) -> 98799605
B54: ITEMS NO PREVISTOS PRESENTE ACTA
B55: ITEMS NO PREVISTOS MEJORAMIENTO DEL LAS REDES SANITARIAS
A56: NP-1 | B56: EXCAVACION MECANICA < 3 ML | C56: M3 | D56: ='MOD-1'!D233+'MOD-1'!D589+'MOD-1'!D644 -> 0 | E56: 12899 | F56: =ROUND(D56*E56,0) -> 0 | G56: =IF(K56>D56,K56-D56,0) -> 163.68 | H56: =ROUND(E56*G56,0) -> 2111308 | I56: 0 | J56: =ROUND(I56*E56,0) -> 0 | K56: 163.68 | L56: =ROUND(E56*K56,0) -> 2111308
A57: NP-2 | B57: Suministro e instalación de Kit Silla Yee 8 x 6" de PVC para alcantarillados (incluye acondicionador y adhesivo) | C57: ML | D57: ='MOD-1'!D234+'MOD-1'!D590+'MOD-1'!D645 -> 0 | E57: 119378 | F57: =ROUND(D57*E57,0) -> 0 | G57: =IF(K57>D57,K57-D57,0) -> 9 | H57: =ROUND(E57*G57,0) -> 1074402 | I57: 0 | J57: =ROUND(I57*E57,0) -> 0 | K57: 9 | L57: =ROUND(E57*K57,0) -> 1074402
A58: NP-3 | B58: Suministro e instalación de tubería PVC unión mecánica para alcantarillados 6" (inc. nivelación de precisión) | C58: ML | E58: 31124 | F58: =ROUND(D58*E58,0) -> 0 | G58: =IF(K58>D58,K58-D58,0) -> 75 | H58: =ROUND(E58*G58,0) -> 2334300 | I58: 0 | J58: =ROUND(I58*E58,0) -> 0 | K58: 75 | L58: =ROUND(E58*K58,0) -> 2334300
A59: NP-4 | B59: Caja inspección 0.70x0.70m, concreto ref. 3000 PSI elab. obra, h=0.70m , e=0.07m (inc. excavación, formaleta 1/3 usos) | C59: UND | E59: 174313 | F59: =ROUND(D59*E59,0) -> 0 | G59: =IF(K59>D59,K59-D59,0) -> 9 | H59: =ROUND(E59*G59,0) -> 1568817 | I59: 0 | J59: =ROUND(I59*E59,0) -> 0 | K59: 9 | L59: =ROUND(E59*K59,0) -> 1568817
A60: NP-5 | B60: CILINDRO POZO INSPECCION D=1,20m (COCNRETO SIMPLE F´C= 21 Mpa ELAB. EN OBRA, e= 0,20m, INCLUYE ESCALERA GATO VAR. # 6) | C60: ML | D60: ='MOD-1'!D235+'MOD-1'!D591+'MOD-1'!D646 -> 0 | E60: 474275 | F60: =ROUND(D60*E60,0) -> 0 | G60: =IF(K60>D60,K60-D60,0) -> 6.6 | H60: =ROUND(E60*G60,0) -> 3130215 | I60: 0 | J60: =ROUND(I60*E60,0) -> 0 | K60: 6.6 | L60: =ROUND(E60*K60,0) -> 3130215
A61: NP-6 | B61: PLACA CIRCULAR CUBIERTA- POZO INSPECCION D=1,20m (COCNRETO F´C= 21 Mpa REFORZ, ELAB. EN OBRA, e=0,20m) | C61: UND | D61: ='MOD-1'!D236+'MOD-1'!D592+'MOD-1'!D647 -> 0 | E61: 492517 | F61: =ROUND(D61*E61,0) -> 0 | G61: =IF(K61>D61,K61-D61,0) -> 5 | H61: =ROUND(E61*G61,0) -> 2462585 | I61: 0 | J61: =ROUND(I61*E61,0) -> 0 | K61: 5 | L61: =ROUND(E61*K61,0) -> 2462585
A62: NP-7 | B62: PLACA CIRCULAR BASE- POZO INSPECCION D=1,20m (COCNRETO F´C= 28 Mpa REFORZ, ELAB. EN OBRA, e=0,20m) | C62: UND | D62: ='MOD-1'!D237+'MOD-1'!D593+'MOD-1'!D648 -> 0 | E62: 424400 | F62: =ROUND(D62*E62,0) -> 0 | G62: =IF(K62>D62,K62-D62,0) -> 5 | H62: =ROUND(E62*G62,0) -> 2122000 | I62: 0 | J62: =ROUND(I62*E62,0) -> 0 | K62: 5 | L62: =ROUND(E62*K62,0) -> 2122000
A63: NP-8 | B63: CAÑUELA POZO INSPECCION PARA TUBERIA ENTRE 8" Y 12" (CONCRETO F´C=28 Mpa ELAB. EN OBRA.) | C63: UND | D63: ='MOD-1'!D238+'MOD-1'!D594+'MOD-1'!D649 -> 0 | E63: 119328 | F63: =ROUND(D63*E63,0) -> 0 | G63: =IF(K63>D63,K63-D63,0) -> 5 | H63: =ROUND(E63*G63,0) -> 596640 | I63: 0 | J63: =ROUND(I63*E63,0) -> 0 | K63: 5 | L63: =ROUND(E63*K63,0) -> 596640
A64: NP-9 | B64: ARENA PARA BASE DE TUBERIA (INCLUYE EXTENDIDA Y COMPACTADA) | C64: M3 | D64: ='MOD-1'!D239+'MOD-1'!D595+'MOD-1'!D650 -> 0 | E64: 37830 | F64: =ROUND(D64*E64,0) -> 0 | G64: =IF(K64>D64,K64-D64,0) -> 133.99 | H64: =ROUND(E64*G64,0) -> 5068842 | I64: 0 | J64: =ROUND(I64*E64,0) -> 0 | K64: 133.99 | L64: =ROUND(E64*K64,0) -> 5068842
A65: NP-10 | B65: RETIRO DE SOBRANTES <= 5 KM. INCL. CARGUE MANUAL | C65: M3 | D65: ='MOD-1'!D240+'MOD-1'!D596+'MOD-1'!D651 -> 0 | E65: 13834 | F65: =ROUND(D65*E65,0) -> 0 | G65: =IF(K65>D65,K65-D65,0) -> 163.68 | H65: =ROUND(E65*G65,0) -> 2264349 | I65: 0 | J65: =ROUND(I65*E65,0) -> 0 | K65: 163.68 | L65: =ROUND(E65*K65,0) -> 2264349
A66: NP-11 | B66: RELLENO DE MATERIAL SELECCIONADO TAMAÑO MAX. 3" | C66: M3 | D66: ='MOD-1'!D241+'MOD-1'!D597+'MOD-1'!D652 -> 0 | E66: 29218 | F66: =ROUND(D66*E66,0) -> 0 | G66: =IF(K66>D66,K66-D66,0) -> 544.58 | H66: =ROUND(E66*G66,0) -> 15911538 | I66: 0 | J66: =ROUND(I66*E66,0) -> 0 | K66: 544.58 | L66: =ROUND(E66*K66,0) -> 15911538 | N66: 8174714.8 | O66: =N66/E66 -> 279.78352
A67: NP-12 | B67: MANEJO DE AGUAS EN EXCAVACIONES (INCLUYE 2 MOTOBOMBAS 3" Y 2 MOTOBOMBAS 4") | C67: MES | D67: ='MOD-1'!D242+'MOD-1'!D598+'MOD-1'!D653 -> 0 | E67: 8436787 | F67: =ROUND(D67*E67,0) -> 0 | G67: =IF(K67>D67,K67-D67,0) -> 1 | H67: =ROUND(E67*G67,0) -> 8436787 | I67: 0 | J67: =ROUND(I67*E67,0) -> 0 | K67: 1 | L67: =ROUND(E67*K67,0) -> 8436787
F68: =SUM(F56:F67) -> 0 | H68: =SUM(H56:H67) -> 47081783 | J68: =SUM(J56:J67) -> 0 | L68: =SUM(L56:L67) -> 47081783
B69: ITEMS NO PREVISTO MEJORAMIENTO SISTEMA DE ACUEDUCTO
A70: NP-13 | B70: Suministro e Instalacion tuberia PVC extremos lisos para acueducto - Presión Trab. 200PSI - 1" (Incl. Union e instal. Acces.) | C70: ML | E70: 5132 | F70: =ROUND(D70*E70,0) -> 0 | G70: =IF(K70>D70,K70-D70,0) -> 1000 | H70: =ROUND(E70*G70,0) -> 5132000 | I70: 0 | J70: =ROUND(I70*E70,0) -> 0 | K70: 1000 | L70: =ROUND(E70*K70,0) -> 5132000
F71: =SUM(F70) -> 0 | H71: =SUM(H70) -> 5132000 | J71: =SUM(J70) -> 0 | L71: =SUM(L70) -> 5132000
B72: ITEMS NO PREVISTO REDES ELECTRICAS
B73: REDES ELECTRICAS BAJA TENSION
A74: NP-14 | B74: DESMONTE Y MONTAJE DE RED EN BAJA TENSION | C74: ML | D74: 0 | E74: 23651 | F74: =ROUND(D74*E74,0) -> 0 | G74: =IF(K74>D74,K74-D74,0) -> 1228.47 | H74: =ROUND(E74*G74,0) -> 29054544 | I74: 0 | J74: =ROUND(I74*E74,0) -> 0 | K74: 1228.47 | L74: =ROUND(E74*K74,0) -> 29054544
A75: NP-15 | B75: DESMONTE Y MONTAJE DE LUMINARIAS EXISTENTES | C75: UN | D75: 0 | E75: 121004 | F75: =ROUND(D75*E75,0) -> 0 | G75: =IF(K75>D75,K75-D75,0) -> 20 | H75: =ROUND(E75*G75,0) -> 2420080 | I75: 0 | J75: =ROUND(I75*E75,0) -> 0 | K75: 20 | L75: =ROUND(E75*K75,0) -> 2420080
A76: NP-16 | B76: DESMONTE Y MONTAJE DE ESTRUCTURAS DE BAJA TENSION CON PERCHA DE 5 PUESTOS | C76: UN | D76: 0 | E76: 121004 | F76: =ROUND(D76*E76,0) -> 0 | G76: =IF(K76>D76,K76-D76,0) -> 24 | H76: =ROUND(E76*G76,0) -> 2904096 | I76: 0 | J76: =ROUND(I76*E76,0) -> 0 | K76: 24 | L76: =ROUND(E76*K76,0) -> 2904096
A77: NP-17 | B77: TRASLADO DE POSTE DE CONCRETO DE 8 METROS | C77: UN | D77: 0 | E77: 260506 | F77: =ROUND(D77*E77,0) -> 0 | G77: =IF(K77>D77,K77-D77,0) -> 20 | H77: =ROUND(E77*G77,0) -> 5210120 | I77: 0 | J77: =ROUND(I77*E77,0) -> 0 | K77: 20 | L77: =ROUND(E77*K77,0) -> 5210120
A78: NP-18 | B78: SUMINISTRO E INSTALACION DE POSTE DE CONCRETO 8 METROS 1050 KGF | C78: UN | D78: 0 | E78: 764571 | F78: =ROUND(D78*E78,0) -> 0 | G78: =IF(K78>D78,K78-D78,0) -> 4 | H78: =ROUND(E78*G78,0) -> 3058284 | I78: 0 | J78: =ROUND(I78*E78,0) -> 0 | K78: 4 | L78: =ROUND(E78*K78,0) -> 3058284
A79: NP-19 | B79: RETIRO DE POSTE Y TRANSPORTE A ALMACEN DE MUNICIPIO | C79: UN | D79: 0 | E79: 446092 | F79: =ROUND(D79*E79,0) -> 0 | G79: =IF(K79>D79,K79-D79,0) -> 8 | H79: =ROUND(E79*G79,0) -> 3568736 | I79: 0 | J79: =ROUND(I79*E79,0) -> 0 | K79: 8 | L79: =ROUND(E79*K79,0) -> 3568736
A80: NP-20 | B80: TRASLADO DE PUESTA A TIERRA EN TERMIANLES DE BAJA TENSION | C80: UN | D80: 0 | E80: 121004 | F80: =ROUND(D80*E80,0) -> 0 | G80: =IF(K80>D80,K80-D80,0) -> 4 | H80: =ROUND(E80*G80,0) -> 484016 | I80: 0 | J80: =ROUND(I80*E80,0) -> 0 | K80: 4 | L80: =ROUND(E80*K80,0) -> 484016
F81: =SUM(F74:F80) -> 0 | H81: =SUM(H74:H80) -> 46699876 | J81: =SUM(J74:J80) -> 0 | L81: =SUM(L74:L80) -> 46699876
B82: REDES ELECTRICAS MEDIO TENSION
A83: NP-21 | B83: DESMONTE DE RED EN MEDIA TENSION 2 HILOS | C83: ML | D83: 0 | E83: 10511 | F83: =ROUND(D83*E83,0) -> 0 | G83: =IF(K83>D83,K83-D83,0) -> 80 | H83: =ROUND(E83*G83,0) -> 840880 | I83: 0 | J83: =ROUND(I83*E83,0) -> 0 | K83: 80 | L83: =ROUND(E83*K83,0) -> 840880
A84: NP-22 | B84: DESMONTE Y MONTAJE DE ESTRUCTURA IPSE 710 | C84: UN | D84: 0 | E84: 291511 | F84: =ROUND(D84*E84,0) -> 0 | G84: =IF(K84>D84,K84-D84,0) -> 1 | H84: =ROUND(E84*G84,0) -> 291511 | I84: 0 | J84: =ROUND(I84*E84,0) -> 0 | K84: 1 | L84: =ROUND(E84*K84,0) -> 291511
A85: NP-23 | B85: DESMONTE Y MONTAJE DE ESTRUCTURA IPSE 514 | C85: UN | D85: 0 | E85: 291511 | F85: =ROUND(D85*E85,0) -> 0 | G85: =IF(K85>D85,K85-D85,0) -> 1 | H85: =ROUND(E85*G85,0) -> 291511 | I85: 0 | J85: =ROUND(I85*E85,0) -> 0 | K85: 1 | L85: =ROUND(E85*K85,0) -> 291511
A86: NP-24 | B86: DESMONTE Y MONTAJE DE TRANSFORMADOR MONOFASICO | C86: UN | D86: 0 | E86: 781028 | F86: =ROUND(D86*E86,0) -> 0 | G86: =IF(K86>D86,K86-D86,0) -> 1 | H86: =ROUND(E86*G86,0) -> 781028 | I86: 0 | J86: =ROUND(I86*E86,0) -> 0 | K86: 1 | L86: =ROUND(E86*K86,0) -> 781028
A87: NP-25 | B87: TRASLADO DE POSTE DE CONCRETO DE 12 METROS | C87: UN | D87: 0 | E87: 280506 | F87: =ROUND(D87*E87,0) -> 0 | G87: =IF(K87>D87,K87-D87,0) -> 1 | H87: =ROUND(E87*G87,0) -> 280506 | I87: 0 | J87: =ROUND(I87*E87,0) -> 0 | K87: 1 | L87: =ROUND(E87*K87,0) -> 280506
A88: NP-26 | B88: MONTAJE DE RED EN MEDIA TENSION BIFILAR, INCLUYE ALARGUE DE 20 METROS DE CONDUCTOR ACSR 2 | C88: GBL | D88: 0 | E88: 946034 | F88: =ROUND(D88*E88,0) -> 0 | G88: =IF(K88>D88,K88-D88,0) -> 1 | H88: =ROUND(E88*G88,0) -> 946034 | I88: 0 | J88: =ROUND(I88*E88,0) -> 0 | K88: 1 | L88: =ROUND(E88*K88,0) -> 946034
A89: NP-27 | B89: TRASLADO DE SISTEMA DE PUESTA A TIERRA PARA TRANSFORMADOR | C89: UN | D89: 0 | E89: 121004 | F89: =ROUND(D89*E89,0) -> 0 | G89: =IF(K89>D89,K89-D89,0) -> 1 | H89: =ROUND(E89*G89,0) -> 121004 | I89: 0 | J89: =ROUND(I89*E89,0) -> 0 | K89: 1 | L89: =ROUND(E89*K89,0) -> 121004
F90: =SUM(F83:F89) -> 0 | H90: =SUM(H83:H89) -> 3552474 | J90: =SUM(J83:J89) -> 0 | L90: =SUM(L83:L89) -> 3552474
B91: ITEMS NO PREVISTO SEÑALIZACION
A92: NP-28 | B92: Reductor de Velocidad (Plastico). Incluye una Fila de Tachas reflectivas | C92: ML | D92: 0 | E92: 337334 | F92: =ROUND(D92*E92,0) -> 0 | G92: =IF(K92>D92,K92-D92,0) -> 11 | H92: =ROUND(E92*G92,0) -> 3710674 | I92: 0 | J92: =ROUND(I92*E92,0) -> 0 | K92: 11 | L92: =ROUND(E92*K92,0) -> 3710674
A93: NP-29 | B93: Hitos Plasticos Reflectivos | C93: UND | D93: 0 | E93: 67556 | F93: =ROUND(D93*E93,0) -> 0 | G93: =IF(K93>D93,K93-D93,0) -> 11 | H93: =ROUND(E93*G93,0) -> 743116 | I93: 0 | J93: =ROUND(I93*E93,0) -> 0 | K93: 11 | L93: =ROUND(E93*K93,0) -> 743116
F94: =SUM(F92:F93) -> 0 | H94: =SUM(H92:H93) -> 4453790 | J94: =SUM(J92:J93) -> 0 | L94: =SUM(L92:L93) -> 4453790
B95: ITEMS NO PREVISTOS PAVIMENTO RIGIDO
A96: NP-30 | B96: Sardinel Prefabricado Bloque cemento A-85 | C96: ML | E96: 47857 | F96: =ROUND(D96*E96,0) -> 0 | G96: =IF(K96>D96,K96-D96,0) -> 591.69 | H96: =ROUND(E96*G96,0) -> 28316508 | I96: 0 | J96: =ROUND(I96*E96,0) -> 0 | K96: 591.69 | L96: =ROUND(E96*K96,0) -> 28316508
A97: NP-31 | B97: Sardinel Prefabricado Bloque Cemento A-100 | C97: UND | E97: 42899 | F97: =ROUND(D97*E97,0) -> 0 | G97: =IF(K97>D97,K97-D97,0) -> 355 | H97: =ROUND(E97*G97,0) -> 15229145 | I97: 0 | J97: =ROUND(I97*E97,0) -> 0 | K97: 355 | L97: =ROUND(E97*K97,0) -> 15229145
F98: =SUM(F96:F97) -> 0 | H98: =SUM(H96:H97) -> 43545653 | J98: =SUM(J96:J97) -> 0 | L98: =SUM(L96:L97) -> 43545653
B99: ITEMS NO PREVISTO COMPLEMENTARIOS
A100: NP-32 | B100: Bordillo Concreto 3000 psi h=0.20, b= .12 | C100: ML | E100: 26267 | F100: =ROUND(D100*E100,0) -> 0 | G100: =IF(K100>D100,K100-D100,0) -> 53.1 | H100: =ROUND(E100*G100,0) -> 1394778 | I100: 0 | J100: =ROUND(I100*E100,0) -> 0 | K100: 53.1 | L100: =ROUND(E100*K100,0) -> 1394778
A101: NP-33 | B101: Sumidero aguas lluvias en concreto 3000PSI reforzado elab. obra, e=0.20m, sec 1.0*1.0m, rejilla en perfil U 3x1.1/2x1/4" | C101: ML | E101: 1196003 | F101: =ROUND(D101*E101,0) -> 0 | G101: =IF(K101>D101,K101-D101,0) -> 14 | H101: =ROUND(E101*G101,0) -> 16744042 | I101: 0 | J101: =ROUND(I101*E101,0) -> 0 | K101: 14 | L101: =ROUND(E101*K101,0) -> 16744042
A102: NP-34 | B102: Realce y nivelacion de pozos y sumideros de inspeccion AN/ALL | C102: UND | E102: 427183 | F102: =ROUND(D102*E102,0) -> 0 | G102: 33 | H102: =ROUND(E102*G102,0) -> 14097039 | I102: 0 | J102: =ROUND(I102*E102,0) -> 0 | K102: 33 | L102: =ROUND(E102*K102,0) -> 14097039
F103: =SUM(F100:F101) -> 0 | H103: =SUM(H100:H102) -> 32235859 | J103: =SUM(J100:J101) -> 0 | L103: =SUM(L100:L102) -> 32235859 | O103: =H81+H90 -> 50252350 | P103: =O103*1.35 -> 67840672
O104: =O103/D114 -> 0.023610453
...

Sheet MOD-OP-2 (PRIMERA PROYECCION)
C1: CONTRATO No : 096 DE 2015 | G1: VALOR INICIAL DEL CONTRATO: | J1: FECHA DE LA PRESENTE ACTA:
C2: OBJETO: | G2: 2128394192 | J2: 09 DE JULIO DE 2015
C3: MEJORAMIENTO Y ADECUACION DE VIAS EN CONCRETO RIGIDO EN OBRAS COMPLEMENTARIAS PARA EL CENTRO POBLADO DE CHICHIMENE DEL MUNICIPIO DE ACACIAS. | G3: VALOR ANTICIPO: | J3: PORCENTAJE DE LA PRESENTE ACTA:
G4: =G2/2 -> 1064197096
G5: VALOR ADICIONAL: | J5: VALOR PRESENTE ACTA:
G7: VALOR ANTICIPO ADICIONAL | J7: VALOR A AMORTIZAR PRESENTE ACTA
G9: VALOR ACTUAL DEL CONTRATO: | J9: PORCENTAJE TOTAL EJECUTADO:
A10: DEPARTAMENTO DEL META | C10: CONTRATISTA: CONSORCIO 2015 CHICHIMENE R/L ANA ELVIA CARRANZA ACOSTA | G10: =D117 -> 2129926301
A11: MUNICIPIO DE ACACIAS | G11: VALOR ACTA DE RECIBO PARCIAL | J11: ESTADO: EN EJECUCION
A12: SECRETARIA DE INFRAESTRUCTURA | C12: INTERVENTOR : B&C DISEÑOS Y CONSTRUCCIONES R/L RICARDO ANTONIO MEJIA OSORIO
A13: ACTA MODIFICATORIA No 01 | G13: VALOR AMORTIZADO PARCIAL
C14: SUPERVISOR: SECRETARIA DE INFRAESTRUCTURA
A16: En el Municipio de Acacias - Meta, a a los NUEVE (09) dias del mes de JULIO del año 2015, se reunieron: la Ingeniera Ana Elvia Carranza Acosta Representante legal de la Consorcio 2015 Chichimene, Contratista, el Ingeniero Jimmy Andres Torres Castro Secretario de Infraestructura, Ricardo Antonio Mejia Osorio como Representante legal de la Interventoria contratada, para dejar constancia de la presente Acta Modificatoria No. 1, para lo cual se hace necesario realizar el siguiente analisis:
A17: CONDICIONES CONTRACTUALES INICIALES | G17: MAYORES CANTIDADES | I17: MENORES CANTIDADES | K17: CANTIDADES ACTUALIZADAS
A18: ITEM | B18: DESCRIPCION | C18: UND | D18: CANT | E18: V.UNITARIO | F18: V.TOTAL | G18: CANT | H18: VALOR | I18: CANT. | J18: VALOR | K18: CANT | L18: VALOR
A19: MEJORAMIENTO DE VIAS CENTRO POBLADO DE CHICHIMENE
A20: 1 | B20: PRELIMINARES
A21: 1.1 | B21: TOPOGRAFIA DE VIAS. Incl. Localizacion y Replanteo | C21: ML | D21: 1294.5 | E21: 2970 | F21: =ROUND(D21*E21,0) -> 3844665 | G21: =IF(K21>D21,K21-D21,0) -> 0 | H21: =ROUND(E21*G21,0) -> 0 | I21: =IF(D21>K21,D21-K21,0) -> 13.6 | J21: =ROUND(I21*E21,0) -> 40392 | K21: 1280.9 | L21: =ROUND(E21*K21,0) -> 3804273
A22: 1.2 | B22: LOCALIZACION Y REPL. DE SARDINEL (Incl. Cartera y plano) | C22: ML | D22: 2589 | E22: 3057 | F22: =ROUND(D22*E22,0) -> 7914573 | G22: =IF(K22>D22,K22-D22,0) -> 0 | H22: =ROUND(E22*G22,0) -> 0 | I22: =IF(D22>K22,D22-K22,0) -> 154.7 | J22: =ROUND(I22*E22,0) -> 472918 | K22: 2434.3 | L22: =ROUND(E22*K22,0) -> 7441655
A23: 1.3 | B23: RENIVELACION Y COMPACTACION DE LA BANCA EXISTENTE DE 6 A 8 M INC TRANS | C23: KM | D23: 1.29 | E23: 1478476 | F23: =ROUND(D23*E23,0) -> 1907234 | G23: =IF(K23>D23,K23-D23,0) -> 0 | H23: =ROUND(E23*G23,0) -> 0 | I23: =IF(D23>K23,D23-K23,0) -> 1.29 | J23: =ROUND(I23*E23,0) -> 1907234 | K23: 0 | L23: =ROUND(E23*K23,0) -> 0
F24: =SUM(F21:F23) -> 13666472 | H24: =SUM(H21:H23) -> 0 | J24: =SUM(J21:J23) -> 2420544 | L24: =SUM(L21:L23) -> 11245928
A25: 2 | B25: DEMOLICION
B26: DEMOLICION CONCRETO SIMPLE INC. Cargue manual 5 km | C26: M3 | D26: 12 | E26: 209569 | F26: =ROUND(D26*E26,0) -> 2514828 | G26: =IF(K26>D26,K26-D26,0) -> 64.84 | H26: =ROUND(E26*G26,0) -> 13588454 | I26: =IF(D26>K26,D26-K26,0) -> 0 | J26: =ROUND(I26*E26,0) -> 0 | K26: 76.84 | L26: =ROUND(E26*K26,0) -> 16103282
F27: =ROUND(D27*E27,0) -> 0
F28: =SUM(F26:F27) -> 2514828 | H28: =SUM(H26:H27) -> 13588454 | J28: =SUM(J26:J27) -> 0 | L28: =SUM(L26:L27) -> 16103282
A29: 3 | B29: EXCAVACIONES
A30: 3.1 | B30: EXCAV. MECAN INC. RETIRO DE SOBRANTE (xa caja de via) | C30: M3 | D30: 4185.45 | E30: 19763 | F30: =ROUND(D30*E30,0) -> 82717048 | G30: =IF(K30>D30,K30-D30,0) -> 473.03 | H30: =ROUND(E30*G30,0) -> 9348492 | I30: =IF(D30>K30,D30-K30,0) -> 0 | J30: =ROUND(I30*E30,0) -> 0 | K30: 4658.48 | L30: =ROUND(E30*K30,0) -> 92065540
A31: 3.2 | B31: EXCAV. SECAS CONGLOMERADO MANUAL. Incl. Retiro 5 kms | C31: M3 | D31: 516.35 | E31: 52187 | F31: =ROUND(D31*E31,0) -> 26946757 | G31: =IF(K31>D31,K31-D31,0) -> 0 | H31: =ROUND(E31*G31,0) -> 0 | I31: =IF(D31>K31,D31-K31,0) -> 60.69 | J31: =ROUND(I31*E31,0) -> 3167229 | K31: 455.66 | L31: =ROUND(E31*K31,0) -> 23779528 | N31: 401.23 | O31: =N31-K31 -> -54.43 | P31: =O31*E30 -> -1075700.1
F32: =SUM(F30:F31) -> 109663805 | H32: =SUM(H30:H31) -> 9348492 | J32: =SUM(J30:J31) -> 3167229 | L32: =SUM(L30:L31) -> 115845068
A33: 4 | B33: RELLENOS
A34: 4.1 | B34: RELLENO MATERIAL T. MAX. 2" COMP. MECAN. Selecc rio | C34: M3 | D34: 211.74 | E34: 31353 | F34: =ROUND(D34*E34,0) -> 6638684 | G34: =IF(K34>D34,K34-D34,0) -> 0 | H34: =ROUND(E34*G34,0) -> 0 | I34: =IF(D34>K34,D34-K34,0) -> 66.84 | J34: =ROUND(I34*E34,0) -> 2095635 | K34: 144.9 | L34: =ROUND(E34*K34,0) -> 4543050 | N34: 204.89 | O34: =N34-K34 -> 59.99 | P34: =O34*E34 -> 1880866.5
A35: 4.2 | B35: SUB-BASE GRAN. RIO SELEC. T. MAX. 2" Inc. Transp 5 km | C35: M3 | D35: 1486.4 | E35: 59142 | F35: =ROUND(D35*E35,0) -> 87908669 | G35: =IF(K35>D35,K35-D35,0) -> 0 | H35: =ROUND(E35*G35,0) -> 0 | I35: =IF(D35>K35,D35-K35,0) -> 69.76 | J35: =ROUND(I35*E35,0) -> 4125746 | K35: 1416.64 | L35: =ROUND(E35*K35,0) -> 83782923
F36: =SUM(F34:F35) -> 94547353 | H36: =SUM(H34:H35) -> 0 | J36: =SUM(J34:J35) -> 6221381 | L36: =SUM(L34:L35) -> 88325973
A37: 5 | B37: PAVIMENTOS RIGIDOS
A38: 5.1 | B38: PAVIMENTO CONCRETO MR= 3,8 Inc transporte 5 kms | C38: M3 | D38: 1486.4 | E38: 666008 | F38: =ROUND(D38*E38,0) -> 989954291 | G38: =IF(K38>D38,K38-D38,0) -> 0 | H38: =ROUND(E38*G38,0) -> 0 | I38: =IF(D38>K38,D38-K38,0) -> 74.16 | J38: =ROUND(I38*E38,0) -> 49391153 | K38: 1412.24 | L38: =ROUND(E38*K38,0) -> 940563138 | N38: 1402.8 | O38: =N38-K38 -> -9.44 | P38: =O38*E38 -> -6287115.5
A39: 5.2 | B39: ACERO REFUERZO FIGURADO 412Mpa, ( 4200 KG/CM2, G60) | C39: KG | D39: 10000 | E39: 4005 | F39: =ROUND(D39*E39,0) -> 40050000 | G39: =IF(K39>D39,K39-D39,0) -> 0 | H39: =ROUND(E39*G39,0) -> 0 | I39: =IF(D39>K39,D39-K39,0) -> 1695.38 | J39: =ROUND(I39*E39,0) -> 6789997 | K39: 8304.62 | L39: =ROUND(E39*K39,0) -> 33260003 | N39: 6123.52 | O39: =N39-K39 -> -2181.1 | P39: =O39*E39 -> -8735305.5
A40: 5.3 | B40: SARDINEL PREFAB BLOQUE CEMENTO A-10 SENCILLO | C40: ML | D40: 2589 | E40: 56280 | F40: =ROUND(D40*E40,0) -> 145708920 | G40: =IF(K40>D40,K40-D40,0) -> 0 | H40: =ROUND(E40*G40,0) -> 0 | I40: =IF(D40>K40,D40-K40,0) -> 987.06 | J40: =ROUND(I40*E40,0) -> 55551737 | K40: 1601.94 | L40: =ROUND(E40*K40,0) -> 90157183 | N40: 133201253 | O40: 2366.76 | P40: =O40*0.6 -> 1420.056 | Q40: A-10 | R40: =O40-P40 -> 946.704 | S40: =R40/15 -> 63.1136
F41: =SUM(F38:F40) -> 1175713211 | H41: =SUM(H38:H40) -> 0 | J41: =SUM(J38:J40) -> 111732887 | L41: =SUM(L38:L40) -> 1063980324 | P41: =O40*0.25 -> 591.69 | Q41: A-85
A42: 6 | B42: SEÑALIZACION | P42: =O40*0.15 -> 355.014 | Q42: A-100
A43: 6.1 | B43: LINEA DEMAR. VIAL PINTURA FRIA, e= 0,12m, Inc Microesf | C43: ML | D43: 3883.5 | E43: 2973 | F43: =ROUND(D43*E43,0) -> 11545646 | G43: =IF(K43>D43,K43-D43,0) -> 0 | H43: =ROUND(E43*G43,0) -> 0 | I43: =IF(D43>K43,D43-K43,0) -> 1481.74 | J43: =ROUND(I43*E43,0) -> 4405213 | K43: 2401.76 | L43: =ROUND(E43*K43,0) -> 7140432
A44: 6.2 | B44: LINEA DEMAR. VIAL PINTURA FRIA, e= 0,4m, Inc Microesf | C44: ML | D44: 348 | E44: 8919 | F44: =ROUND(D44*E44,0) -> 3103812 | G44: =IF(K44>D44,K44-D44,0) -> 0 | H44: =ROUND(E44*G44,0) -> 0 | I44: =IF(D44>K44,D44-K44,0) -> 208.97 | J44: =ROUND(I44*E44,0) -> 1863803 | K44: 139.03 | L44: =ROUND(E44*K44,0) -> 1240009
A45: 6.3 | B45: SEÑALIZACION VERTICAL. 0.60X0.60CM Inc post | C45: UND | D45: 19 | E45: 209715 | F45: =ROUND(D45*E45,0) -> 3984585 | G45: =IF(K45>D45,K45-D45,0) -> 0 | H45: =ROUND(E45*G45,0) -> 0 | I45: =IF(D45>K45,D45-K45,0) -> 7 | J45: =ROUND(I45*E45,0) -> 1468005 | K45: 12 | L45: =ROUND(E45*K45,0) -> 2516580
F46: =SUM(F43:F45) -> 18634043 | H46: =SUM(H43:H45) -> 0 | J46: =SUM(J43:J45) -> 7737021 | L46: =SUM(L43:L45) -> 10897021
A47: 7 | B47: COMPLEMENTARIOS
A48: 7.1 | B48: ANDEN CONCRETO 20,7 Mpa (3000 psi) e=0.07 MTS | C48: M2 | D48: 1553.4 | E48: 45125 | F48: =ROUND(D48*E48,0) -> 70097175 | G48: =IF(K48>D48,K48-D48,0) -> 0 | H48: =ROUND(E48*G48,0) -> 0 | I48: =IF(D48>K48,D48-K48,0) -> 104.44 | J48: =ROUND(I48*E48,0) -> 4712855 | K48: 1448.96 | L48: =ROUND(E48*K48,0) -> 65384320 | N48: =L115 -> 0
A49: 7.2 | B49: SOBREACARREO MATERIAL, 20% compacta. | C49: M3-KM | D49: 47768.1 | E49: 1133 | F49: =ROUND(D49*E49,0) -> 54121257 | G49: =IF(K49>D49,K49-D49,0) -> 0 | H49: =ROUND(E49*G49,0) -> 0 | I49: =IF(D49>K49,D49-K49,0) -> 33601.72 | J49: =ROUND(I49*E49,0) -> 38070749 | K49: 14166.38 | L49: =ROUND(E49*K49,0) -> 16050509
A50: 7.3 | B50: Acometida domic. Acued. 3x1/2" (inc. Sumin. E instal. Manguera 10m, accesorios, registro corte y cajilla) | C50: UND | D50: 90 | E50: 131673 | F50: =ROUND(D50*E50,0) -> 11850570 | G50: =IF(K50>D50,K50-D50,0) -> 0 | H50: =ROUND(E50*G50,0) -> 0 | I50: =IF(D50>K50,D50-K50,0) -> 90 | J50: =ROUND(I50*E50,0) -> 11850570 | K50: 0 | L50: =ROUND(E50*K50,0) -> 0 | N50: =N115 -> -1532109
A51: 7.4 | B51: Sumidero agua lluvias en concreto 3000PSI reforzado elab. Obra, e=0,20m, secc 0.5X0,6m, rejilla en perfil U 3x1. 1/2x1/4" | C51: ML | D51: 18 | E51: 1245000 | F51: =ROUND(D51*E51,0) -> 22410000 | G51: =IF(K51>D51,K51-D51,0) -> 0 | H51: =ROUND(E51*G51,0) -> 0 | I51: =IF(D51>K51,D51-K51,0) -> 18 | J51: =ROUND(I51*E51,0) -> 22410000 | K51: 0 | L51: =ROUND(E51*K51,0) -> 0 | O51: =N51*11 -> 0 | P51: =L51-O51 -> 0
A52: 7.5 | B52: Suministro e instalacion de tuberia PVC unión mecanica para alcantarillados 8" (inc. Nivelacion de precision) | C52: ML | D52: 56 | E52: 60171 | F52: =ROUND(D52*E52,0) -> 3369576 | G52: =IF(K52>D52,K52-D52,0) -> 147.33 | H52: =ROUND(E52*G52,0) -> 8864993 | I52: =IF(D52>K52,D52-K52,0) -> 0 | J52: =ROUND(I52*E52,0) -> 0 | K52: 203.33 | L52: =ROUND(E52*K52,0) -> 12234569
F53: =SUM(F48:F52) -> 161848578 | H53: =SUM(H48:H52) -> 8864993 | J53: =SUM(J48:J52) -> 77044174 | L53: =SUM(L48:L52) -> 93669398
B54: ITEMS NO PREVISTOS PRESENTE ACTA
B55: ITEMS NO PREVISTOS MEJORAMIENTO DEL LAS REDES SANITARIAS
A56: NP-1 | B56: EXCAVACION MECANICA < 3 ML | C56: M3 | D56: ='MOD-1'!D233+'MOD-1'!D589+'MOD-1'!D644 -> 0 | E56: 12899 | F56: =ROUND(D56*E56,0) -> 0 | G56: =IF(K56>D56,K56-D56,0) -> 173.28 | H56: =ROUND(E56*G56,0) -> 2235139 | I56: 0 | J56: =ROUND(I56*E56,0) -> 0 | K56: 173.28 | L56: =ROUND(E56*K56,0) -> 2235139
A57: NP-2 | B57: Suministro e instalación de Kit Silla Yee 8 x 6" de PVC para alcantarillados (incluye acondicionador y adhesivo) | C57: ML | D57: ='MOD-1'!D234+'MOD-1'!D590+'MOD-1'!D645 -> 0 | E57: 119378 | F57: =ROUND(D57*E57,0) -> 0 | G57: =IF(K57>D57,K57-D57,0) -> 12 | H57: =ROUND(E57*G57,0) -> 1432536 | I57: 0 | J57: =ROUND(I57*E57,0) -> 0 | K57: 12 | L57: =ROUND(E57*K57,0) -> 1432536
A58: NP-3 | B58: Suministro e instalación de tubería PVC unión mecánica para alcantarillados 6" (inc. nivelación de precisión) | C58: ML | E58: 31124 | F58: =ROUND(D58*E58,0) -> 0 | G58: =IF(K58>D58,K58-D58,0) -> 98 | H58: =ROUND(E58*G58,0) -> 3050152 | I58: 0 | J58: =ROUND(I58*E58,0) -> 0 | K58: 98 | L58: =ROUND(E58*K58,0) -> 3050152
A59: NP-4 | B59: Caja inspección 0.70x0.70m, concreto ref. 3000 PSI elab. obra, h=0.70m , e=0.07m (inc. excavación, formaleta 1/3 usos) | C59: UND | E59: 174313 | F59: =ROUND(D59*E59,0) -> 0 | G59: =IF(K59>D59,K59-D59,0) -> 15 | H59: =ROUND(E59*G59,0) -> 2614695 | I59: 0 | J59: =ROUND(I59*E59,0) -> 0 | K59: 15 | L59: =ROUND(E59*K59,0) -> 2614695
A60: NP-5 | B60: CILINDRO POZO INSPECCION D=1,20m (COCNRETO SIMPLE F´C= 21 Mpa ELAB. EN OBRA, e= 0,20m, INCLUYE ESCALERA GATO VAR. # 6) | C60: ML | D60: ='MOD-1'!D235+'MOD-1'!D591+'MOD-1'!D646 -> 0 | E60: 474275 | F60: =ROUND(D60*E60,0) -> 0 | G60: =K60 -> 5.2 | H60: =ROUND(E60*G60,0) -> 2466230 | I60: 0 | J60: =ROUND(I60*E60,0) -> 0 | K60: 5.2 | L60: =ROUND(E60*K60,0) -> 2466230
A61: NP-6 | B61: PLACA CIRCULAR CUBIERTA- POZO INSPECCION D=1,20m (COCNRETO F´C= 21 Mpa REFORZ, ELAB. EN OBRA, e=0,20m) | C61: UND | D61: ='MOD-1'!D236+'MOD-1'!D592+'MOD-1'!D647 -> 0 | E61: 492517 | F61: =ROUND(D61*E61,0) -> 0 | G61: =K61 -> 4 | H61: =ROUND(E61*G61,0) -> 1970068 | I61: 0 | J61: =ROUND(I61*E61,0) -> 0 | K61: 4 | L61: =ROUND(E61*K61,0) -> 1970068
A62: NP-7 | B62: PLACA CIRCULAR BASE- POZO INSPECCION D=1,20m (COCNRETO F´C= 28 Mpa REFORZ, ELAB. EN OBRA, e=0,20m) | C62: UND | D62: ='MOD-1'!D237+'MOD-1'!D593+'MOD-1'!D648 -> 0 | E62: 424400 | F62: =ROUND(D62*E62,0) -> 0 | G62: =K62 -> 4 | H62: =ROUND(E62*G62,0) -> 1697600 | I62: 0 | J62: =ROUND(I62*E62,0) -> 0 | K62: 4 | L62: =ROUND(E62*K62,0) -> 1697600
A63: NP-8 | B63: CAÑUELA POZO INSPECCION PARA TUBERIA ENTRE 8" Y 12" (CONCRETO F´C=28 Mpa ELAB. EN OBRA.) | C63: UND | D63: ='MOD-1'!D238+'MOD-1'!D594+'MOD-1'!D649 -> 0 | E63: 119328 | F63: =ROUND(D63*E63,0) -> 0 | G63: =K63 -> 15 | H63: =ROUND(E63*G63,0) -> 1789920 | I63: 0 | J63: =ROUND(I63*E63,0) -> 0 | K63: 15 | L63: =ROUND(E63*K63,0) -> 1789920
A64: NP-9 | B64: ARENA PARA BASE DE TUBERIA (INCLUYE EXTENDIDA Y COMPACTADA) | C64: M3 | D64: ='MOD-1'!D239+'MOD-1'!D595+'MOD-1'!D650 -> 0 | E64: 37830 | F64: =ROUND(D64*E64,0) -> 0 | G64: =IF(K64>D64,K64-D64,0) -> 141.38 | H64: =ROUND(E64*G64,0) -> 5348405 | I64: 0 | J64: =ROUND(I64*E64,0) -> 0 | K64: 141.38 | L64: =ROUND(E64*K64,0) -> 5348405
A65: NP-10 | B65: RETIRO DE SOBRANTES <= 5 KM. INCL. CARGUE MANUAL | C65: M3 | D65: ='MOD-1'!D240+'MOD-1'!D596+'MOD-1'!D651 -> 0 | E65: 13834 | F65: =ROUND(D65*E65,0) -> 0 | G65: =IF(K65>D65,K65-D65,0) -> 156.4 | H65: =ROUND(E65*G65,0) -> 2163638 | I65: 0 | J65: =ROUND(I65*E65,0) -> 0 | K65: 156.4 | L65: =ROUND(E65*K65,0) -> 2163638
A66: NP-11 | B66: RELLENO DE MATERIAL SELECCIONADO TAMAÑO MAX. 3" | C66: M3 | D66: ='MOD-1'!D241+'MOD-1'!D597+'MOD-1'!D652 -> 0 | E66: 29218 | F66: =ROUND(D66*E66,0) -> 0 | G66: =IF(K66>D66,K66-D66,0) -> 539.82 | H66: =ROUND(E66*G66,0) -> 15772461 | I66: 0 | J66: =ROUND(I66*E66,0) -> 0 | K66: 539.82 | L66: =ROUND(E66*K66,0) -> 15772461 | N66: 8174714.8 | O66: =N66/E66 -> 279.78352
A67: NP-12 | B67: MANEJO DE AGUAS EN EXCAVACIONES (INCLUYE 2 MOTOBOMBAS 3" Y 2 MOTOBOMBAS 4") | C67: MES | D67: ='MOD-1'!D242+'MOD-1'!D598+'MOD-1'!D653 -> 0 | E67: 8436787 | F67: =ROUND(D67*E67,0) -> 0 | G67: =IF(K67>D67,K67-D67,0) -> 0 | H67: =ROUND(E67*G67,0) -> 0 | I67: 0 | J67: =ROUND(I67*E67,0) -> 0 | K67: 0 | L67: =ROUND(E67*K67,0) -> 0
F68: =SUM(F56:F67) -> 0 | H68: =SUM(H56:H67) -> 40540844 | J68: =SUM(J56:J67) -> 0 | L68: =SUM(L56:L67) -> 40540844
B69: ITEMS NO PREVISTO MEJORAMIENTO SISTEMA DE ACUEDUCTO
A70: NP-13 | B70: Suministro e Instalacion tuberia PVC extremos lisos para acueducto - Presión Trab. 200PSI - 1" (Incl. Union e instal. Acces.) | C70: ML | E70: 5132 | F70: =ROUND(D70*E70,0) -> 0 | G70: =IF(K70>D70,K70-D70,0) -> 1162.74 | H70: =ROUND(E70*G70,0) -> 5967182 | I70: 0 | J70: =ROUND(I70*E70,0) -> 0 | K70: 1162.74 | L70: =ROUND(E70*K70,0) -> 5967182
F71: =SUM(F70) -> 0 | H71: =SUM(H70) -> 5967182 | J71: =SUM(J70) -> 0 | L71: =SUM(L70) -> 5967182
B72: ITEMS NO PREVISTO REDES ELECTRICAS
B73: REDES ELECTRICAS BAJA TENSION
A74: NP-14 | B74: DESMONTE Y MONTAJE DE RED EN BAJA TENSION | C74: ML | D74: 0 | E74: 23651 | F74: =ROUND(D74*E74,0) -> 0 | G74: =IF(K74>D74,K74-D74,0) -> 1228.47 | H74: =ROUND(E74*G74,0) -> 29054544 | I74: 0 | J74: =ROUND(I74*E74,0) -> 0 | K74: 1228.47 | L74: =ROUND(E74*K74,0) -> 29054544
A75: NP-15 | B75: DESMONTE Y MONTAJE DE LUMINARIAS EXISTENTES | C75: UN | D75: 0 | E75: 121004 | F75: =ROUND(D75*E75,0) -> 0 | G75: =IF(K75>D75,K75-D75,0) -> 17 | H75: =ROUND(E75*G75,0) -> 2057068 | I75: 0 | J75: =ROUND(I75*E75,0) -> 0 | K75: 17 | L75: =ROUND(E75*K75,0) -> 2057068
A76: NP-16 | B76: DESMONTE Y MONTAJE DE ESTRUCTURAS DE BAJA TENSION CON PERCHA DE 5 PUESTOS | C76: UN | D76: 0 | E76: 121004 | F76: =ROUND(D76*E76,0) -> 0 | G76: 17 | H76: =ROUND(E76*G76,0) -> 2057068 | I76: 0 | J76: =ROUND(I76*E76,0) -> 0 | K76: 17 | L76: =ROUND(E76*K76,0) -> 2057068
A77: NP-17 | B77: TRASLADO DE POSTE DE CONCRETO DE 8 METROS | C77: UN | D77: 0 | E77: 260506 | F77: =ROUND(D77*E77,0) -> 0 | G77: 16 | H77: =ROUND(E77*G77,0) -> 4168096 | I77: 0 | J77: =ROUND(I77*E77,0) -> 0 | K77: 16 | L77: =ROUND(E77*K77,0) -> 4168096
A78: NP-18 | B78: SUMINISTRO E INSTALACION DE POSTE DE CONCRETO 8 METROS 1050 KGF | C78: UN | D78: 0 | E78: 764571 | F78: =ROUND(D78*E78,0) -> 0 | G78: =IF(K78>D78,K78-D78,0) -> 4 | H78: =ROUND(E78*G78,0) -> 3058284 | I78: 0 | J78: =ROUND(I78*E78,0) -> 0 | K78: 4 | L78: =ROUND(E78*K78,0) -> 3058284
A79: NP-19 | B79: RETIRO DE POSTE Y TRANSPORTE A ALMACEN DE MUNICIPIO | C79: UN | D79: 0 | E79: 446092 | F79: =ROUND(D79*E79,0) -> 0 | G79: =IF(K79>D79,K79-D79,0) -> 7 | H79: =ROUND(E79*G79,0) -> 3122644 | I79: 0 | J79: =ROUND(I79*E79,0) -> 0 | K79: 7 | L79: =ROUND(E79*K79,0) -> 3122644
A80: NP-20 | B80: TRASLADO DE PUESTA A TIERRA EN TERMIANLES DE BAJA TENSION | C80: UN | D80: 0 | E80: 121004 | F80: =ROUND(D80*E80,0) -> 0 | G80: =IF(K80>D80,K80-D80,0) -> 4 | H80: =ROUND(E80*G80,0) -> 484016 | I80: 0 | J80: =ROUND(I80*E80,0) -> 0 | K80: 4 | L80: =ROUND(E80*K80,0) -> 484016
F81: =SUM(F74:F80) -> 0 | H81: =SUM(H74:H80) -> 44001720 | J81: =SUM(J74:J80) -> 0 | L81: =SUM(L74:L80) -> 44001720
B82: REDES ELECTRICAS MEDIO TENSION
A83: NP-21 | B83: DESMONTE DE RED EN MEDIA TENSION 2 HILOS | C83: ML | D83: 0 | E83: 10511 | F83: =ROUND(D83*E83,0) -> 0 | G83: 70 | H83: =ROUND(E83*G83,0) -> 735770 | I83: 0 | J83: =ROUND(I83*E83,0) -> 0 | K83: 70 | L83: =ROUND(E83*K83,0) -> 735770
A84: NP-22 | B84: DESMONTE Y MONTAJE DE ESTRUCTURA IPSE 710 | C84: UN | D84: 0 | E84: 291511 | F84: =ROUND(D84*E84,0) -> 0 | G84: =IF(K84>D84,K84-D84,0) -> 1 | H84: =ROUND(E84*G84,0) -> 291511 | I84: 0 | J84: =ROUND(I84*E84,0) -> 0 | K84: 1 | L84: =ROUND(E84*K84,0) -> 291511
A85: NP-23 | B85: DESMONTE Y MONTAJE DE ESTRUCTURA IPSE 514 | C85: UN | D85: 0 | E85: 291511 | F85: =ROUND(D85*E85,0) -> 0 | G85: =IF(K85>D85,K85-D85,0) -> 1 | H85: =ROUND(E85*G85,0) -> 291511 | I85: 0 | J85: =ROUND(I85*E85,0) -> 0 | K85: 1 | L85: =ROUND(E85*K85,0) -> 291511
A86: NP-24 | B86: DESMONTE Y MONTAJE DE TRANSFORMADOR MONOFASICO | C86: UN | D86: 0 | E86: 781028 | F86: =ROUND(D86*E86,0) -> 0 | G86: =IF(K86>D86,K86-D86,0) -> 1 | H86: =ROUND(E86*G86,0) -> 781028 | I86: 0 | J86: =ROUND(I86*E86,0) -> 0 | K86: 1 | L86: =ROUND(E86*K86,0) -> 781028
A87: NP-25 | B87: TRASLADO DE POSTE DE CONCRETO DE 12 METROS | C87: UN | D87: 0 | E87: 280506 | F87: =ROUND(D87*E87,0) -> 0 | G87: =IF(K87>D87,K87-D87,0) -> 1 | H87: =ROUND(E87*G87,0) -> 280506 | I87: 0 | J87: =ROUND(I87*E87,0) -> 0 | K87: 1 | L87: =ROUND(E87*K87,0) -> 280506
A88: NP-26 | B88: MONTAJE DE RED EN MEDIA TENSION BIFILAR, INCLUYE ALARGUE DE 20 METROS DE CONDUCTOR ACSR 2 | C88: GBL | D88: 0 | E88: 946034 | F88: =ROUND(D88*E88,0) -> 0 | G88: =IF(K88>D88,K88-D88,0) -> 1 | H88: =ROUND(E88*G88,0) -> 946034 | I88: 0 | J88: =ROUND(I88*E88,0) -> 0 | K88: 1 | L88: =ROUND(E88*K88,0) -> 946034
A89: NP-27 | B89: TRASLADO DE SISTEMA DE PUESTA A TIERRA PARA TRANSFORMADOR | C89: UN | D89: 0 | E89: 121004 | F89: =ROUND(D89*E89,0) -> 0 | G89: =IF(K89>D89,K89-D89,0) -> 1 | H89: =ROUND(E89*G89,0) -> 121004 | I89: 0 | J89: =ROUND(I89*E89,0) -> 0 | K89: 1 | L89: =ROUND(E89*K89,0) -> 121004
F90: =SUM(F83:F89) -> 0 | H90: =SUM(H83:H89) -> 3447364 | J90: =SUM(J83:J89) -> 0 | L90: =SUM(L83:L89) -> 3447364
B91: ITEMS NO PREVISTO SEÑALIZACION
A92: NP-28 | B92: Reductor de Velocidad (Plastico). Incluye una Fila de Tachas reflectivas | C92: ML | D92: 0 | E92: 337334 | F92: =ROUND(D92*E92,0) -> 0 | G92: =IF(K92>D92,K92-D92,0) -> 11 | H92: =ROUND(E92*G92,0) -> 3710674 | I92: 0 | J92: =ROUND(I92*E92,0) -> 0 | K92: 11 | L92: =ROUND(E92*K92,0) -> 3710674
A93: NP-29 | B93: Hitos Plasticos Reflectivos | C93: UND | D93: 0 | E93: 67556 | F93: =ROUND(D93*E93,0) -> 0 | G93: =IF(K93>D93,K93-D93,0) -> 11 | H93: =ROUND(E93*G93,0) -> 743116 | I93: 0 | J93: =ROUND(I93*E93,0) -> 0 | K93: 11 | L93: =ROUND(E93*K93,0) -> 743116
F94: =SUM(F92:F93) -> 0 | H94: =SUM(H92:H93) -> 4453790 | J94: =SUM(J92:J93) -> 0 | L94: =SUM(L92:L93) -> 4453790
B95: ITEMS NO PREVISTOS PAVIMENTO RIGIDO
A96: NP-30 | B96: Sardinel Prefabricado Bloque cemento A-85 | C96: ML | E96: 47857 | F96: =ROUND(D96*E96,0) -> 0 | G96: =IF(K96>D96,K96-D96,0) -> 723.69 | H96: =ROUND(E96*G96,0) -> 34633632 | I96: 0 | J96: =ROUND(I96*E96,0) -> 0 | K96: 723.69 | L96: =ROUND(E96*K96,0) -> 34633632
A97: NP-31 | B97: Sardinel Prefabricado Bloque Cemento A-100 | C97: UND | E97: 42899 | F97: =ROUND(D97*E97,0) -> 0 | G97: =IF(K97>D97,K97-D97,0) -> 321 | H97: =ROUND(E97*G97,0) -> 13770579 | I97: 0 | J97: =ROUND(I97*E97,0) -> 0 | K97: 321 | L97: =ROUND(E97*K97,0) -> 13770579 | M97: 7
F98: =SUM(F96:F97) -> 0 | H98: =SUM(H96:H97) -> 48404211 | J98: =SUM(J96:J97) -> 0 | L98: =SUM(L96:L97) -> 48404211
B99: ITEMS NO PREVISTO COMPLEMENTARIOS
A100: NP-32 | B100: Bordillo Concreto 3000 psi h=0.20, b= .12 | C100: ML | E100: 26267 | F100: =ROUND(D100*E100,0) -> 0 | G100: =IF(K100>D100,K100-D100,0) -> 0 | H100: =ROUND(E100*G100,0) -> 0 | I100: 0 | J100: =ROUND(I100*E100,0) -> 0 | K100: 0 | L100: =ROUND(E100*K100,0) -> 0
A101: NP-33 | B101: Sumidero aguas lluvias en concreto 3000PSI reforzado elab. obra, e=0.20m, sec 1.0*1.0m, rejilla en perfil U 3x1.1/2x1/4" | C101: ML | E101: 1196003 | F101: =ROUND(D101*E101,0) -> 0 | G101: =IF(K101>D101,K101-D101,0) -> 14 | H101: =ROUND(E101*G101,0) -> 16744042 | I101: 0 | J101: =ROUND(I101*E101,0) -> 0 | K101: 14 | L101: =ROUND(E101*K101,0) -> 16744042
A102: NP-34 | B102: Realce y nivelacion de pozos y sumideros de inspeccion AN/ALL | C102: UND | E102: 427183 | F102: =ROUND(D102*E102,0) -> 0 | G102: 33 | H102: =ROUND(E102*G102,0) -> 14097039 | I102: 0 | J102: =ROUND(I102*E102,0) -> 0 | K102: 33 | L102: =ROUND(E102*K102,0) -> 14097039
F103: =SUM(F100:F101) -> 0 | H103: =SUM(H100:H102) -> 30841081 | J103: =SUM(J100:J101) -> 0 | L103: =SUM(L100:L102) -> 30841081 | O103: =H81+H90 -> 47449084 | P103: =O103*1.35 -> 64056263
...

Sheet MOD-OP-2  (2)
C1: CONTRATO No : 096 DE 2015 | G1: VALOR INICIAL DEL CONTRATO: | J1: FECHA DE LA PRESENTE ACTA:
C2: OBJETO: | G2: 2128394192 | J2: 09 DE JULIO DE 2015
C3: MEJORAMIENTO Y ADECUACION DE VIAS EN CONCRETO RIGIDO EN OBRAS COMPLEMENTARIAS PARA EL CENTRO POBLADO DE CHICHIMENE DEL MUNICIPIO DE ACACIAS. | G3: VALOR ANTICIPO: | J3: PORCENTAJE DE LA PRESENTE ACTA:
G4: =G2/2 -> 1064197096 | J4: 1
G5: VALOR ADICIONAL: | J5: VALOR PRESENTE ACTA:
G6: N/A | J6: N/A
G7: VALOR ANTICIPO ADICIONAL | J7: VALOR A AMORTIZAR PRESENTE ACTA
G8: N/A | J8: N/A
G9: VALOR ACTUAL DEL CONTRATO: | J9: PORCENTAJE TOTAL EJECUTADO:
A10: DEPARTAMENTO DEL META | C10: CONTRATISTA: CONSORCIO 2015 CHICHIMENE R/L ANA ELVIA CARRANZA ACOSTA | G10: =D115 -> 2128388556 | J10: 0.8898
A11: MUNICIPIO DE ACACIAS | G11: VALOR ACTAS PARCIALES | J11: ESTADO: EN EJECUCION
A12: SECRETARIA DE INFRAESTRUCTURA | C12: INTERVENTOR : B&C DISEÑOS Y CONSTRUCCIONES R/L RICARDO ANTONIO MEJIA OSORIO | G12: 1701902047
A13: ACTA MODIFICATORIA No 01 | G13: VALOR AMORTIZADO PARCIALES
C14: SUPERVISOR: SECRETARIA DE INFRAESTRUCTURA | G14: 8.5095102e+08
A16: En el Municipio de Acacias - Meta, a a los NUEVE (09) dias del mes de JULIO del año 2015, se reunieron: la Ingeniera Ana Elvia Carranza Acosta Representante legal de la Consorcio 2015 Chichimene, Contratista, el Ingeniero Jimmy Andres Torres Castro Secretario de Infraestructura, Ricardo Antonio Mejia Osorio como Representante legal de la Interventoria contratada, para dejar constancia de la presente Acta Modificatoria No. 1, para lo cual se hace necesario realizar el siguiente analisis:
A17: CONDICIONES CONTRACTUALES INICIALES | G17: MAYORES CANTIDADES | I17: MENORES CANTIDADES | K17: CANTIDADES ACTUALIZADAS
A18: ITEM | B18: DESCRIPCION | C18: UND | D18: CANT | E18: V.UNITARIO | F18: V.TOTAL | G18: CANT | H18: VALOR | I18: CANT. | J18: VALOR | K18: CANT | L18: VALOR
A19: MEJORAMIENTO DE VIAS CENTRO POBLADO DE CHICHIMENE
A20: 1 | B20: PRELIMINARES
A21: 1.1 | B21: TOPOGRAFIA DE VIAS. Incl. Localizacion y Replanteo | C21: ML | D21: 1294.5 | E21: 2970 | F21: =ROUND(D21*E21,0) -> 3844665 | G21: =IF(K21>D21,K21-D21,0) -> 0 | H21: =ROUND(E21*G21,0) -> 0 | I21: =IF(D21>K21,D21-K21,0) -> 13.6 | J21: =ROUND(I21*E21,0) -> 40392 | K21: 1280.9 | L21: =ROUND(E21*K21,0) -> 3804273
A22: 1.2 | B22: LOCALIZACION Y REPL. DE SARDINEL (Incl. Cartera y plano) | C22: ML | D22: 2589 | E22: 3057 | F22: =ROUND(D22*E22,0) -> 7914573 | G22: =IF(K22>D22,K22-D22,0) -> 0 | H22: =ROUND(E22*G22,0) -> 0 | I22: =IF(D22>K22,D22-K22,0) -> 154.7 | J22: =ROUND(I22*E22,0) -> 472918 | K22: 2434.3 | L22: =ROUND(E22*K22,0) -> 7441655
A23: 1.3 | B23: RENIVELACION Y COMPACTACION DE LA BANCA EXISTENTE DE 6 A 8 M INC TRANS | C23: KM | D23: 1.29 | E23: 1478476 | F23: =ROUND(D23*E23,0) -> 1907234 | G23: =IF(K23>D23,K23-D23,0) -> 0 | H23: =ROUND(E23*G23,0) -> 0 | I23: =IF(D23>K23,D23-K23,0) -> 0.01 | J23: =ROUND(I23*E23,0) -> 14785 | K23: 1.28 | L23: =ROUND(E23*K23,0) -> 1892449
F24: =SUM(F21:F23) -> 13666472 | H24: =SUM(H21:H23) -> 0 | J24: =SUM(J21:J23) -> 528095 | L24: =SUM(L21:L23) -> 13138377
A25: 2 | B25: DEMOLICION
B26: DEMOLICION CONCRETO SIMPLE INC. Cargue manual 5 km | C26: M3 | D26: 12 | E26: 209569 | F26: =ROUND(D26*E26,0) -> 2514828 | G26: =IF(K26>D26,K26-D26,0) -> 64.84 | H26: =ROUND(E26*G26,0) -> 13588454 | I26: =IF(D26>K26,D26-K26,0) -> 0 | J26: =ROUND(I26*E26,0) -> 0 | K26: 76.84 | L26: =ROUND(E26*K26,0) -> 16103282
F27: =ROUND(D27*E27,0) -> 0
F28: =SUM(F26:F27) -> 2514828 | H28: =SUM(H26:H27) -> 13588454 | J28: =SUM(J26:J27) -> 0 | L28: =SUM(L26:L27) -> 16103282
A29: 3 | B29: EXCAVACIONES
A30: 3.1 | B30: EXCAV. MECAN INC. RETIRO DE SOBRANTE (xa caja de via) | C30: M3 | D30: 4185.45 | E30: 19763 | F30: =ROUND(D30*E30,0) -> 82717048 | G30: =IF(K30>D30,K30-D30,0) -> 473.03 | H30: =ROUND(E30*G30,0) -> 9348492 | I30: =IF(D30>K30,D30-K30,0) -> 0 | J30: =ROUND(I30*E30,0) -> 0 | K30: 4658.48 | L30: =ROUND(E30*K30,0) -> 92065540
A31: 3.2 | B31: EXCAV. SECAS CONGLOMERADO MANUAL. Incl. Retiro 5 kms | C31: M3 | D31: 516.35 | E31: 52187 | F31: =ROUND(D31*E31,0) -> 26946757 | G31: =IF(K31>D31,K31-D31,0) -> 0 | H31: =ROUND(E31*G31,0) -> 0 | I31: =IF(D31>K31,D31-K31,0) -> 60.69 | J31: =ROUND(I31*E31,0) -> 3167229 | K31: 455.66 | L31: =ROUND(E31*K31,0) -> 23779528 | N31: 401.23 | O31: =N31-K31 -> -54.43 | P31: =O31*E30 -> -1075700.1
F32: =SUM(F30:F31) -> 109663805 | H32: =SUM(H30:H31) -> 9348492 | J32: =SUM(J30:J31) -> 3167229 | L32: =SUM(L30:L31) -> 115845068
A33: 4 | B33: RELLENOS
A34: 4.1 | B34: RELLENO MATERIAL T. MAX. 2" COMP. MECAN. Selecc rio | C34: M3 | D34: 211.74 | E34: 31353 | F34: =ROUND(D34*E34,0) -> 6638684 | G34: =IF(K34>D34,K34-D34,0) -> 0 | H34: =ROUND(E34*G34,0) -> 0 | I34: =IF(D34>K34,D34-K34,0) -> 66.84 | J34: =ROUND(I34*E34,0) -> 2095635 | K34: 144.9 | L34: =ROUND(E34*K34,0) -> 4543050 | N34: 204.89 | O34: =N34-K34 -> 59.99 | P34: =O34*E34 -> 1880866.5
A35: 4.2 | B35: SUB-BASE GRAN. RIO SELEC. T. MAX. 2" Inc. Transp 5 km | C35: M3 | D35: 1486.4 | E35: 59142 | F35: =ROUND(D35*E35,0) -> 87908669 | G35: =IF(K35>D35,K35-D35,0) -> 0 | H35: =ROUND(E35*G35,0) -> 0 | I35: =IF(D35>K35,D35-K35,0) -> 69.76 | J35: =ROUND(I35*E35,0) -> 4125746 | K35: 1416.64 | L35: =ROUND(E35*K35,0) -> 83782923
F36: =SUM(F34:F35) -> 94547353 | H36: =SUM(H34:H35) -> 0 | J36: =SUM(J34:J35) -> 6221381 | L36: =SUM(L34:L35) -> 88325973
A37: 5 | B37: PAVIMENTOS RIGIDOS
A38: 5.1 | B38: PAVIMENTO CONCRETO MR= 3,8 Inc transporte 5 kms | C38: M3 | D38: 1486.4 | E38: 666008 | F38: =ROUND(D38*E38,0) -> 989954291 | G38: =IF(K38>D38,K38-D38,0) -> 0 | H38: =ROUND(E38*G38,0) -> 0 | I38: =IF(D38>K38,D38-K38,0) -> 74.16 | J38: =ROUND(I38*E38,0) -> 49391153 | K38: 1412.24 | L38: =ROUND(E38*K38,0) -> 940563138 | N38: 1402.8 | O38: =N38-K38 -> -9.44 | P38: =O38*E38 -> -6287115.5
A39: 5.2 | B39: ACERO REFUERZO FIGURADO 412Mpa, ( 4200 KG/CM2, G60) | C39: KG | D39: 10000 | E39: 4005 | F39: =ROUND(D39*E39,0) -> 40050000 | G39: =IF(K39>D39,K39-D39,0) -> 0 | H39: =ROUND(E39*G39,0) -> 0 | I39: =IF(D39>K39,D39-K39,0) -> 1695.38 | J39: =ROUND(I39*E39,0) -> 6789997 | K39: 8304.62 | L39: =ROUND(E39*K39,0) -> 33260003 | N39: 6123.52 | O39: =N39-K39 -> -2181.1 | P39: =O39*E39 -> -8735305.5
A40: 5.3 | B40: SARDINEL PREFAB BLOQUE CEMENTO A-10 SENCILLO | C40: ML | D40: 2589 | E40: 56280 | F40: =ROUND(D40*E40,0) -> 145708920 | G40: =IF(K40>D40,K40-D40,0) -> 0 | H40: =ROUND(E40*G40,0) -> 0 | I40: =IF(D40>K40,D40-K40,0) -> 988.92 | J40: =ROUND(I40*E40,0) -> 55656418 | K40: 1600.08 | L40: =ROUND(E40*K40,0) -> 90052502 | N40: 133201253 | O40: 2366.76 | P40: =O40*0.6 -> 1420.056 | Q40: A-10 | R40: =O40-P40 -> 946.704 | S40: =R40/15 -> 63.1136
F41: =SUM(F38:F40) -> 1175713211 | H41: =SUM(H38:H40) -> 0 | J41: =SUM(J38:J40) -> 111837568 | L41: =SUM(L38:L40) -> 1063875643 | P41: =O40*0.25 -> 591.69 | Q41: A-85
A42: 6 | B42: SEÑALIZACION | P42: =O40*0.15 -> 355.014 | Q42: A-100
A43: 6.1 | B43: LINEA DEMAR. VIAL PINTURA FRIA, e= 0,12m, Inc Microesf | C43: ML | D43: 3883.5 | E43: 2973 | F43: =ROUND(D43*E43,0) -> 11545646 | G43: =IF(K43>D43,K43-D43,0) -> 0 | H43: =ROUND(E43*G43,0) -> 0 | I43: =IF(D43>K43,D43-K43,0) -> 1481.74 | J43: =ROUND(I43*E43,0) -> 4405213 | K43: 2401.76 | L43: =ROUND(E43*K43,0) -> 7140432
A44: 6.2 | B44: LINEA DEMAR. VIAL PINTURA FRIA, e= 0,4m, Inc Microesf | C44: ML | D44: 348 | E44: 8919 | F44: =ROUND(D44*E44,0) -> 3103812 | G44: =IF(K44>D44,K44-D44,0) -> 0 | H44: =ROUND(E44*G44,0) -> 0 | I44: =IF(D44>K44,D44-K44,0) -> 208.97 | J44: =ROUND(I44*E44,0) -> 1863803 | K44: 139.03 | L44: =ROUND(E44*K44,0) -> 1240009
A45: 6.3 | B45: SEÑALIZACION VERTICAL. 0.60X0.60CM Inc post | C45: UND | D45: 19 | E45: 209715 | F45: =ROUND(D45*E45,0) -> 3984585 | G45: =IF(K45>D45,K45-D45,0) -> 0 | H45: =ROUND(E45*G45,0) -> 0 | I45: =IF(D45>K45,D45-K45,0) -> 7 | J45: =ROUND(I45*E45,0) -> 1468005 | K45: 12 | L45: =ROUND(E45*K45,0) -> 2516580
F46: =SUM(F43:F45) -> 18634043 | H46: =SUM(H43:H45) -> 0 | J46: =SUM(J43:J45) -> 7737021 | L46: =SUM(L43:L45) -> 10897021
A47: 7 | B47: COMPLEMENTARIOS
A48: 7.1 | B48: ANDEN CONCRETO 20,7 Mpa (3000 psi) e=0.07 MTS | C48: M2 | D48: 1553.4 | E48: 45125 | F48: =ROUND(D48*E48,0) -> 70097175 | G48: =IF(K48>D48,K48-D48,0) -> 0 | H48: =ROUND(E48*G48,0) -> 0 | I48: =IF(D48>K48,D48-K48,0) -> 104.44 | J48: =ROUND(I48*E48,0) -> 4712855 | K48: 1448.96 | L48: =ROUND(E48*K48,0) -> 65384320 | N48: =L113 -> 0
A49: 7.2 | B49: SOBREACARREO MATERIAL, 20% compacta. | C49: M3-KM | D49: 47768.1 | E49: 1133 | F49: =ROUND(D49*E49,0) -> 54121257 | G49: =IF(K49>D49,K49-D49,0) -> 0 | H49: =ROUND(E49*G49,0) -> 0 | I49: =IF(D49>K49,D49-K49,0) -> 33601.72 | J49: =ROUND(I49*E49,0) -> 38070749 | K49: 14166.38 | L49: =ROUND(E49*K49,0) -> 16050509
A50: 7.3 | B50: Acometida domic. Acued. 3x1/2" (inc. Sumin. E instal. Manguera 10m, accesorios, registro corte y cajilla) | C50: UND | D50: 90 | E50: 131673 | F50: =ROUND(D50*E50,0) -> 11850570 | G50: =IF(K50>D50,K50-D50,0) -> 0 | H50: =ROUND(E50*G50,0) -> 0 | I50: =IF(D50>K50,D50-K50,0) -> 90 | J50: =ROUND(I50*E50,0) -> 11850570 | K50: 0 | L50: =ROUND(E50*K50,0) -> 0 | N50: =N113 -> 5636
A51: 7.4 | B51: Sumidero agua lluvias en concreto 3000PSI reforzado elab. Obra, e=0,20m, secc 0.5X0,6m, rejilla en perfil U 3x1. 1/2x1/4" | C51: ML | D51: 18 | E51: 1245000 | F51: =ROUND(D51*E51,0) -> 22410000 | G51: =IF(K51>D51,K51-D51,0) -> 0 | H51: =ROUND(E51*G51,0) -> 0 | I51: =IF(D51>K51,D51-K51,0) -> 18 | J51: =ROUND(I51*E51,0) -> 22410000 | K51: 0 | L51: =ROUND(E51*K51,0) -> 0 | O51: =N51*11 -> 0 | P51: =L51-O51 -> 0
A52: 7.5 | B52: Suministro e instalacion de tuberia PVC unión mecanica para alcantarillados 8" (inc. Nivelacion de precision) | C52: ML | D52: 56 | E52: 60171 | F52: =ROUND(D52*E52,0) -> 3369576 | G52: =IF(K52>D52,K52-D52,0) -> 147.33 | H52: =ROUND(E52*G52,0) -> 8864993 | I52: =IF(D52>K52,D52-K52,0) -> 0 | J52: =ROUND(I52*E52,0) -> 0 | K52: 203.33 | L52: =ROUND(E52*K52,0) -> 12234569
F53: =SUM(F48:F52) -> 161848578 | H53: =SUM(H48:H52) -> 8864993 | J53: =SUM(J48:J52) -> 77044174 | L53: =SUM(L48:L52) -> 93669398
B54: ITEMS NO PREVISTOS PRESENTE ACTA
B55: ITEMS NO PREVISTOS MEJORAMIENTO DEL LAS REDES SANITARIAS
A56: NP-1 | B56: EXCAVACION MECANICA < 3 ML | C56: M3 | D56: ='MOD-1'!D233+'MOD-1'!D589+'MOD-1'!D644 -> 0 | E56: 12899 | F56: =ROUND(D56*E56,0) -> 0 | G56: =IF(K56>D56,K56-D56,0) -> 173.28 | H56: =ROUND(E56*G56,0) -> 2235139 | I56: 0 | J56: =ROUND(I56*E56,0) -> 0 | K56: 173.28 | L56: =ROUND(E56*K56,0) -> 2235139
A57: NP-2 | B57: Suministro e instalación de Kit Silla Yee 8 x 6" de PVC para alcantarillados (incluye acondicionador y adhesivo) | C57: ML | D57: ='MOD-1'!D234+'MOD-1'!D590+'MOD-1'!D645 -> 0 | E57: 119378 | F57: =ROUND(D57*E57,0) -> 0 | G57: =IF(K57>D57,K57-D57,0) -> 12 | H57: =ROUND(E57*G57,0) -> 1432536 | I57: 0 | J57: =ROUND(I57*E57,0) -> 0 | K57: 12 | L57: =ROUND(E57*K57,0) -> 1432536
A58: NP-3 | B58: Suministro e instalación de tubería PVC unión mecánica para alcantarillados 6" (inc. nivelación de precisión) | C58: ML | E58: 31124 | F58: =ROUND(D58*E58,0) -> 0 | G58: =IF(K58>D58,K58-D58,0) -> 98 | H58: =ROUND(E58*G58,0) -> 3050152 | I58: 0 | J58: =ROUND(I58*E58,0) -> 0 | K58: 98 | L58: =ROUND(E58*K58,0) -> 3050152
A59: NP-4 | B59: Caja inspección 0.70x0.70m, concreto ref. 3000 PSI elab. obra, h=0.70m , e=0.07m (inc. excavación, formaleta 1/3 usos) | C59: UND | E59: 174313 | F59: =ROUND(D59*E59,0) -> 0 | G59: =IF(K59>D59,K59-D59,0) -> 15 | H59: =ROUND(E59*G59,0) -> 2614695 | I59: 0 | J59: =ROUND(I59*E59,0) -> 0 | K59: 15 | L59: =ROUND(E59*K59,0) -> 2614695
A60: NP-5 | B60: CILINDRO POZO INSPECCION D=1,20m (COCNRETO SIMPLE F´C= 21 Mpa ELAB. EN OBRA, e= 0,20m, INCLUYE ESCALERA GATO VAR. # 6) | C60: ML | D60: ='MOD-1'!D235+'MOD-1'!D591+'MOD-1'!D646 -> 0 | E60: 474275 | F60: =ROUND(D60*E60,0) -> 0 | G60: =K60 -> 5.2 | H60: =ROUND(E60*G60,0) -> 2466230 | I60: 0 | J60: =ROUND(I60*E60,0) -> 0 | K60: 5.2 | L60: =ROUND(E60*K60,0) -> 2466230
A61: NP-6 | B61: PLACA CIRCULAR CUBIERTA- POZO INSPECCION D=1,20m (COCNRETO F´C= 21 Mpa REFORZ, ELAB. EN OBRA, e=0,20m) | C61: UND | D61: ='MOD-1'!D236+'MOD-1'!D592+'MOD-1'!D647 -> 0 | E61: 492517 | F61: =ROUND(D61*E61,0) -> 0 | G61: =K61 -> 4 | H61: =ROUND(E61*G61,0) -> 1970068 | I61: 0 | J61: =ROUND(I61*E61,0) -> 0 | K61: 4 | L61: =ROUND(E61*K61,0) -> 1970068
A62: NP-7 | B62: PLACA CIRCULAR BASE- POZO INSPECCION D=1,20m (COCNRETO F´C= 28 Mpa REFORZ, ELAB. EN OBRA, e=0,20m) | C62: UND | D62: ='MOD-1'!D237+'MOD-1'!D593+'MOD-1'!D648 -> 0 | E62: 424400 | F62: =ROUND(D62*E62,0) -> 0 | G62: =K62 -> 4 | H62: =ROUND(E62*G62,0) -> 1697600 | I62: 0 | J62: =ROUND(I62*E62,0) -> 0 | K62: 4 | L62: =ROUND(E62*K62,0) -> 1697600
A63: NP-8 | B63: CAÑUELA POZO INSPECCION PARA TUBERIA ENTRE 8" Y 12" (CONCRETO F´C=28 Mpa ELAB. EN OBRA.) | C63: UND | D63: ='MOD-1'!D238+'MOD-1'!D594+'MOD-1'!D649 -> 0 | E63: 119328 | F63: =ROUND(D63*E63,0) -> 0 | G63: =K63 -> 18 | H63: =ROUND(E63*G63,0) -> 2147904 | I63: 0 | J63: =ROUND(I63*E63,0) -> 0 | K63: 18 | L63: =ROUND(E63*K63,0) -> 2147904
A64: NP-9 | B64: ARENA PARA BASE DE TUBERIA (INCLUYE EXTENDIDA Y COMPACTADA) | C64: M3 | D64: ='MOD-1'!D239+'MOD-1'!D595+'MOD-1'!D650 -> 0 | E64: 37830 | F64: =ROUND(D64*E64,0) -> 0 | G64: =IF(K64>D64,K64-D64,0) -> 141.38 | H64: =ROUND(E64*G64,0) -> 5348405 | I64: 0 | J64: =ROUND(I64*E64,0) -> 0 | K64: 141.38 | L64: =ROUND(E64*K64,0) -> 5348405
A65: NP-10 | B65: RETIRO DE SOBRANTES <= 5 KM. INCL. CARGUE MANUAL | C65: M3 | D65: ='MOD-1'!D240+'MOD-1'!D596+'MOD-1'!D651 -> 0 | E65: 13834 | F65: =ROUND(D65*E65,0) -> 0 | G65: =IF(K65>D65,K65-D65,0) -> 156.4 | H65: =ROUND(E65*G65,0) -> 2163638 | I65: 0 | J65: =ROUND(I65*E65,0) -> 0 | K65: 156.4 | L65: =ROUND(E65*K65,0) -> 2163638
A66: NP-11 | B66: RELLENO DE MATERIAL SELECCIONADO TAMAÑO MAX. 3" | C66: M3 | D66: ='MOD-1'!D241+'MOD-1'!D597+'MOD-1'!D652 -> 0 | E66: 29218 | F66: =ROUND(D66*E66,0) -> 0 | G66: =IF(K66>D66,K66-D66,0) -> 539.82 | H66: =ROUND(E66*G66,0) -> 15772461 | I66: 0 | J66: =ROUND(I66*E66,0) -> 0 | K66: 539.82 | L66: =ROUND(E66*K66,0) -> 15772461 | N66: 8174714.8 | O66: =N66/E66 -> 279.78352
F67: =SUM(F56:F66) -> 0 | H67: =SUM(H56:H66) -> 40898828 | J67: =SUM(J56:J66) -> 0 | L67: =SUM(L56:L66) -> 40898828
B68: ITEMS NO PREVISTO MEJORAMIENTO SISTEMA DE ACUEDUCTO
A69: NP-13 | B69: Suministro e Instalacion tuberia PVC extremos lisos para acueducto - Presión Trab. 200PSI - 1" (Incl. Union e instal. Acces.) | C69: ML | E69: 5132 | F69: =ROUND(D69*E69,0) -> 0 | G69: =IF(K69>D69,K69-D69,0) -> 1162.74 | H69: =ROUND(E69*G69,0) -> 5967182 | I69: 0 | J69: =ROUND(I69*E69,0) -> 0 | K69: 1162.74 | L69: =ROUND(E69*K69,0) -> 5967182
F70: =SUM(F69) -> 0 | H70: =SUM(H69) -> 5967182 | J70: =SUM(J69) -> 0 | L70: =SUM(L69) -> 5967182
B71: ITEMS NO PREVISTO REDES ELECTRICAS
B72: REDES ELECTRICAS BAJA TENSION
A73: NP-14 | B73: DESMONTE Y MONTAJE DE RED EN BAJA TENSION | C73: ML | D73: 0 | E73: 23651 | F73: =ROUND(D73*E73,0) -> 0 | G73: =IF(K73>D73,K73-D73,0) -> 1228.47 | H73: =ROUND(E73*G73,0) -> 29054544 | I73: 0 | J73: =ROUND(I73*E73,0) -> 0 | K73: 1228.47 | L73: =ROUND(E73*K73,0) -> 29054544
A74: NP-15 | B74: DESMONTE Y MONTAJE DE LUMINARIAS EXISTENTES | C74: UN | D74: 0 | E74: 121004 | F74: =ROUND(D74*E74,0) -> 0 | G74: =IF(K74>D74,K74-D74,0) -> 17 | H74: =ROUND(E74*G74,0) -> 2057068 | I74: 0 | J74: =ROUND(I74*E74,0) -> 0 | K74: 17 | L74: =ROUND(E74*K74,0) -> 2057068
A75: NP-16 | B75: DESMONTE Y MONTAJE DE ESTRUCTURAS DE BAJA TENSION CON PERCHA DE 5 PUESTOS | C75: UN | D75: 0 | E75: 121004 | F75: =ROUND(D75*E75,0) -> 0 | G75: 17 | H75: =ROUND(E75*G75,0) -> 2057068 | I75: 0 | J75: =ROUND(I75*E75,0) -> 0 | K75: 17 | L75: =ROUND(E75*K75,0) -> 2057068
A76: NP-17 | B76: TRASLADO DE POSTE DE CONCRETO DE 8 METROS | C76: UN | D76: 0 | E76: 260506 | F76: =ROUND(D76*E76,0) -> 0 | G76: 16 | H76: =ROUND(E76*G76,0) -> 4168096 | I76: 0 | J76: =ROUND(I76*E76,0) -> 0 | K76: 16 | L76: =ROUND(E76*K76,0) -> 4168096
A77: NP-18 | B77: SUMINISTRO E INSTALACION DE POSTE DE CONCRETO 8 METROS 1050 KGF | C77: UN | D77: 0 | E77: 764571 | F77: =ROUND(D77*E77,0) -> 0 | G77: =IF(K77>D77,K77-D77,0) -> 4 | H77: =ROUND(E77*G77,0) -> 3058284 | I77: 0 | J77: =ROUND(I77*E77,0) -> 0 | K77: 4 | L77: =ROUND(E77*K77,0) -> 3058284
A78: NP-19 | B78: RETIRO DE POSTE Y TRANSPORTE A ALMACEN DE MUNICIPIO | C78: UN | D78: 0 | E78: 446092 | F78: =ROUND(D78*E78,0) -> 0 | G78: =IF(K78>D78,K78-D78,0) -> 7 | H78: =ROUND(E78*G78,0) -> 3122644 | I78: 0 | J78: =ROUND(I78*E78,0) -> 0 | K78: 7 | L78: =ROUND(E78*K78,0) -> 3122644
A79: NP-20 | B79: TRASLADO DE PUESTA A TIERRA EN TERMIANLES DE BAJA TENSION | C79: UN | D79: 0 | E79: 121004 | F79: =ROUND(D79*E79,0) -> 0 | G79: =IF(K79>D79,K79-D79,0) -> 4 | H79: =ROUND(E79*G79,0) -> 484016 | I79: 0 | J79: =ROUND(I79*E79,0) -> 0 | K79: 4 | L79: =ROUND(E79*K79,0) -> 484016
F80: =SUM(F73:F79) -> 0 | H80: =SUM(H73:H79) -> 44001720 | J80: =SUM(J73:J79) -> 0 | L80: =SUM(L73:L79) -> 44001720
B81: REDES ELECTRICAS MEDIO TENSION
A82: NP-21 | B82: DESMONTE DE RED EN MEDIA TENSION 2 HILOS | C82: ML | D82: 0 | E82: 10511 | F82: =ROUND(D82*E82,0) -> 0 | G82: 70 | H82: =ROUND(E82*G82,0) -> 735770 | I82: 0 | J82: =ROUND(I82*E82,0) -> 0 | K82: 70 | L82: =ROUND(E82*K82,0) -> 735770
A83: NP-22 | B83: DESMONTE Y MONTAJE DE ESTRUCTURA IPSE 710 | C83: UN | D83: 0 | E83: 291511 | F83: =ROUND(D83*E83,0) -> 0 | G83: =IF(K83>D83,K83-D83,0) -> 1 | H83: =ROUND(E83*G83,0) -> 291511 | I83: 0 | J83: =ROUND(I83*E83,0) -> 0 | K83: 1 | L83: =ROUND(E83*K83,0) -> 291511
A84: NP-23 | B84: DESMONTE Y MONTAJE DE ESTRUCTURA IPSE 514 | C84: UN | D84: 0 | E84: 291511 | F84: =ROUND(D84*E84,0) -> 0 | G84: =IF(K84>D84,K84-D84,0) -> 1 | H84: =ROUND(E84*G84,0) -> 291511 | I84: 0 | J84: =ROUND(I84*E84,0) -> 0 | K84: 1 | L84: =ROUND(E84*K84,0) -> 291511
A85: NP-24 | B85: DESMONTE Y MONTAJE DE TRANSFORMADOR MONOFASICO | C85: UN | D85: 0 | E85: 781028 | F85: =ROUND(D85*E85,0) -> 0 | G85: =IF(K85>D85,K85-D85,0) -> 1 | H85: =ROUND(E85*G85,0) -> 781028 | I85: 0 | J85: =ROUND(I85*E85,0) -> 0 | K85: 1 | L85: =ROUND(E85*K85,0) -> 781028
A86: NP-25 | B86: TRASLADO DE POSTE DE CONCRETO DE 12 METROS | C86: UN | D86: 0 | E86: 280506 | F86: =ROUND(D86*E86,0) -> 0 | G86: =IF(K86>D86,K86-D86,0) -> 1 | H86: =ROUND(E86*G86,0) -> 280506 | I86: 0 | J86: =ROUND(I86*E86,0) -> 0 | K86: 1 | L86: =ROUND(E86*K86,0) -> 280506
A87: NP-26 | B87: MONTAJE DE RED EN MEDIA TENSION BIFILAR, INCLUYE ALARGUE DE 20 METROS DE CONDUCTOR ACSR 2 | C87: GBL | D87: 0 | E87: 946034 | F87: =ROUND(D87*E87,0) -> 0 | G87: =IF(K87>D87,K87-D87,0) -> 1 | H87: =ROUND(E87*G87,0) -> 946034 | I87: 0 | J87: =ROUND(I87*E87,0) -> 0 | K87: 1 | L87: =ROUND(E87*K87,0) -> 946034
A88: NP-27 | B88: TRASLADO DE SISTEMA DE PUESTA A TIERRA PARA TRANSFORMADOR | C88: UN | D88: 0 | E88: 121004 | F88: =ROUND(D88*E88,0) -> 0 | G88: =IF(K88>D88,K88-D88,0) -> 1 | H88: =ROUND(E88*G88,0) -> 121004 | I88: 0 | J88: =ROUND(I88*E88,0) -> 0 | K88: 1 | L88: =ROUND(E88*K88,0) -> 121004
F89: =SUM(F82:F88) -> 0 | H89: =SUM(H82:H88) -> 3447364 | J89: =SUM(J82:J88) -> 0 | L89: =SUM(L82:L88) -> 3447364
B90: ITEMS NO PREVISTO SEÑALIZACION
A91: NP-28 | B91: Reductor de Velocidad (Plastico). Incluye una Fila de Tachas reflectivas | C91: ML | D91: 0 | E91: 337334 | F91: =ROUND(D91*E91,0) -> 0 | G91: =IF(K91>D91,K91-D91,0) -> 11 | H91: =ROUND(E91*G91,0) -> 3710674 | I91: 0 | J91: =ROUND(I91*E91,0) -> 0 | K91: 11 | L91: =ROUND(E91*K91,0) -> 3710674
A92: NP-29 | B92: Hitos Plasticos Reflectivos | C92: UND | D92: 0 | E92: 67556 | F92: =ROUND(D92*E92,0) -> 0 | G92: 12 | H92: =ROUND(E92*G92,0) -> 810672 | I92: 0 | J92: =ROUND(I92*E92,0) -> 0 | K92: 12 | L92: =ROUND(E92*K92,0) -> 810672
F93: =SUM(F91:F92) -> 0 | H93: =SUM(H91:H92) -> 4521346 | J93: =SUM(J91:J92) -> 0 | L93: =SUM(L91:L92) -> 4521346
B94: ITEMS NO PREVISTOS PAVIMENTO RIGIDO
A95: NP-30 | B95: Sardinel Prefabricado Bloque cemento A-85 | C95: ML | E95: 47857 | F95: =ROUND(D95*E95,0) -> 0 | G95: =IF(K95>D95,K95-D95,0) -> 725.05 | H95: =ROUND(E95*G95,0) -> 34698718 | I95: 0 | J95: =ROUND(I95*E95,0) -> 0 | K95: 725.05 | L95: =ROUND(E95*K95,0) -> 34698718
A96: NP-31 | B96: Sardinel Prefabricado Bloque Cemento A-100 | C96: UND | E96: 42899 | F96: =ROUND(D96*E96,0) -> 0 | G96: =IF(K96>D96,K96-D96,0) -> 321 | H96: =ROUND(E96*G96,0) -> 13770579 | I96: 0 | J96: =ROUND(I96*E96,0) -> 0 | K96: 321 | L96: =ROUND(E96*K96,0) -> 13770579 | M96: 7
F97: =SUM(F95:F96) -> 0 | H97: =SUM(H95:H96) -> 48469297 | J97: =SUM(J95:J96) -> 0 | L97: =SUM(L95:L96) -> 48469297
B98: ITEMS NO PREVISTO COMPLEMENTARIOS
A99: NP-33 | B99: Sumidero aguas lluvias en concreto 3000PSI reforzado elab. obra, e=0.20m, sec 1.0*1.0m, rejilla en perfil U 3x1.1/2x1/4" | C99: ML | E99: 1196003 | F99: =ROUND(D99*E99,0) -> 0 | G99: =IF(K99>D99,K99-D99,0) -> 14 | H99: =ROUND(E99*G99,0) -> 16744042 | I99: 0 | J99: =ROUND(I99*E99,0) -> 0 | K99: 14 | L99: =ROUND(E99*K99,0) -> 16744042
A100: NP-34 | B100: Realce y nivelacion de pozos y sumideros de inspeccion AN/ALL | C100: UND | E100: 427183 | F100: =ROUND(D100*E100,0) -> 0 | G100: 26 | H100: =ROUND(E100*G100,0) -> 11106758 | I100: 0 | J100: =ROUND(I100*E100,0) -> 0 | K100: 25 | L100: =ROUND(E100*K100,0) -> 10679575
F101: =SUM(F99:F99) -> 0 | H101: =SUM(H99:H100) -> 27850800 | J101: =SUM(J99:J99) -> 0 | L101: =SUM(L99:L100) -> 27423617 | O101: =H80+H89 -> 47449084 | P101: =O101*1.35 -> 64056263
...

Sheet MOD-OP-2  (3)
C1: CONTRATO No : 096 DE 2015 | G1: VALOR INICIAL DEL CONTRATO: | J1: FECHA DE LA PRESENTE ACTA:
C2: OBJETO: | G2: 2128394192 | J2: 09 DE JULIO DE 2015
C3: MEJORAMIENTO Y ADECUACION DE VIAS EN CONCRETO RIGIDO EN OBRAS COMPLEMENTARIAS PARA EL CENTRO POBLADO DE CHICHIMENE DEL MUNICIPIO DE ACACIAS. | G3: VALOR ANTICIPO: | J3: PORCENTAJE DE LA PRESENTE ACTA:
G4: =G2/2 -> 1064197096 | J4: 1
G5: VALOR ADICIONAL: | J5: VALOR PRESENTE ACTA:
G6: N/A | J6: N/A
G7: VALOR ANTICIPO ADICIONAL | J7: VALOR A AMORTIZAR PRESENTE ACTA
G8: N/A | J8: N/A
G9: VALOR ACTUAL DEL CONTRATO: | J9: PORCENTAJE TOTAL EJECUTADO:
A10: DEPARTAMENTO DEL META | C10: CONTRATISTA: CONSORCIO 2015 CHICHIMENE R/L ANA ELVIA CARRANZA ACOSTA | G10: =D116 -> 2128393594 | J10: 0.8898
A11: MUNICIPIO DE ACACIAS | G11: VALOR ACTAS PARCIALES | J11: ESTADO: EN EJECUCION
A12: SECRETARIA DE INFRAESTRUCTURA | C12: INTERVENTOR : B&C DISEÑOS Y CONSTRUCCIONES R/L RICARDO ANTONIO MEJIA OSORIO | G12: 1701902047
A13: ACTA MODIFICATORIA No 01 | G13: VALOR AMORTIZADO PARCIALES
C14: SUPERVISOR: SECRETARIA DE INFRAESTRUCTURA | G14: 8.5095102e+08
A16: En el Municipio de Acacias - Meta, a a los NUEVE (09) dias del mes de JULIO del año 2015, se reunieron: la Ingeniera Ana Elvia Carranza Acosta Representante legal de la Consorcio 2015 Chichimene, Contratista, el Ingeniero Jimmy Andres Torres Castro Secretario de Infraestructura, Ricardo Antonio Mejia Osorio como Representante legal de la Interventoria contratada, para dejar constancia de la presente Acta Modificatoria No. 1, para lo cual se hace necesario realizar el siguiente analisis:
A17: CONDICIONES CONTRACTUALES INICIALES | G17: MAYORES CANTIDADES | I17: MENORES CANTIDADES | K17: CANTIDADES ACTUALIZADAS
A18: ITEM | B18: DESCRIPCION | C18: UND | D18: CANT | E18: V.UNITARIO | F18: V.TOTAL | G18: CANT | H18: VALOR | I18: CANT. | J18: VALOR | K18: CANT | L18: VALOR
A19: MEJORAMIENTO DE VIAS CENTRO POBLADO DE CHICHIMENE
A20: 1 | B20: PRELIMINARES
A21: 1.1 | B21: TOPOGRAFIA DE VIAS. Incl. Localizacion y Replanteo | C21: ML | D21: 1294.5 | E21: 2970 | F21: =ROUND(D21*E21,0) -> 3844665 | G21: =IF(K21>D21,K21-D21,0) -> 0 | H21: =ROUND(E21*G21,0) -> 0 | I21: =IF(D21>K21,D21-K21,0) -> 13.6 | J21: =ROUND(I21*E21,0) -> 40392 | K21: 1280.9 | L21: =ROUND(E21*K21,0) -> 3804273
A22: 1.2 | B22: LOCALIZACION Y REPL. DE SARDINEL (Incl. Cartera y plano) | C22: ML | D22: 2589 | E22: 3057 | F22: =ROUND(D22*E22,0) -> 7914573 | G22: =IF(K22>D22,K22-D22,0) -> 0 | H22: =ROUND(E22*G22,0) -> 0 | I22: =IF(D22>K22,D22-K22,0) -> 154.7 | J22: =ROUND(I22*E22,0) -> 472918 | K22: 2434.3 | L22: =ROUND(E22*K22,0) -> 7441655
A23: 1.3 | B23: RENIVELACION Y COMPACTACION DE LA BANCA EXISTENTE DE 6 A 8 M INC TRANS | C23: KM | D23: 1.29 | E23: 1478476 | F23: =ROUND(D23*E23,0) -> 1907234 | G23: =IF(K23>D23,K23-D23,0) -> 0 | H23: =ROUND(E23*G23,0) -> 0 | I23: =IF(D23>K23,D23-K23,0) -> 0.01 | J23: =ROUND(I23*E23,0) -> 14785 | K23: 1.28 | L23: =ROUND(E23*K23,0) -> 1892449
F24: =SUM(F21:F23) -> 13666472 | H24: =SUM(H21:H23) -> 0 | J24: =SUM(J21:J23) -> 528095 | L24: =SUM(L21:L23) -> 13138377
A25: 2 | B25: DEMOLICION
B26: DEMOLICION CONCRETO SIMPLE INC. Cargue manual 5 km | C26: M3 | D26: 12 | E26: 209569 | F26: =ROUND(D26*E26,0) -> 2514828 | G26: =IF(K26>D26,K26-D26,0) -> 64.84 | H26: =ROUND(E26*G26,0) -> 13588454 | I26: =IF(D26>K26,D26-K26,0) -> 0 | J26: =ROUND(I26*E26,0) -> 0 | K26: 76.84 | L26: =ROUND(E26*K26,0) -> 16103282
F27: =ROUND(D27*E27,0) -> 0
F28: =SUM(F26:F27) -> 2514828 | H28: =SUM(H26:H27) -> 13588454 | J28: =SUM(J26:J27) -> 0 | L28: =SUM(L26:L27) -> 16103282
A29: 3 | B29: EXCAVACIONES
A30: 3.1 | B30: EXCAV. MECAN INC. RETIRO DE SOBRANTE (xa caja de via) | C30: M3 | D30: 4185.45 | E30: 19763 | F30: =ROUND(D30*E30,0) -> 82717048 | G30: =IF(K30>D30,K30-D30,0) -> 473.03 | H30: =ROUND(E30*G30,0) -> 9348492 | I30: =IF(D30>K30,D30-K30,0) -> 0 | J30: =ROUND(I30*E30,0) -> 0 | K30: 4658.48 | L30: =ROUND(E30*K30,0) -> 92065540
A31: 3.2 | B31: EXCAV. SECAS CONGLOMERADO MANUAL. Incl. Retiro 5 kms | C31: M3 | D31: 516.35 | E31: 52187 | F31: =ROUND(D31*E31,0) -> 26946757 | G31: =IF(K31>D31,K31-D31,0) -> 0 | H31: =ROUND(E31*G31,0) -> 0 | I31: =IF(D31>K31,D31-K31,0) -> 60.69 | J31: =ROUND(I31*E31,0) -> 3167229 | K31: 455.66 | L31: =ROUND(E31*K31,0) -> 23779528 | N31: 401.23 | O31: =N31-K31 -> -54.43 | P31: =O31*E30 -> -1075700.1
F32: =SUM(F30:F31) -> 109663805 | H32: =SUM(H30:H31) -> 9348492 | J32: =SUM(J30:J31) -> 3167229 | L32: =SUM(L30:L31) -> 115845068
A33: 4 | B33: RELLENOS
A34: 4.1 | B34: RELLENO MATERIAL T. MAX. 2" COMP. MECAN. Selecc rio | C34: M3 | D34: 211.74 | E34: 31353 | F34: =ROUND(D34*E34,0) -> 6638684 | G34: =IF(K34>D34,K34-D34,0) -> 0 | H34: =ROUND(E34*G34,0) -> 0 | I34: =IF(D34>K34,D34-K34,0) -> 66.84 | J34: =ROUND(I34*E34,0) -> 2095635 | K34: 144.9 | L34: =ROUND(E34*K34,0) -> 4543050 | N34: 204.89 | O34: =N34-K34 -> 59.99 | P34: =O34*E34 -> 1880866.5
A35: 4.2 | B35: SUB-BASE GRAN. RIO SELEC. T. MAX. 2" Inc. Transp 5 km | C35: M3 | D35: 1486.4 | E35: 59142 | F35: =ROUND(D35*E35,0) -> 87908669 | G35: =IF(K35>D35,K35-D35,0) -> 0 | H35: =ROUND(E35*G35,0) -> 0 | I35: =IF(D35>K35,D35-K35,0) -> 69.76 | J35: =ROUND(I35*E35,0) -> 4125746 | K35: 1416.64 | L35: =ROUND(E35*K35,0) -> 83782923
F36: =SUM(F34:F35) -> 94547353 | H36: =SUM(H34:H35) -> 0 | J36: =SUM(J34:J35) -> 6221381 | L36: =SUM(L34:L35) -> 88325973
A37: 5 | B37: PAVIMENTOS RIGIDOS
A38: 5.1 | B38: PAVIMENTO CONCRETO MR= 3,8 Inc transporte 5 kms | C38: M3 | D38: 1486.4 | E38: 666008 | F38: =ROUND(D38*E38,0) -> 989954291 | G38: =IF(K38>D38,K38-D38,0) -> 0 | H38: =ROUND(E38*G38,0) -> 0 | I38: =IF(D38>K38,D38-K38,0) -> 74.16 | J38: =ROUND(I38*E38,0) -> 49391153 | K38: 1412.24 | L38: =ROUND(E38*K38,0) -> 940563138 | N38: 1402.8 | O38: =N38-K38 -> -9.44 | P38: =O38*E38 -> -6287115.5
A39: 5.2 | B39: ACERO REFUERZO FIGURADO 412Mpa, ( 4200 KG/CM2, G60) | C39: KG | D39: 10000 | E39: 4005 | F39: =ROUND(D39*E39,0) -> 40050000 | G39: =IF(K39>D39,K39-D39,0) -> 0 | H39: =ROUND(E39*G39,0) -> 0 | I39: =IF(D39>K39,D39-K39,0) -> 1695.38 | J39: =ROUND(I39*E39,0) -> 6789997 | K39: 8304.62 | L39: =ROUND(E39*K39,0) -> 33260003 | N39: 6123.52 | O39: =N39-K39 -> -2181.1 | P39: =O39*E39 -> -8735305.5
A40: 5.3 | B40: SARDINEL PREFAB BLOQUE CEMENTO A-10 SENCILLO | C40: ML | D40: 2589 | E40: 56280 | F40: =ROUND(D40*E40,0) -> 145708920 | G40: =IF(K40>D40,K40-D40,0) -> 0 | H40: =ROUND(E40*G40,0) -> 0 | I40: =IF(D40>K40,D40-K40,0) -> 988.92 | J40: =ROUND(I40*E40,0) -> 55656418 | K40: 1600.08 | L40: =ROUND(E40*K40,0) -> 90052502 | N40: 133201253 | O40: 2366.76 | P40: =O40*0.6 -> 1420.056 | Q40: A-10 | R40: =O40-P40 -> 946.704 | S40: =R40/15 -> 63.1136
F41: =SUM(F38:F40) -> 1175713211 | H41: =SUM(H38:H40) -> 0 | J41: =SUM(J38:J40) -> 111837568 | L41: =SUM(L38:L40) -> 1063875643 | P41: =O40*0.25 -> 591.69 | Q41: A-85
A42: 6 | B42: SEÑALIZACION | P42: =O40*0.15 -> 355.014 | Q42: A-100
A43: 6.1 | B43: LINEA DEMAR. VIAL PINTURA FRIA, e= 0,12m, Inc Microesf | C43: ML | D43: 3883.5 | E43: 2973 | F43: =ROUND(D43*E43,0) -> 11545646 | G43: =IF(K43>D43,K43-D43,0) -> 0 | H43: =ROUND(E43*G43,0) -> 0 | I43: =IF(D43>K43,D43-K43,0) -> 1481.74 | J43: =ROUND(I43*E43,0) -> 4405213 | K43: 2401.76 | L43: =ROUND(E43*K43,0) -> 7140432
A44: 6.2 | B44: LINEA DEMAR. VIAL PINTURA FRIA, e= 0,4m, Inc Microesf | C44: ML | D44: 348 | E44: 8919 | F44: =ROUND(D44*E44,0) -> 3103812 | G44: =IF(K44>D44,K44-D44,0) -> 0 | H44: =ROUND(E44*G44,0) -> 0 | I44: =IF(D44>K44,D44-K44,0) -> 208.97 | J44: =ROUND(I44*E44,0) -> 1863803 | K44: 139.03 | L44: =ROUND(E44*K44,0) -> 1240009
A45: 6.3 | B45: SEÑALIZACION VERTICAL. 0.60X0.60CM Inc post | C45: UND | D45: 19 | E45: 209715 | F45: =ROUND(D45*E45,0) -> 3984585 | G45: =IF(K45>D45,K45-D45,0) -> 0 | H45: =ROUND(E45*G45,0) -> 0 | I45: =IF(D45>K45,D45-K45,0) -> 7 | J45: =ROUND(I45*E45,0) -> 1468005 | K45: 12 | L45: =ROUND(E45*K45,0) -> 2516580
F46: =SUM(F43:F45) -> 18634043 | H46: =SUM(H43:H45) -> 0 | J46: =SUM(J43:J45) -> 7737021 | L46: =SUM(L43:L45) -> 10897021
A47: 7 | B47: COMPLEMENTARIOS
A48: 7.1 | B48: ANDEN CONCRETO 20,7 Mpa (3000 psi) e=0.07 MTS | C48: M2 | D48: 1553.4 | E48: 45125 | F48: =ROUND(D48*E48,0) -> 70097175 | G48: =IF(K48>D48,K48-D48,0) -> 0 | H48: =ROUND(E48*G48,0) -> 0 | I48: =IF(D48>K48,D48-K48,0) -> 50.59 | J48: =ROUND(I48*E48,0) -> 2282874 | K48: 1502.81 | L48: =ROUND(E48*K48,0) -> 67814301 | N48: =D117 -> 598 | O48: =D117/E48 -> 0.013252078 | P48: =K48+O48 -> 1502.8233
A49: 7.2 | B49: SOBREACARREO MATERIAL, 20% compacta. | C49: M3-KM | D49: 47768.1 | E49: 1133 | F49: =ROUND(D49*E49,0) -> 54121257 | G49: =IF(K49>D49,K49-D49,0) -> 0 | H49: =ROUND(E49*G49,0) -> 0 | I49: =IF(D49>K49,D49-K49,0) -> 33601.72 | J49: =ROUND(I49*E49,0) -> 38070749 | K49: 14166.38 | L49: =ROUND(E49*K49,0) -> 16050509
A50: 7.3 | B50: Acometida domic. Acued. 3x1/2" (inc. Sumin. E instal. Manguera 10m, accesorios, registro corte y cajilla) | C50: UND | D50: 90 | E50: 131673 | F50: =ROUND(D50*E50,0) -> 11850570 | G50: =IF(K50>D50,K50-D50,0) -> 0 | H50: =ROUND(E50*G50,0) -> 0 | I50: =IF(D50>K50,D50-K50,0) -> 90 | J50: =ROUND(I50*E50,0) -> 11850570 | K50: 0 | L50: =ROUND(E50*K50,0) -> 0 | N50: =N114 -> 598
A51: 7.4 | B51: Sumidero agua lluvias en concreto 3000PSI reforzado elab. Obra, e=0,20m, secc 0.5X0,6m, rejilla en perfil U 3x1. 1/2x1/4" | C51: ML | D51: 18 | E51: 1245000 | F51: =ROUND(D51*E51,0) -> 22410000 | G51: =IF(K51>D51,K51-D51,0) -> 0 | H51: =ROUND(E51*G51,0) -> 0 | I51: =IF(D51>K51,D51-K51,0) -> 18 | J51: =ROUND(I51*E51,0) -> 22410000 | K51: 0 | L51: =ROUND(E51*K51,0) -> 0 | O51: =N51*11 -> 0 | P51: =L51-O51 -> 0
A52: 7.5 | B52: Suministro e instalacion de tuberia PVC unión mecanica para alcantarillados 8" (inc. Nivelacion de precision) | C52: ML | D52: 56 | E52: 60171 | F52: =ROUND(D52*E52,0) -> 3369576 | G52: =IF(K52>D52,K52-D52,0) -> 147.33 | H52: =ROUND(E52*G52,0) -> 8864993 | I52: =IF(D52>K52,D52-K52,0) -> 0 | J52: =ROUND(I52*E52,0) -> 0 | K52: 203.33 | L52: =ROUND(E52*K52,0) -> 12234569
F53: =SUM(F48:F52) -> 161848578 | H53: =SUM(H48:H52) -> 8864993 | J53: =SUM(J48:J52) -> 74614193 | L53: =SUM(L48:L52) -> 96099379
B54: ITEMS NO PREVISTOS PRESENTE ACTA
B55: ITEMS NO PREVISTOS MEJORAMIENTO DEL LAS REDES SANITARIAS
A56: NP-1 | B56: EXCAVACION MECANICA < 3 ML | C56: M3 | D56: ='MOD-1'!D233+'MOD-1'!D589+'MOD-1'!D644 -> 0 | E56: 12899 | F56: =ROUND(D56*E56,0) -> 0 | G56: =IF(K56>D56,K56-D56,0) -> 173.28 | H56: =ROUND(E56*G56,0) -> 2235139 | I56: 0 | J56: =ROUND(I56*E56,0) -> 0 | K56: 173.28 | L56: =ROUND(E56*K56,0) -> 2235139
A57: NP-2 | B57: Suministro e instalación de Kit Silla Yee 8 x 6" de PVC para alcantarillados (incluye acondicionador y adhesivo) | C57: UND | D57: ='MOD-1'!D234+'MOD-1'!D590+'MOD-1'!D645 -> 0 | E57: 119378 | F57: =ROUND(D57*E57,0) -> 0 | G57: =IF(K57>D57,K57-D57,0) -> 12 | H57: =ROUND(E57*G57,0) -> 1432536 | I57: 0 | J57: =ROUND(I57*E57,0) -> 0 | K57: 12 | L57: =ROUND(E57*K57,0) -> 1432536
A58: NP-3 | B58: Suministro e instalación de tubería PVC unión mecánica para alcantarillados 6" (inc. nivelación de precisión) | C58: ML | E58: 31124 | F58: =ROUND(D58*E58,0) -> 0 | G58: =IF(K58>D58,K58-D58,0) -> 98 | H58: =ROUND(E58*G58,0) -> 3050152 | I58: 0 | J58: =ROUND(I58*E58,0) -> 0 | K58: 98 | L58: =ROUND(E58*K58,0) -> 3050152
A59: NP-4 | B59: Caja inspección 0.70x0.70m, concreto ref. 3000 PSI elab. obra, h=0.70m , e=0.07m (inc. excavación, formaleta 1/3 usos) | C59: UND | E59: 171088 | F59: =ROUND(D59*E59,0) -> 0 | G59: =IF(K59>D59,K59-D59,0) -> 15 | H59: =ROUND(E59*G59,0) -> 2566320 | I59: 0 | J59: =ROUND(I59*E59,0) -> 0 | K59: 15 | L59: =ROUND(E59*K59,0) -> 2566320
A60: NP-5 | B60: CILINDRO POZO INSPECCION D=1,20m (COCNRETO SIMPLE F´C= 21 Mpa ELAB. EN OBRA, e= 0,20m, INCLUYE ESCALERA GATO VAR. # 6) | C60: ML | D60: ='MOD-1'!D235+'MOD-1'!D591+'MOD-1'!D646 -> 0 | E60: 474275 | F60: =ROUND(D60*E60,0) -> 0 | G60: =K60 -> 5.2 | H60: =ROUND(E60*G60,0) -> 2466230 | I60: 0 | J60: =ROUND(I60*E60,0) -> 0 | K60: 5.2 | L60: =ROUND(E60*K60,0) -> 2466230
A61: NP-6 | B61: PLACA CIRCULAR CUBIERTA- POZO INSPECCION D=1,20m (COCNRETO F´C= 21 Mpa REFORZ, ELAB. EN OBRA, e=0,20m) | C61: UND | D61: ='MOD-1'!D236+'MOD-1'!D592+'MOD-1'!D647 -> 0 | E61: 492517 | F61: =ROUND(D61*E61,0) -> 0 | G61: =K61 -> 4 | H61: =ROUND(E61*G61,0) -> 1970068 | I61: 0 | J61: =ROUND(I61*E61,0) -> 0 | K61: 4 | L61: =ROUND(E61*K61,0) -> 1970068
A62: NP-7 | B62: PLACA CIRCULAR BASE- POZO INSPECCION D=1,20m (COCNRETO F´C= 28 Mpa REFORZ, ELAB. EN OBRA, e=0,20m) | C62: UND | D62: ='MOD-1'!D237+'MOD-1'!D593+'MOD-1'!D648 -> 0 | E62: 424400 | F62: =ROUND(D62*E62,0) -> 0 | G62: =K62 -> 4 | H62: =ROUND(E62*G62,0) -> 1697600 | I62: 0 | J62: =ROUND(I62*E62,0) -> 0 | K62: 4 | L62: =ROUND(E62*K62,0) -> 1697600
A63: NP-8 | B63: CAÑUELA POZO INSPECCION PARA TUBERIA ENTRE 8" Y 12" (CONCRETO F´C=28 Mpa ELAB. EN OBRA.) | C63: UND | D63: ='MOD-1'!D238+'MOD-1'!D594+'MOD-1'!D649 -> 0 | E63: 119328 | F63: =ROUND(D63*E63,0) -> 0 | G63: =K63 -> 18 | H63: =ROUND(E63*G63,0) -> 2147904 | I63: 0 | J63: =ROUND(I63*E63,0) -> 0 | K63: 18 | L63: =ROUND(E63*K63,0) -> 2147904
A64: NP-9 | B64: ARENA PARA BASE DE TUBERIA (INCLUYE EXTENDIDA Y COMPACTADA) | C64: M3 | D64: ='MOD-1'!D239+'MOD-1'!D595+'MOD-1'!D650 -> 0 | E64: 37830 | F64: =ROUND(D64*E64,0) -> 0 | G64: =IF(K64>D64,K64-D64,0) -> 141.38 | H64: =ROUND(E64*G64,0) -> 5348405 | I64: 0 | J64: =ROUND(I64*E64,0) -> 0 | K64: 141.38 | L64: =ROUND(E64*K64,0) -> 5348405
A65: NP-10 | B65: RETIRO DE SOBRANTES <= 5 KM. INCL. CARGUE MANUAL | C65: M3 | D65: ='MOD-1'!D240+'MOD-1'!D596+'MOD-1'!D651 -> 0 | E65: 13834 | F65: =ROUND(D65*E65,0) -> 0 | G65: =IF(K65>D65,K65-D65,0) -> 156.4 | H65: =ROUND(E65*G65,0) -> 2163638 | I65: 0 | J65: =ROUND(I65*E65,0) -> 0 | K65: 156.4 | L65: =ROUND(E65*K65,0) -> 2163638
A66: NP-11 | B66: RELLENO DE MATERIAL SELECCIONADO TAMAÑO MAX. 3" | C66: M3 | D66: ='MOD-1'!D241+'MOD-1'!D597+'MOD-1'!D652 -> 0 | E66: 29218 | F66: =ROUND(D66*E66,0) -> 0 | G66: =IF(K66>D66,K66-D66,0) -> 539.82 | H66: =ROUND(E66*G66,0) -> 15772461 | I66: 0 | J66: =ROUND(I66*E66,0) -> 0 | K66: 539.82 | L66: =ROUND(E66*K66,0) -> 15772461 | N66: 8174714.8 | O66: =N66/E66 -> 279.78352
F67: =SUM(F56:F66) -> 0 | H67: =SUM(H56:H66) -> 40850453 | J67: =SUM(J56:J66) -> 0 | L67: =SUM(L56:L66) -> 40850453
B68: ITEMS NO PREVISTO MEJORAMIENTO SISTEMA DE ACUEDUCTO
A69: NP-12 | B69: Suministro e Instalacion tuberia PVC extremos lisos para acueducto - Presión Trab. 200PSI - 1" (Incl. Union e instal. Acces.) | C69: ML | E69: 5132 | F69: =ROUND(D69*E69,0) -> 0 | G69: =IF(K69>D69,K69-D69,0) -> 1162.74 | H69: =ROUND(E69*G69,0) -> 5967182 | I69: 0 | J69: =ROUND(I69*E69,0) -> 0 | K69: 1162.74 | L69: =ROUND(E69*K69,0) -> 5967182
F70: =SUM(F69) -> 0 | H70: =SUM(H69) -> 5967182 | J70: =SUM(J69) -> 0 | L70: =SUM(L69) -> 5967182
B71: ITEMS NO PREVISTO REDES ELECTRICAS
B72: REDES ELECTRICAS BAJA TENSION
A73: NP-13 | B73: DESMONTE Y MONTAJE DE RED EN BAJA TENSION | C73: ML | D73: 0 | E73: 17716 | F73: =ROUND(D73*E73,0) -> 0 | G73: =IF(K73>D73,K73-D73,0) -> 1228.47 | H73: =ROUND(E73*G73,0) -> 21763575 | I73: 0 | J73: =ROUND(I73*E73,0) -> 0 | K73: 1228.47 | L73: =ROUND(E73*K73,0) -> 21763575 | N73: modificar
A74: NP-14 | B74: DESMONTE Y MONTAJE DE LUMINARIAS EXISTENTES | C74: UN | D74: 0 | E74: 67980 | F74: =ROUND(D74*E74,0) -> 0 | G74: =IF(K74>D74,K74-D74,0) -> 17 | H74: =ROUND(E74*G74,0) -> 1155660 | I74: 0 | J74: =ROUND(I74*E74,0) -> 0 | K74: 17 | L74: =ROUND(E74*K74,0) -> 1155660 | N74: modificar
A75: NP-15 | B75: DESMONTE Y MONTAJE DE ESTRUCTURAS DE BAJA TENSION CON PERCHA DE 5 PUESTOS | C75: UN | D75: 0 | E75: 67980 | F75: =ROUND(D75*E75,0) -> 0 | G75: 17 | H75: =ROUND(E75*G75,0) -> 1155660 | I75: 0 | J75: =ROUND(I75*E75,0) -> 0 | K75: 17 | L75: =ROUND(E75*K75,0) -> 1155660 | N75: modificar
A76: NP-16 | B76: TRASLADO DE POSTE DE CONCRETO DE 8 METROS | C76: UN | D76: 0 | E76: 185790 | F76: =ROUND(D76*E76,0) -> 0 | G76: 16 | H76: =ROUND(E76*G76,0) -> 2972640 | I76: 0 | J76: =ROUND(I76*E76,0) -> 0 | K76: 16 | L76: =ROUND(E76*K76,0) -> 2972640 | N76: modificar
A77: NP-17 | B77: SUMINISTRO E INSTALACION DE POSTE DE CONCRETO 8 METROS 1050 KGF | C77: UN | D77: 0 | E77: 681087 | F77: =ROUND(D77*E77,0) -> 0 | G77: =IF(K77>D77,K77-D77,0) -> 4 | H77: =ROUND(E77*G77,0) -> 2724348 | I77: 0 | J77: =ROUND(I77*E77,0) -> 0 | K77: 4 | L77: =ROUND(E77*K77,0) -> 2724348 | N77: modificar
A78: NP-18 | B78: RETIRO DE POSTE Y TRANSPORTE A ALMACEN DE MUNICIPIO | C78: UN | D78: 0 | E78: 375372 | F78: =ROUND(D78*E78,0) -> 0 | G78: =IF(K78>D78,K78-D78,0) -> 7 | H78: =ROUND(E78*G78,0) -> 2627604 | I78: 0 | J78: =ROUND(I78*E78,0) -> 0 | K78: 7 | L78: =ROUND(E78*K78,0) -> 2627604 | N78: modificar
A79: NP-19 | B79: TRASLADO DE PUESTA A TIERRA EN TERMIANLES DE BAJA TENSION | C79: UN | D79: 0 | E79: 121004 | F79: =ROUND(D79*E79,0) -> 0 | G79: =IF(K79>D79,K79-D79,0) -> 4 | H79: =ROUND(E79*G79,0) -> 484016 | I79: 0 | J79: =ROUND(I79*E79,0) -> 0 | K79: 4 | L79: =ROUND(E79*K79,0) -> 484016 | N79: modificar
F80: =SUM(F73:F79) -> 0 | H80: =SUM(H73:H79) -> 32883503 | J80: =SUM(J73:J79) -> 0 | L80: =SUM(L73:L79) -> 32883503
B81: REDES ELECTRICAS MEDIO TENSION
A82: NP-20 | B82: DESMONTE DE RED EN MEDIA TENSION 2 HILOS | C82: ML | D82: 0 | E82: 10511 | F82: =ROUND(D82*E82,0) -> 0 | G82: 70 | H82: =ROUND(E82*G82,0) -> 735770 | I82: 0 | J82: =ROUND(I82*E82,0) -> 0 | K82: 70 | L82: =ROUND(E82*K82,0) -> 735770 | N82: modificar
A83: NP-21 | B83: DESMONTE Y MONTAJE DE ESTRUCTURA IPSE 710 | C83: UN | D83: 0 | E83: =89191*2 -> 178382 | F83: =ROUND(D83*E83,0) -> 0 | G83: =IF(K83>D83,K83-D83,0) -> 1 | H83: =ROUND(E83*G83,0) -> 178382 | I83: 0 | J83: =ROUND(I83*E83,0) -> 0 | K83: 1 | L83: =ROUND(E83*K83,0) -> 178382 | N83: modificar
A84: NP-22 | B84: DESMONTE Y MONTAJE DE ESTRUCTURA IPSE 514 | C84: UN | D84: 0 | E84: =59460*2 -> 118920 | F84: =ROUND(D84*E84,0) -> 0 | G84: =IF(K84>D84,K84-D84,0) -> 1 | H84: =ROUND(E84*G84,0) -> 118920 | I84: 0 | J84: =ROUND(I84*E84,0) -> 0 | K84: 1 | L84: =ROUND(E84*K84,0) -> 118920 | N84: modificar
A85: NP-23 | B85: DESMONTE Y MONTAJE DE TRANSFORMADOR MONOFASICO | C85: UN | D85: 0 | E85: =134141*2 -> 268282 | F85: =ROUND(D85*E85,0) -> 0 | G85: =IF(K85>D85,K85-D85,0) -> 1 | H85: =ROUND(E85*G85,0) -> 268282 | I85: 0 | J85: =ROUND(I85*E85,0) -> 0 | K85: 1 | L85: =ROUND(E85*K85,0) -> 268282 | N85: modificar
A86: NP-24 | B86: TRASLADO DE POSTE DE CONCRETO DE 12 METROS | C86: UN | D86: 0 | E86: 280506 | F86: =ROUND(D86*E86,0) -> 0 | G86: =IF(K86>D86,K86-D86,0) -> 1 | H86: =ROUND(E86*G86,0) -> 280506 | I86: 0 | J86: =ROUND(I86*E86,0) -> 0 | K86: 1 | L86: =ROUND(E86*K86,0) -> 280506 | N86: modificar
A87: NP-25 | B87: MONTAJE DE RED EN MEDIA TENSION BIFILAR, INCLUYE ALARGUE DE 20 METROS DE CONDUCTOR ACSR 2 | C87: ML | D87: 0 | E87: 13912 | F87: =ROUND(D87*E87,0) -> 0 | G87: =IF(K87>D87,K87-D87,0) -> 68 | H87: =ROUND(E87*G87,0) -> 946016 | I87: 0 | J87: =ROUND(I87*E87,0) -> 0 | K87: 68 | L87: =ROUND(E87*K87,0) -> 946016 | N87: ok
A88: NP-26 | B88: TRASLADO DE SISTEMA DE PUESTA A TIERRA PARA TRANSFORMADOR | C88: UN | D88: 0 | E88: 121004 | F88: =ROUND(D88*E88,0) -> 0 | G88: =IF(K88>D88,K88-D88,0) -> 1 | H88: =ROUND(E88*G88,0) -> 121004 | I88: 0 | J88: =ROUND(I88*E88,0) -> 0 | K88: 1 | L88: =ROUND(E88*K88,0) -> 121004 | N88: ok
F89: =SUM(F82:F88) -> 0 | H89: =SUM(H82:H88) -> 2648880 | J89: =SUM(J82:J88) -> 0 | L89: =SUM(L82:L88) -> 2648880
B90: ITEMS NO PREVISTO SEÑALIZACION
A91: NP-27 | B91: Reductor de Velocidad (Plastico). Incluye una Fila de Tachas reflectivas | C91: ML | D91: 0 | E91: 255825 | F91: =ROUND(D91*E91,0) -> 0 | G91: =IF(K91>D91,K91-D91,0) -> 17 | H91: =ROUND(E91*G91,0) -> 4349025 | I91: 0 | J91: =ROUND(I91*E91,0) -> 0 | K91: 17 | L91: =ROUND(E91*K91,0) -> 4349025 | O91: modificar
A92: NP-28 | B92: Hitos Plasticos Reflectivos | C92: UND | D92: 0 | E92: 67556 | F92: =ROUND(D92*E92,0) -> 0 | G92: 18 | H92: =ROUND(E92*G92,0) -> 1216008 | I92: 0 | J92: =ROUND(I92*E92,0) -> 0 | K92: 18 | L92: =ROUND(E92*K92,0) -> 1216008 | O92: oks
F93: =SUM(F91:F92) -> 0 | H93: =SUM(H91:H92) -> 5565033 | J93: =SUM(J91:J92) -> 0 | L93: =SUM(L91:L92) -> 5565033 | N93: =L46+L93 -> 16462054
B94: ITEMS NO PREVISTOS PAVIMENTO RIGIDO
A95: NP-29 | B95: Sardinel Prefabricado Bloque cemento A-85 | C95: ML | E95: 50884 | F95: =ROUND(D95*E95,0) -> 0 | G95: =IF(K95>D95,K95-D95,0) -> 725.05 | H95: =ROUND(E95*G95,0) -> 36893444 | I95: 0 | J95: =ROUND(I95*E95,0) -> 0 | K95: 725.05 | L95: =ROUND(E95*K95,0) -> 36893444 | N95: modificar
A96: NP-30 | B96: Sardinel Prefabricado Bloque Cemento A-100 | C96: UND | E96: 46557 | F96: =ROUND(D96*E96,0) -> 0 | G96: =IF(K96>D96,K96-D96,0) -> 321 | H96: =ROUND(E96*G96,0) -> 14944797 | I96: 0 | J96: =ROUND(I96*E96,0) -> 0 | K96: 321 | L96: =ROUND(E96*K96,0) -> 14944797 | M96: 7 | N96: modificar
F97: =SUM(F95:F96) -> 0 | H97: =SUM(H95:H96) -> 51838241 | J97: =SUM(J95:J96) -> 0 | L97: =SUM(L95:L96) -> 51838241
B98: ITEMS NO PREVISTO COMPLEMENTARIOS
A99: NP-31 | B99: Sumidero aguas lluvias en concreto 3000PSI reforzado elab. obra, e=0.20m, sec 1.0*1.0m, rejilla en perfil U 3x1.1/2x1/4" | C99: ML | E99: 1196003 | F99: =ROUND(D99*E99,0) -> 0 | G99: =IF(K99>D99,K99-D99,0) -> 14 | H99: =ROUND(E99*G99,0) -> 16744042 | I99: 0 | J99: =ROUND(I99*E99,0) -> 0 | K99: 14 | L99: =ROUND(E99*K99,0) -> 16744042
A100: NP-32 | B100: Realce y nivelacion de pozos y sumideros de inspeccion AN/ALL | C100: UND | E100: 427183 | F100: =ROUND(D100*E100,0) -> 0 | G100: 37 | H100: =ROUND(E100*G100,0) -> 15805771 | I100: 0 | J100: =ROUND(I100*E100,0) -> 0 | K100: 37 | L100: =ROUND(E100*K100,0) -> 15805771
F101: =SUM(F99:F99) -> 0 | H101: =SUM(H99:H100) -> 32549813 | J101: =SUM(J99:J99) -> 0 | L101: =SUM(L99:L100) -> 32549813 | O101: =H80+H89 -> 35532383 | P101: =O101*1.35 -> 47968717
...

Sheet MOD-1
C1: CONTRATO No : 096 DE 2105 | G1: VALOR INICIAL DEL CONTRATO: | J1: FECHA DE LA PRESENTE ACTA:
C2: OBJETO: | G2: 2128394192
G3: VALOR ANTICIPO: | J3: PORCENTAJE DE LA PRESENTE ACTA:
G5: VALOR ADICIONAL: | J5: VALOR PRESENTE ACTA:
G7: VALOR ANTICIPO ADICIONAL | J7: VALOR A AMORTIZAR PRESENTE ACTA | M7: 180000000
G9: VALOR ACTUAL DEL CONTRATO: | J9: PORCENTAJE TOTAL EJECUTADO: | M9: =G2*30% -> 6.3851826e+08
A10: DEPARTAMENTO DEL META | C10: CONTRATISTA: R/L | G10: =G2 -> 2128394192 | M10: =M9-M7 -> 4.5851826e+08
A11: MUNICIPIO DE ACACIAS | G11: VALOR ACTA DE RECIBO PARCIAL | J11: ESTADO:
A12: SECRETARIA DE INFRAESTRUCTURA | C12: INTERVENTOR :
A13: ACTA MODIFICATORIA No 01 | G13: VALOR AMORTIZADO PARCIAL
C14: SUPERVISOR:
A16: En el Municipio de Acacias - Meta, a a los Diecinueve (19) dias del mes de Noviembre del año 2012, se reunieron el Ingeniero xxxxxxxxxxxxxxxxxxxxxxxxx Representante legal de la Union Temporal J.M., el Ingeniero xxxxxxxxxxxxxxxxx Secretario de Infraestructura, xxxxxxxxxxxxxxxxxxxxxxxxx , Supervisora del Municipio, Laxxxxxxxxxxxxxxxxxxxxx como Representante legal de, Interventoria contratada y el xxxxxxxxxxxxxxxxxxxxxxxxxxxxxx, como xxxxxxxxxxxxxxxxs, para dejar constancia de la presente Acta Modificatoria, para lo cual se hace necesario realizar el siguiente analisis:
A17: CONDICIONES CONTRACTUALES INICIALES | G17: MAYORES CANTIDADES | I17: MENORES CANTIDADES | K17: CANTIDADES ACTUALIZADAS
A18: ITEM | B18: DESCRIPCION | C18: UND | D18: CANT | E18: V.UNITARIO | F18: V.TOTAL | G18: CANT | H18: VALOR | I18: CANT. | J18: VALOR | K18: CANT | L18: VALOR
A19: VIA 1
A20: 1 | B20: PRELIMINARES
A21: 1.1 | B21: TOPOGRAFIA DE VIAS. Incl. Localizacion y Replanteo | C21: ML | D21: 127.59 | E21: 2970 | F21: =ROUND(D21*E21,0) -> 378942 | G21: =IF(K21>D21,K21-D21,0) -> 0 | H21: =ROUND(E21*G21,0) -> 0 | I21: =IF(D21>K21,D21-K21,0) -> 0 | J21: =ROUND(I21*E21,0) -> 0 | K21: 127.59 | L21: =ROUND(E21*K21,0) -> 378942
A22: 1.2 | B22: LOCALIZACION Y REPL. DE SARDINEL (Incl. Cartera y plano) | C22: ML | D22: 248.18 | E22: 3057 | F22: =ROUND(D22*E22,0) -> 758686 | G22: =IF(K22>D22,K22-D22,0) -> 0 | H22: =ROUND(E22*G22,0) -> 0 | I22: =IF(D22>K22,D22-K22,0) -> 0 | J22: =ROUND(I22*E22,0) -> 0 | K22: 248.18 | L22: =ROUND(E22*K22,0) -> 758686
A23: 1.3 | B23: RENIVELACION Y COMPACTACION DE LA BANCA EXISTENTE DE 6 A 8 M INC TRANS | C23: KM | D23: 0.13 | E23: 1478476 | F23: =ROUND(D23*E23,0) -> 192202 | G23: =IF(K23>D23,K23-D23,0) -> 0 | H23: =ROUND(E23*G23,0) -> 0 | I23: 0 | J23: =ROUND(I23*E23,0) -> 0 | K23: 0.13 | L23: =ROUND(E23*K23,0) -> 192202
F24: =SUM(F21:F23) -> 1329830 | H24: =SUM(H21:H23) -> 0 | J24: =SUM(J21:J23) -> 0 | L24: =SUM(L21:L23) -> 1329830
A25: 2 | B25: DEMOLICION
B26: DEMOLICION CONCRETO SIMPLE INC. Cargue manual 5 km | C26: M3 | D26: 10.89 | E26: 209569 | F26: =ROUND(D26*E26,0) -> 2282206 | G26: =IF(K26>D26,K26-D26,0) -> 0 | H26: =ROUND(E26*G26,0) -> 0 | I26: 0 | J26: =ROUND(I26*E26,0) -> 0 | L26: =ROUND(E26*K26,0) -> 0
F27: =SUM(F26:F26) -> 2282206 | H27: =SUM(H26:H26) -> 0 | J27: =SUM(J26:J26) -> 0 | L27: =SUM(L26:L26) -> 0
A29: 3 | B29: EXCAVACIONES
A30: 3.1 | B30: EXCAV. MECAN INC. RETIRO DE SOBRANTE (xa caja de via) | C30: M3 | D30: 491.22 | E30: 19763 | F30: =ROUND(D30*E30,0) -> 9707981 | G30: =IF(K30>D30,K30-D30,0) -> 0 | H30: =ROUND(E30*G30,0) -> 0 | I30: 0 | J30: =ROUND(I30*E30,0) -> 0 | L30: =ROUND(E30*K30,0) -> 0
A31: 3.2 | B31: EXCAV. SECAS CONGLOMERADO MANUAL. Incl. Retiro 5 kms | C31: M3 | D31: 39.23 | E31: 52187 | F31: =ROUND(D31*E31,0) -> 2047296 | G31: =IF(K31>D31,K31-D31,0) -> 0 | H31: =ROUND(E31*G31,0) -> 0 | I31: 0 | J31: =ROUND(I31*E31,0) -> 0 | L31: =ROUND(E31*K31,0) -> 0
F32: =SUM(F30:F31) -> 11755277 | H32: =SUM(H30:H31) -> 0 | J32: =SUM(J30:J31) -> 0 | L32: =SUM(L30:L31) -> 0
A34: 4 | B34: RELLENOS
A35: 4.1 | B35: RELLENO MATERIAL T. MAX. 2" COMP. MECAN. Selecc rio | C35: M3 | D35: 26.82 | E35: 31353 | F35: =ROUND(D35*E35,0) -> 840887 | G35: =IF(K35>D35,K35-D35,0) -> 0 | H35: =ROUND(E35*G35,0) -> 0 | I35: 0 | J35: =ROUND(I35*E35,0) -> 0 | L35: =ROUND(E35*K35,0) -> 0
A36: 4.2 | B36: SUB-BASE GRAN. RIO SELEC. T. MAX. 2" Inc. Transp 5 km | C36: M3 | D36: 178.62 | E36: 59142 | F36: =ROUND(D36*E36,0) -> 10563944 | G36: =IF(K36>D36,K36-D36,0) -> 0 | H36: =ROUND(E36*G36,0) -> 0 | I36: 0 | J36: =ROUND(I36*E36,0) -> 0 | L36: =ROUND(E36*K36,0) -> 0
F37: =SUM(F35:F36) -> 11404831 | H37: =SUM(H35:H36) -> 0 | J37: =SUM(J35:J36) -> 0 | L37: =SUM(L35:L36) -> 0
A38: 5 | B38: PAVIMENTOS RIGIDOS
A39: 5.1 | B39: PAVIMENTO CONCRETO MR= 3,8 Inc transporte 5 kms | C39: M3 | D39: 178.62 | E39: 666008 | F39: =ROUND(D39*E39,0) -> 118962349 | G39: =IF(K39>D39,K39-D39,0) -> 0 | H39: =ROUND(E39*G39,0) -> 0 | I39: 0 | J39: =ROUND(I39*E39,0) -> 0 | L39: =ROUND(E39*K39,0) -> 0
A40: 5.2 | B40: ACERO REFUERZO FIGURADO 412Mpa, ( 4200 KG/CM2, G60) | C40: KG | D40: 0 | E40: 4005 | F40: =ROUND(D40*E40,0) -> 0 | G40: =IF(K40>D40,K40-D40,0) -> 0 | H40: =ROUND(E40*G40,0) -> 0 | I40: 0 | J40: =ROUND(I40*E40,0) -> 0 | L40: =ROUND(E40*K40,0) -> 0
A41: 5.3 | B41: SARDINEL PREFAB BLOQUE CEMENTO A-10 SENCILLO | C41: ML | D41: 248.18 | E41: 56280 | F41: =ROUND(D41*E41,0) -> 13967570 | G41: =IF(K41>D41,K41-D41,0) -> 0 | H41: =ROUND(E41*G41,0) -> 0 | I41: 0 | J41: =ROUND(I41*E41,0) -> 0 | L41: =ROUND(E41*K41,0) -> 0
F42: =SUM(F39:F41) -> 132929919 | H42: =SUM(H39:H41) -> 0 | J42: =SUM(J39:J41) -> 0 | L42: =SUM(L39:L41) -> 0
A43: 6 | B43: SEÑALIZACION
A44: 6.1 | B44: LINEA DEMAR. VIAL PINTURA FRIA, e= 0,12m, Inc Microesf | C44: ML | D44: 375.77 | E44: 2973 | F44: =ROUND(D44*E44,0) -> 1117164 | G44: =IF(K44>D44,K44-D44,0) -> 0 | H44: =ROUND(E44*G44,0) -> 0 | I44: 0 | J44: =ROUND(I44*E44,0) -> 0 | L44: =ROUND(E44*K44,0) -> 0
A45: 6.2 | B45: LINEA DEMAR. VIAL PINTURA FRIA, e= 0,4m, Inc Microesf | C45: ML | D45: 49.2 | E45: 8919 | F45: =ROUND(D45*E45,0) -> 438815 | G45: =IF(K45>D45,K45-D45,0) -> 0 | H45: =ROUND(E45*G45,0) -> 0 | I45: 0 | J45: =ROUND(I45*E45,0) -> 0 | L45: =ROUND(E45*K45,0) -> 0
A46: 6.3 | B46: SEÑALIZACION VERTICAL. 0.60X0.60CM Inc post | C46: UND | D46: 3 | E46: 209715 | F46: =ROUND(D46*E46,0) -> 629145 | G46: =IF(K46>D46,K46-D46,0) -> 0 | H46: =ROUND(E46*G46,0) -> 0 | I46: 0 | J46: =ROUND(I46*E46,0) -> 0 | L46: =ROUND(E46*K46,0) -> 0
F47: =SUM(F44:F46) -> 2185124 | H47: =SUM(H44:H46) -> 0 | J47: =SUM(J44:J46) -> 0 | L47: =SUM(L44:L46) -> 0
A48: 7 | B48: COMPLEMENTARIOS
A49: 7.1 | B49: ANDEN CONCRETO 20,7 Mpa (3000 psi) e=0.07 MTS | C49: M2 | D49: 248.18 | E49: 45125 | F49: =ROUND(D49*E49,0) -> 11199123 | G49: =IF(K49>D49,K49-D49,0) -> 0 | H49: =ROUND(E49*G49,0) -> 0 | I49: 0 | J49: =ROUND(I49*E49,0) -> 0 | L49: =ROUND(E49*K49,0) -> 0
A50: 7.2 | B50: SOBREACARREO MATERIAL, 20% compacta. | C50: M3-KM | D50: 3572.4 | E50: 1133 | F50: =ROUND(D50*E50,0) -> 4047529 | G50: =IF(K50>D50,K50-D50,0) -> 0 | H50: =ROUND(E50*G50,0) -> 0 | I50: 0 | J50: =ROUND(I50*E50,0) -> 0 | L50: =ROUND(E50*K50,0) -> 0
A51: 7.3 | B51: Acometida domic. Acued. 3x1/2" (inc. Sumin. E instal. Manguera 10m, accesorios, registro corte y cajilla) | C51: UND | D51: 18 | E51: 131673 | F51: =ROUND(D51*E51,0) -> 2370114 | G51: =IF(K51>D51,K51-D51,0) -> 0 | H51: =ROUND(E51*G51,0) -> 0 | I51: 0 | J51: =ROUND(I51*E51,0) -> 0 | L51: =ROUND(E51*K51,0) -> 0
A52: 7.4 | B52: Sumidero agua lluvias en concreto 3000PSI reforzado elab. Obra, e=0,20m, secc 0.5X0,6m, rejilla en perfil U 3x1. 1/2x1/4" | C52: ML | D52: 0 | E52: 1245000 | F52: =ROUND(D52*E52,0) -> 0 | G52: =IF(K52>D52,K52-D52,0) -> 0 | H52: =ROUND(E52*G52,0) -> 0 | I52: 0 | J52: =ROUND(I52*E52,0) -> 0 | L52: =ROUND(E52*K52,0) -> 0
A53: 7.5 | B53: Suministro e instalacion de tuberia PVC unión mecanica para alcantarillados 8" (inc. Nivelacion de precision) | C53: ML | D53: 0 | E53: 60171 | F53: =ROUND(D53*E53,0) -> 0 | G53: =IF(K53>D53,K53-D53,0) -> 0 | H53: =ROUND(E53*G53,0) -> 0 | I53: 0 | J53: =ROUND(I53*E53,0) -> 0 | L53: =ROUND(E53*K53,0) -> 0
F54: =SUM(F49:F53) -> 17616766 | H54: =SUM(H49:H53) -> 0 | J54: =SUM(J49:J53) -> 0 | L54: =SUM(L49:L53) -> 0
B55: ITEMS NO PREVISTOS PRESENTE ACTA
A56: 9 | B56: ITEMS NO PREVISTOS PAVIEMNTOS RIGIDOS
A57: NP | B57: SARDINEL PREFAB BLOQUE CEMENTO A-85 SENCILLO | C57: UND | F57: =ROUND(D57*E57,0) -> 0 | G57: =IF(K57>D57,K57-D57,0) -> 0 | H57: =ROUND(E57*G57,0) -> 0 | I57: 0 | J57: =ROUND(I57*E57,0) -> 0 | L57: =ROUND(E57*K57,0) -> 0
A58: NP | B58: SARDINEL PREFAB BLOQUE CEMENTO A-100 SENCILLO | C58: ML | F58: =ROUND(D58*E58,0) -> 0 | G58: =IF(K58>D58,K58-D58,0) -> 0 | H58: =ROUND(E58*G58,0) -> 0 | I58: 0 | J58: =ROUND(I58*E58,0) -> 0 | L58: =ROUND(E58*K58,0) -> 0
F59: =SUM(F57:F58) -> 0 | H59: =SUM(H57:H58) -> 0 | J59: =SUM(J57:J58) -> 0 | L59: =SUM(L57:L58) -> 0
A60: VALOR TOTAL COSTOS DIRECTOS DE LA VIA 1 | F60: =F54+F47+F42+F37+F32+F27+F24+F59 -> 179503953 | H60: =H54+H47+H42+H37+H32+H27+H24+H59 -> 0 | J60: =J54+J47+J42+J37+J32+J27+J24+J59 -> 0 | L60: =L54+L47+L42+L37+L32+L27+L24+L59 -> 1329830
A62: VIA 2
A63: 1 | B63: PRELIMINARES
A64: 1.1 | B64: TOPOGRAFIA DE VIAS. Incl. Localizacion y Replanteo | C64: ML | D64: 104.17 | E64: 2970 | F64: =ROUND(D64*E64,0) -> 309385 | G64: =IF(K64>D64,K64-D64,0) -> 0 | H64: =ROUND(E64*G64,0) -> 0 | I64: 0 | J64: =ROUND(I64*E64,0) -> 0 | L64: =ROUND(E64*K64,0) -> 0
A65: 1.2 | B65: LOCALIZACION Y REPL. DE SARDINEL (Incl. Cartera y plano) | C65: ML | D65: 198.34 | E65: 3057 | F65: =ROUND(D65*E65,0) -> 606325 | G65: =IF(K65>D65,K65-D65,0) -> 0 | H65: =ROUND(E65*G65,0) -> 0 | I65: 0 | J65: =ROUND(I65*E65,0) -> 0 | L65: =ROUND(E65*K65,0) -> 0
A66: 1.3 | B66: RENIVELACION Y COMPACTACION DE LA BANCA EXISTENTE DE 6 A 8 M INC TRANS | C66: KM | D66: 0.1 | E66: 1478476 | F66: =ROUND(D66*E66,0) -> 147848 | G66: =IF(K66>D66,K66-D66,0) -> 0 | H66: =ROUND(E66*G66,0) -> 0 | I66: 0 | J66: =ROUND(I66*E66,0) -> 0 | L66: =ROUND(E66*K66,0) -> 0
F67: =SUM(F64:F66) -> 1063558 | H67: =SUM(H64:H66) -> 0 | J67: =SUM(J64:J66) -> 0 | L67: =SUM(L64:L66) -> 0
A68: 2 | B68: DEMOLICION
B69: DEMOLICION CONCRETO SIMPLE INC. Cargue manual 5 km | C69: M3 | D69: 9.45 | E69: 209569 | F69: =ROUND(D69*E69,0) -> 1980427 | G69: =IF(K69>D69,K69-D69,0) -> 0 | H69: =ROUND(E69*G69,0) -> 0 | I69: 0 | J69: =ROUND(I69*E69,0) -> 0 | L69: =ROUND(E69*K69,0) -> 0
F70: =ROUND(D70*E70,0) -> 0
F71: =SUM(F69:F70) -> 1980427 | H71: =SUM(H69:H70) -> 0 | J71: =SUM(J69:J70) -> 0 | L71: =SUM(L69:L70) -> 0
A72: 3 | B72: EXCAVACIONES
A73: 3.1 | B73: EXCAV. MECAN INC. RETIRO DE SOBRANTE (xa caja de via) | C73: M3 | D73: 437.51 | E73: 19763 | F73: =ROUND(D73*E73,0) -> 8646510 | G73: =IF(K73>D73,K73-D73,0) -> 0 | H73: =ROUND(E73*G73,0) -> 0 | I73: 0 | J73: =ROUND(I73*E73,0) -> 0 | L73: =ROUND(E73*K73,0) -> 0
A74: 3.2 | B74: EXCAV. SECAS CONGLOMERADO MANUAL. Incl. Retiro 5 kms | C74: M3 | D74: 29.75 | E74: 52187 | F74: =ROUND(D74*E74,0) -> 1552563 | G74: =IF(K74>D74,K74-D74,0) -> 0 | H74: =ROUND(E74*G74,0) -> 0 | I74: 0 | J74: =ROUND(I74*E74,0) -> 0 | L74: =ROUND(E74*K74,0) -> 0
F75: =SUM(F73:F74) -> 10199073 | H75: =SUM(H73:H74) -> 0 | J75: =SUM(J73:J74) -> 0 | L75: =SUM(L73:L74) -> 0
A77: 4 | B77: RELLENOS
A78: 4.1 | B78: RELLENO MATERIAL T. MAX. 2" COMP. MECAN. Selecc rio | C78: M3 | D78: 19.83 | E78: 31353 | F78: =ROUND(D78*E78,0) -> 621730 | G78: =IF(K78>D78,K78-D78,0) -> 0 | H78: =ROUND(E78*G78,0) -> 0 | I78: 0 | J78: =ROUND(I78*E78,0) -> 0 | L78: =ROUND(E78*K78,0) -> 0
A79: 4.2 | B79: SUB-BASE GRAN. RIO SELEC. T. MAX. 2" Inc. Transp 5 km | C79: M3 | D79: 125.01 | E79: 59142 | F79: =ROUND(D79*E79,0) -> 7393341 | G79: =IF(K79>D79,K79-D79,0) -> 0 | H79: =ROUND(E79*G79,0) -> 0 | I79: 0 | J79: =ROUND(I79*E79,0) -> 0 | L79: =ROUND(E79*K79,0) -> 0
F80: =SUM(F78:F79) -> 8015071 | H80: =SUM(H78:H79) -> 0 | J80: =SUM(J78:J79) -> 0 | L80: =SUM(L78:L79) -> 0
A81: 5 | B81: PAVIMENTOS RIGIDOS
A82: 5.1 | B82: PAVIMENTO CONCRETO MR= 3,8 Inc transporte 5 kms | C82: M3 | D82: 124.48 | E82: 666008 | F82: =ROUND(D82*E82,0) -> 82904676 | G82: =IF(K82>D82,K82-D82,0) -> 0 | H82: =ROUND(E82*G82,0) -> 0 | I82: 0 | J82: =ROUND(I82*E82,0) -> 0 | L82: =ROUND(E82*K82,0) -> 0
A83: 5.2 | B83: ACERO REFUERZO FIGURADO 412Mpa, ( 4200 KG/CM2, G60) | C83: KG | D83: 0 | E83: 4005 | F83: =ROUND(D83*E83,0) -> 0 | G83: =IF(K83>D83,K83-D83,0) -> 0 | H83: =ROUND(E83*G83,0) -> 0 | I83: 0 | J83: =ROUND(I83*E83,0) -> 0 | L83: =ROUND(E83*K83,0) -> 0
A84: 5.3 | B84: SARDINEL PREFAB BLOQUE CEMENTO A-10 SENCILLO | C84: ML | D84: 198.34 | E84: 56280 | F84: =ROUND(D84*E84,0) -> 11162575 | G84: =IF(K84>D84,K84-D84,0) -> 0 | H84: =ROUND(E84*G84,0) -> 0 | I84: 0 | J84: =ROUND(I84*E84,0) -> 0 | L84: =ROUND(E84*K84,0) -> 0
F85: =SUM(F82:F84) -> 94067251 | H85: =SUM(H82:H84) -> 0 | J85: =SUM(J82:J84) -> 0 | L85: =SUM(L82:L84) -> 0
A86: 6 | B86: SEÑALIZACION
A87: 6.1 | B87: LINEA DEMAR. VIAL PINTURA FRIA, e= 0,12m, Inc Microesf | C87: ML | D87: 302.51 | E87: 2973 | F87: =ROUND(D87*E87,0) -> 899362 | G87: =IF(K87>D87,K87-D87,0) -> 0 | H87: =ROUND(E87*G87,0) -> 0 | I87: 0 | J87: =ROUND(I87*E87,0) -> 0 | L87: =ROUND(E87*K87,0) -> 0
A88: 6.2 | B88: LINEA DEMAR. VIAL PINTURA FRIA, e= 0,4m, Inc Microesf | C88: ML | D88: 56.4 | E88: 8919 | F88: =ROUND(D88*E88,0) -> 503032 | G88: =IF(K88>D88,K88-D88,0) -> 0 | H88: =ROUND(E88*G88,0) -> 0 | I88: 0 | J88: =ROUND(I88*E88,0) -> 0 | L88: =ROUND(E88*K88,0) -> 0
A89: 6.3 | B89: SEÑALIZACION VERTICAL. 0.60X0.60CM Inc post | C89: UND | D89: 2 | E89: 209715 | F89: =ROUND(D89*E89,0) -> 419430 | G89: =IF(K89>D89,K89-D89,0) -> 0 | H89: =ROUND(E89*G89,0) -> 0 | I89: 0 | J89: =ROUND(I89*E89,0) -> 0 | L89: =ROUND(E89*K89,0) -> 0
F90: =SUM(F87:F89) -> 1821824 | H90: =SUM(H87:H89) -> 0 | J90: =SUM(J87:J89) -> 0 | L90: =SUM(L87:L89) -> 0
A91: 7 | B91: COMPLEMENTARIOS
A92: 7.1 | B92: ANDEN CONCRETO 20,7 Mpa (3000 psi) e=0.07 MTS | C92: M2 | D92: 198.3 | E92: 45125 | F92: =ROUND(D92*E92,0) -> 8948288 | G92: =IF(K92>D92,K92-D92,0) -> 0 | H92: =ROUND(E92*G92,0) -> 0 | I92: 0 | J92: =ROUND(I92*E92,0) -> 0 | L92: =ROUND(E92*K92,0) -> 0
A93: 7.2 | B93: SOBREACARREO MATERIAL, 20% compacta. | C93: M3-KM | D93: 2500.2 | E93: 1133 | F93: =ROUND(D93*E93,0) -> 2832727 | G93: =IF(K93>D93,K93-D93,0) -> 0 | H93: =ROUND(E93*G93,0) -> 0 | I93: 0 | J93: =ROUND(I93*E93,0) -> 0 | L93: =ROUND(E93*K93,0) -> 0
A94: 7.3 | B94: Acometida domic. Acued. 3x1/2" (inc. Sumin. E instal. Manguera 10m, accesorios, registro corte y cajilla) | C94: UND | D94: 12 | E94: 131673 | F94: =ROUND(D94*E94,0) -> 1580076 | G94: =IF(K94>D94,K94-D94,0) -> 0 | H94: =ROUND(E94*G94,0) -> 0 | I94: 0 | J94: =ROUND(I94*E94,0) -> 0 | L94: =ROUND(E94*K94,0) -> 0
A95: 7.4 | B95: Sumidero agua lluvias en concreto 3000PSI reforzado elab. Obra, e=0,20m, secc 0.5X0,6m, rejilla en perfil U 3x1. 1/2x1/4" | C95: ML | D95: 2 | E95: 1245000 | F95: =ROUND(D95*E95,0) -> 2490000 | G95: =IF(K95>D95,K95-D95,0) -> 0 | H95: =ROUND(E95*G95,0) -> 0 | I95: 0 | J95: =ROUND(I95*E95,0) -> 0 | L95: =ROUND(E95*K95,0) -> 0
A96: 7.5 | B96: Suministro e instalacion de tuberia PVC unión mecanica para alcantarillados 8" (inc. Nivelacion de precision) | C96: ML | D96: 12 | E96: 60171 | F96: =ROUND(D96*E96,0) -> 722052 | G96: =IF(K96>D96,K96-D96,0) -> 0 | H96: =ROUND(E96*G96,0) -> 0 | I96: 0 | J96: =ROUND(I96*E96,0) -> 0 | L96: =ROUND(E96*K96,0) -> 0
F97: =SUM(F92:F96) -> 16573143 | H97: =SUM(H92:H96) -> 0 | J97: =SUM(J92:J96) -> 0 | L97: =SUM(L92:L96) -> 0
B98: ITEMS NO PREVISTOS PRESENTE ACTA
A99: 8 | B99: ITEMS NO PREVISTOS PAVIEMNTOS RIGIDOS
A100: NP | B100: SARDINEL PREFAB BLOQUE CEMENTO A-85 SENCILLO | C100: UND | F100: =ROUND(D100*E100,0) -> 0 | G100: =IF(K100>D100,K100-D100,0) -> 0 | H100: =ROUND(E100*G100,0) -> 0 | I100: 0 | J100: =ROUND(I100*E100,0) -> 0 | L100: =ROUND(E100*K100,0) -> 0
A101: NP | B101: SARDINEL PREFAB BLOQUE CEMENTO A-100 SENCILLO | C101: ML | F101: =ROUND(D101*E101,0) -> 0 | G101: =IF(K101>D101,K101-D101,0) -> 0 | H101: =ROUND(E101*G101,0) -> 0 | I101: 0 | J101: =ROUND(I101*E101,0) -> 0 | L101: =ROUND(E101*K101,0) -> 0
F102: =SUM(F100:F101) -> 0 | H102: =SUM(H100:H101) -> 0 | J102: =SUM(J100:J101) -> 0 | L102: =SUM(L100:L101) -> 0
A103: VALOR TOTAL COSTOS DIRECTOS DE LA VIA 2 | F103: =F97+F90+F85+F80+F75+F71+F67+F102 -> 133720347 | H103: =H97+H90+H85+H80+H75+H71+H67+H102 -> 0 | J103: =J97+J90+J85+J80+J75+J71+J67+J102 -> 0 | L103: =L97+L90+L85+L80+L75+L71+L67+L102 -> 0
A105: VIA 3
A106: 1 | B106: PRELIMINARES
A107: 1.1 | B107: TOPOGRAFIA DE VIAS. Incl. Localizacion y Replanteo | C107: ML | D107: 68.02 | E107: 2970 | F107: =ROUND(D107*E107,0) -> 202019 | G107: =IF(K107>D107,K107-D107,0) -> 0 | H107: =ROUND(E107*G107,0) -> 0 | I107: 0 | J107: =ROUND(I107*E107,0) -> 0 | L107: =ROUND(E107*K107,0) -> 0
A108: 1.2 | B108: LOCALIZACION Y REPL. DE SARDINEL (Incl. Cartera y plano) | C108: ML | D108: 128.04 | E108: 3057 | F108: =ROUND(D108*E108,0) -> 391418 | G108: =IF(K108>D108,K108-D108,0) -> 0 | H108: =ROUND(E108*G108,0) -> 0 | I108: 0 | J108: =ROUND(I108*E108,0) -> 0 | L108: =ROUND(E108*K108,0) -> 0
A109: 1.3 | B109: RENIVELACION Y COMPACTACION DE LA BANCA EXISTENTE DE 6 A 8 M INC TRANS | C109: KM | D109: 0.068 | E109: 1478476 | F109: =ROUND(D109*E109,0) -> 100536 | G109: =IF(K109>D109,K109-D109,0) -> 0 | H109: =ROUND(E109*G109,0) -> 0 | I109: 0 | J109: =ROUND(I109*E109,0) -> 0 | L109: =ROUND(E109*K109,0) -> 0
...

Sheet BALAN
C1: CONTRATO No : | G1: VALOR INICIAL DEL CONTRATO: | J1: FECHA DE LA PRESENTE ACTA:
C2: OBJETO: | G2: 2128394192 | J2: 23 DE NOVIEMBRE DE 2012
C3: MEJORAMIENTO Y ADECUACION DE VIAS EN CONCRETO RIGIDO EN OBRAS COMPLEMENTARIAS PARA EL CENTRO POBLADO DE CHICHIMENE DEL MUNICIPIO DE ACACIAS. | G3: VALOR ANTICIPO: | J3: PORCENTAJE DE LA PRESENTE ACTA:
G4: =G2/2 -> 1064197096 | J4: =D64 -> 0.083155331
G5: VALOR ADICIONAL: | J5: VALOR PRESENTE ACTA:
G6: N.A. | J6: =D62 -> 1.7048263e+08
G7: VALOR ANTICIPO ADICIONAL | J7: VALOR A AMORTIZAR PRESENTE ACTA
G8: N.A. | J8: N.A.
G9: VALOR ACTUAL DEL CONTRATO: | J9: PORCENTAJE TOTAL EJECUTADO:
A10: DEPARTAMENTO DEL META | C10: CONTRATISTA: CONSORCIO 2015 CHICHIMENE | G10: =G2 -> 2128394192 | J10: =D64 -> 0.083155331
A11: MUNICIPIO DE ACACIAS | G11: VALOR ACTA DE RECIBO PARCIAL | J11: ESTADO: EN EJECUCION
A12: SECRETARIA DE INFRAESTRUCTURA | C12: INTERVENTOR : B&C DISEÑOS Y CONSTRUCCIONES | G12: N.A.
A13: BALANCE DE OBRA | G13: VALOR AMORTIZADO PARCIAL
C14: SUPERVISOR: | G14: N.A.
A15: CONDICIONES ACTA BALANCE DE MAYORES Y MENORES CANTIDADES | G15: TOTAL EJECUTADO | I15: OBRA POR EJECUTAR | K15: % DE EJECUCION
A16: ITEM | B16: DESCRIPCION | C16: UND | D16: CANT | E16: V.UNITARIO | F16: V.TOTAL | G16: CANT | H16: VALOR | I16: CANT. | J16: VALOR | K16: % EJECUTADO | L16: % POR EJECUTAR
A17: VIA 1
A18: 1 | B18: PRELIMINARES | M18: CANT_ALCAL | N18: DIFER_JFMR | O18: V. UNIT | P18: TOTAL
A19: 1.1 | B19: TOPOGRAFIA DE VIAS. Incl. Localizacion y Replanteo | C19: ML | D19: 1289.35 | E19: 2970 | F19: =ROUND(D19*E19,0) -> 3829370 | G19: 434.84 | H19: =ROUND(E19*G19,0) -> 1291475 | I19: =D19-G19 -> 854.51 | J19: =ROUND(I19*E19,0) -> 2537895 | K19: 1 | L19: 0 | M19: 1294.5 | N19: =M19-D19 -> 5.15 | O19: =E19 -> 2970 | P19: =N19*O19 -> 15295.5
A20: 1.2 | B20: LOCALIZACION Y REPL. DE SARDINEL (Incl. Cartera y plano) | C20: ML | D20: 2492.78 | E20: 3057 | F20: =ROUND(D20*E20,0) -> 7620428 | G20: 869.68 | H20: =ROUND(E20*G20,0) -> 2658612 | I20: =D20-G20 -> 1623.1 | J20: =ROUND(I20*E20,0) -> 4961817 | K20: 1 | L20: 0 | M20: 2589 | N20: =M20-D20 -> 96.22 | O20: =E20 -> 3057 | P20: =N20*O20 -> 294144.54
A21: 1.3 | B21: RENIVELACION Y COMPACTACION DE LA BANCA EXISTENTE DE 6 A 8 M INC TRANS | C21: KM | D21: 1.28411 | E21: 1478476 | F21: =ROUND(D21*E21,0) -> 1898526 | G21: 0.43484 | H21: =ROUND(E21*G21,0) -> 642901 | I21: =D21-G21 -> 0.84927 | J21: =ROUND(E21*I21,0) -> 1255625 | K21: 1 | L21: 0 | M21: 1.29 | N21: =M21-D21 -> 0.00589 | O21: =E21 -> 1478476 | P21: =N21*O21 -> 8708.2236
F22: =SUM(F19:F21) -> 13348324 | G22: 0 | H22: =SUM(H19:H21) -> 4592988 | J22: =SUM(J19:J21) -> 8755337 | K22: =H22/F22 -> 0.34408724 | L22: =100%-K22 -> 0.65591276 | N22: =M22-D22 -> 0 | O22: =E22 -> 0 | P22: =N22*O22 -> 0
A23: 2 | B23: DEMOLICION | G23: 0 | N23: =M23-D23 -> 0 | O23: =E23 -> 0 | P23: =N23*O23 -> 0
B24: DEMOLICION CONCRETO SIMPLE INC. Cargue manual 5 km | C24: M3 | D24: 50.95 | E24: 209569 | F24: =ROUND(D24*E24,0) -> 10677541 | G24: 0 | H24: =ROUND(E24*G24,0) -> 0 | I24: =D24-G24 -> 50.95 | J24: =ROUND(E24*I24,0) -> 10677541 | K24: =G24/D24 -> 0 | L24: =100%-K24 -> 1 | M24: 12 | N24: =M24-D24 -> -38.95 | O24: =E24 -> 209569 | P24: =N24*O24 -> -8162712.6
F25: =ROUND(D25*E25,0) -> 0 | G25: 0 | H25: =ROUND(E25*G25,0) -> 0 | I25: =D25-G25 -> 0 | J25: =ROUND(E25*I25,0) -> 0 | L25: =100%-K25 -> 1 | N25: =M25-D25 -> 0 | O25: =E25 -> 0 | P25: =N25*O25 -> 0
F26: =SUM(F24:F25) -> 10677541 | G26: 0 | H26: =SUM(H24:H25) -> 0 | J26: =SUM(J24:J25) -> 10677541 | K26: =H26/F26 -> 0 | L26: =100%-K26 -> 1 | N26: =M26-D26 -> 0 | O26: =E26 -> 0 | P26: =N26*O26 -> 0
A27: 3 | B27: EXCAVACIONES | G27: 0 | N27: =M27-D27 -> 0 | O27: =E27 -> 0 | P27: =N27*O27 -> 0
A28: 3.1 | B28: EXCAV. MECAN INC. RETIRO DE SOBRANTE (xa caja de via) | C28: M3 | D28: 3325.9 | E28: 19763 | F28: =ROUND(D28*E28,0) -> 65729762 | G28: 1565.56 | H28: =ROUND(E28*G28,0) -> 30940162 | I28: =D28-G28 -> 1760.34 | J28: =ROUND(E28*I28,0) -> 34789599 | K28: =G28/D28 -> 0.4707177 | L28: =100%-K28 -> 0.5292823 | M28: 4185.45 | N28: =M28-D28 -> 859.55 | O28: =E28 -> 19763 | P28: =N28*O28 -> 16987287
A29: 3.2 | B29: EXCAV. SECAS CONGLOMERADO MANUAL. Incl. Retiro 5 kms | C29: M3 | D29: 340.71 | E29: 52187 | F29: =ROUND(D29*E29,0) -> 17780633 | G29: 0 | H29: =ROUND(E29*G29,0) -> 0 | I29: =D29-G29 -> 340.71 | J29: =ROUND(E29*I29,0) -> 17780633 | K29: =G29/D29 -> 0 | L29: =100%-K29 -> 1 | M29: 516.35 | N29: =M29-D29 -> 175.64 | O29: =E29 -> 52187 | P29: =N29*O29 -> 9166124.7
F30: =SUM(F28:F29) -> 83510395 | G30: 0 | H30: =SUM(H28:H29) -> 30940162 | J30: =SUM(J28:J29) -> 52570232 | K30: =H30/F30 -> 0.37049474 | L30: =100%-K30 -> 0.62950526 | N30: =M30-D30 -> 0 | O30: =E30 -> 0 | P30: =N30*O30 -> 0
G31: 0 | N31: =M31-D31 -> 0 | O31: =E31 -> 0 | P31: =N31*O31 -> 0
A32: 4 | B32: RELLENOS | G32: 0 | N32: =M32-D32 -> 0 | O32: =E32 -> 0 | P32: =N32*O32 -> 0
A33: 4.1 | B33: RELLENO MATERIAL T. MAX. 2" COMP. MECAN. Selecc rio | C33: M3 | D33: 253.27 | E33: 31353 | F33: =ROUND(D33*E33,0) -> 7940774 | G33: 0 | H33: =E33*G33 -> 0 | I33: =D33 -> 253.27 | J33: =E33*I33 -> 7940774.3 | K33: =G33/D33 -> 0 | L33: =100%-K33 -> 1 | M33: 211.74 | N33: =M33-D33 -> -41.53 | O33: =E33 -> 31353 | P33: =N33*O33 -> -1302090.1
A34: 4.2 | B34: SUB-BASE GRAN. RIO SELEC. T. MAX. 2" Inc. Transp 5 km | C34: M3 | D34: 1478.72 | E34: 59142 | F34: =ROUND(D34*E34,0) -> 87454458 | G34: 684.47 | H34: =E34*G34 -> 40480925 | I34: =D34 -> 1478.72 | J34: =E34*I34 -> 87454458 | K34: =G34/D34 -> 0.46288006 | L34: =100%-K34 -> 0.53711994 | M34: 1486.4 | N34: =M34-D34 -> 7.68 | O34: =E34 -> 59142 | P34: =N34*O34 -> 454210.56
F35: =SUM(F33:F34) -> 95395232 | G35: 0 | H35: =SUM(H33:H34) -> 40480925 | J35: =SUM(J33:J34) -> 95395233 | K35: =H35/F35 -> 0.42434956 | L35: =100%-K35 -> 0.57565044 | N35: =M35-D35 -> 0 | O35: =E35 -> 0 | P35: =N35*O35 -> 0
A36: 5 | B36: PAVIMENTOS RIGIDOS | G36: 0 | N36: =M36-D36 -> 0 | O36: =E36 -> 0 | P36: =N36*O36 -> 0
A37: 5.1 | B37: PAVIMENTO CONCRETO MR= 3,8 Inc transporte 5 kms | C37: M3 | D37: 1474.74 | E37: 666008 | F37: =ROUND(D37*E37,0) -> 982188638 | G37: 0 | H37: =ROUND(E37*G37,0) -> 0 | I37: =D37-G37 -> 1474.74 | J37: =ROUND(E37*I37,0) -> 982188638 | K37: =G37/D37 -> 0 | L37: =100%-K37 -> 1 | M37: 1486.4 | N37: =M37-D37 -> 11.66 | O37: =E37 -> 666008 | P37: =N37*O37 -> 7765653.3
A38: 5.2 | B38: ACERO REFUERZO FIGURADO 412Mpa, ( 4200 KG/CM2, G60) | C38: KG | D38: 0 | E38: 4005 | F38: =ROUND(D38*E38,0) -> 0 | G38: 0 | H38: =ROUND(E38*G38,0) -> 0 | I38: =D38-G38 -> 0 | J38: =ROUND(E38*I38,0) -> 0 | K38: =G38/D38 -> #DIV/0! | L38: =100%-K38 -> #DIV/0! | M38: 10000 | N38: =M38-D38 -> 10000 | O38: =E38 -> 4005 | P38: =N38*O38 -> 40050000
A39: 5.3 | B39: SARDINEL PREFAB BLOQUE CEMENTO A-10 SENCILLO | C39: ML | D39: 2492.78 | E39: 56280 | F39: =ROUND(D39*E39,0) -> 140293658 | G39: 869.68 | H39: =ROUND(E39*G39,0) -> 48945590 | I39: =D39-G39 -> 1623.1 | J39: =ROUND(E39*I39,0) -> 91348068 | K39: =G39/D39 -> 0.34887956 | L39: =100%-K39 -> 0.65112044 | M39: 2589 | N39: =M39-D39 -> 96.22 | O39: =E39 -> 56280 | P39: =N39*O39 -> 5415261.6
F40: =SUM(F37:F39) -> 1122482296 | G40: 0 | H40: =SUM(H37:H39) -> 48945590 | J40: =SUM(J37:J39) -> 1073536706 | K40: =H40/F40 -> 0.043604777 | L40: =100%-K40 -> 0.95639522 | N40: =M40-D40 -> 0 | O40: =E40 -> 0 | P40: =N40*O40 -> 0
A41: 6 | B41: SEÑALIZACION | G41: 0 | N41: =M41-D41 -> 0 | O41: =E41 -> 0 | P41: =N41*O41 -> 0
A42: 6.1 | B42: LINEA DEMAR. VIAL PINTURA FRIA, e= 0,12m, Inc Microesf | C42: ML | D42: 3754 | E42: 2973 | F42: =ROUND(D42*E42,0) -> 11160642 | G42: 0 | H42: =ROUND(E42*G42,0) -> 0 | I42: =D42-G42 -> 3754 | J42: =ROUND(E42*I42,0) -> 11160642 | K42: 0 | L42: 0 | M42: 3883.5 | N42: =M42-D42 -> 129.5 | O42: =E42 -> 2973 | P42: =N42*O42 -> 385003.5
A43: 6.2 | B43: LINEA DEMAR. VIAL PINTURA FRIA, e= 0,4m, Inc Microesf | C43: ML | D43: 440.62 | E43: 8919 | F43: =ROUND(D43*E43,0) -> 3929890 | G43: 0 | H43: =ROUND(E43*G43,0) -> 0 | I43: =D43-G43 -> 440.62 | J43: =ROUND(E43*I43,0) -> 3929890 | K43: 0 | L43: 0 | M43: 348 | N43: =M43-D43 -> -92.62 | O43: =E43 -> 8919 | P43: =N43*O43 -> -826077.78
A44: 6.3 | B44: SEÑALIZACION VERTICAL. 0.60X0.60CM Inc post | C44: UND | D44: 20 | E44: 209715 | F44: =ROUND(D44*E44,0) -> 4194300 | G44: 0 | H44: =ROUND(E44*G44,0) -> 0 | I44: =D44-G44 -> 20 | J44: =ROUND(E44*I44,0) -> 4194300 | K44: 0 | L44: 0 | M44: 19 | N44: =M44-D44 -> -1 | O44: =E44 -> 209715 | P44: =N44*O44 -> -209715
F45: =SUM(F42:F44) -> 19284832 | G45: 0 | H45: =SUM(H42:H44) -> 0 | J45: =SUM(J42:J44) -> 19284832 | K45: =H45 -> 0 | L45: =100%-K45 -> 1 | N45: =M45-D45 -> 0 | O45: =E45 -> 0 | P45: =N45*O45 -> 0
A46: 7 | B46: COMPLEMENTARIOS | G46: 0 | N46: =M46-D46 -> 0 | O46: =E46 -> 0 | P46: =N46*O46 -> 0
A47: 7.1 | B47: ANDEN CONCRETO 20,7 Mpa (3000 psi) e=0.07 MTS | C47: M2 | D47: 2356.15 | E47: 45125 | F47: =ROUND(D47*E47,0) -> 106321269 | G47: 0 | H47: =ROUND(E47*G47,0) -> 0 | I47: =D47-G47 -> 2356.15 | J47: =ROUND(E47*I47,0) -> 106321269 | K47: =G47/D47 -> 0 | L47: =100%-K47 -> 1 | M47: 1553.4 | N47: =M47-D47 -> -802.75 | O47: =E47 -> 45125 | P47: =N47*O47 -> -36224094
A48: 7.2 | B48: SOBREACARREO MATERIAL, 20% compacta. | C48: M3-KM | D48: 29274.4 | E48: 1133 | F48: =ROUND(D48*E48,0) -> 33167895 | G48: 0 | H48: =ROUND(E48*G48,0) -> 0 | I48: =D48-G48 -> 29274.4 | J48: =ROUND(E48*I48,0) -> 33167895 | K48: =G48/D48 -> 0 | L48: =100%-K48 -> 1 | M48: 47768.1 | N48: =M48-D48 -> 18493.7 | O48: =E48 -> 1133 | P48: =N48*O48 -> 20953362
A49: 7.3 | B49: Acometida domic. Acued. 3x1/2" (inc. Sumin. E instal. Manguera 10m, accesorios, registro corte y cajilla) | C49: UND | D49: 151 | E49: 131673 | F49: =ROUND(D49*E49,0) -> 19882623 | G49: 0 | H49: =ROUND(E49*G49,0) -> 0 | I49: =D49-G49 -> 151 | J49: =ROUND(E49*I49,0) -> 19882623 | K49: =G49/D49 -> 0 | L49: =100%-K49 -> 1 | M49: 90 | N49: =M49-D49 -> -61 | O49: =E49 -> 131673 | P49: =N49*O49 -> -8032053
A50: 7.4 | B50: Sumidero agua lluvias en concreto 3000PSI reforzado elab. Obra, e=0,20m, secc 0.5X0,6m, rejilla en perfil U 3x1. 1/2x1/4" | C50: ML | D50: 9 | E50: 1245000 | F50: =ROUND(D50*E50,0) -> 11205000 | G50: 0 | H50: =ROUND(E50*G50,0) -> 0 | I50: =D50-G50 -> 9 | J50: =ROUND(E50*I50,0) -> 11205000 | K50: =G50/D50 -> 0 | L50: =100%-K50 -> 1 | M50: 18 | N50: =M50-D50 -> 9 | O50: =E50 -> 1245000 | P50: =N50*O50 -> 11205000
A51: 7.5 | B51: Suministro e instalacion de tuberia PVC unión mecanica para alcantarillados 8" (inc. Nivelacion de precision) | C51: ML | D51: 56 | E51: 60171 | F51: =ROUND(D51*E51,0) -> 3369576 | G51: 22 | H51: =ROUND(E51*G51,0) -> 1323762 | I51: =D51-G51 -> 34 | J51: =ROUND(E51*I51,0) -> 2045814 | K51: =G51/D51 -> 0.39285714 | L51: =100%-K51 -> 0.60714286 | M51: 56 | N51: =M51-D51 -> 0 | O51: =E51 -> 60171 | P51: =N51*O51 -> 0
F52: =SUM(F47:F51) -> 173946363 | H52: =SUM(H47:H51) -> 1323762 | J52: =SUM(J47:J51) -> 172622601 | K52: =H52/F52 -> 0.0076101735 | L52: =100%-K52 -> 0.99238983
P53: =SUM(P19:P52) -> 57943308
A54: TOTAL COSTO DIRECTO DEL PROYECTO | F54: =F52+F45+F40+F35+F30+F26+F22 -> 1518644983 | H54: =H52+H45+H40+H35+H30+H26+H22 -> 1.2628343e+08 | J54: =J52+J45+J40+J35+J30+J26+J22 -> 1.4328425e+09 | K54: =H54/F54 -> 0.083155331 | L54: =100%-K54 -> 0.91684467 | O54: AIU | P54: =P53*1.35 -> 78223466
A55: ADMINISTRACION 28% | F55: =ROUND((F54*0.28),0) -> 425220595 | H55: =ROUND((H54*0.28),0) -> 35359359 | J55: =ROUND((J54*0.28),0) -> 401195895
A56: IMPREVISTOS 2% | F56: =ROUND((F54*0.02),0) -> 30372900 | H56: =ROUND((H54*0.02),0) -> 2525669 | J56: =ROUND((J54*0.02),0) -> 28656850
A57: UTILIDA 5% | F57: =ROUND((F54*0.05),0) -> 75932249 | H57: =ROUND((H54*0.05),0) -> 6314171 | J57: =ROUND((J54*0.05),0) -> 71642124
A58: TOTAL PROPUESTA CON AIU 35% | F58: =SUM(F54:F57) -> 2050170727 | G58: SUB TOTAL | H58: =SUM(H54:H57) -> 1.7048263e+08 | I58: SUB TOTAL | J58: =SUM(J54:J57) -> 1.9343374e+09 | K58: =H58/F58 -> 0.083155331 | L58: =J58/F58 -> 0.94350062
A61: Valor Actual del contrato | D61: =F58 -> 2050170727
A62: Valor Ejecutado del contrato | D62: =H58 -> 1.7048263e+08
A63: Valor por Ejecutar | D63: =J58 -> 1.9343374e+09
A64: % Ejecutado Acumulado del Contrato | D64: =D62/D61 -> 0.083155331

Sheet 2022
A1: ESTUDIO DE MERCADO
A2: SUMINISTRO DE PAPELERÍA Y ÚTILES DE OFICINA PARA LAS DIFERENTES DEPENDENCIAS DE LA ADMINISTRACIÓN CENTRAL DE LA GOBERNACIÓN DEL META
A3: Para determinar los precios de mercado tanto unitarios como totales, El Departamento del Meta, tomo como base el promedio de las cotizaciones recibidas por 3 proveedores, que cuentan con la capacidad profesional de brindar los servicios requeridos por la entidad, las cuales incluyen todos los gastos inherentes por la adecuada ejecución del contrato, tales como impuestos y retenciones, tasas y contribuciones legales vigentes a que haya lugar
A4: El promedio de valores unitarios y/o totales obtenidos en el estudio de mercado, son tomados como precios máximos a cobrar por los posibles oferentes del presente proceso
A5: N° | B5: CPC | C5: DESCRIPCION | D5: MED. | E5: CANT | F5: JDM SOLUCIONES SAS | H5: TERMO ENERGIA LTDA | J5: ELECTRICOS.COM LTDA | L5: PROMEDIO
F6: V.UNITARIO CON IVA | G6: V.TOTAL | H6: V.UNITARIO CON IVA | I6: V.TOTAL | J6: V.UNITARIO CON IVA | K6: V.TOTAL | L6: V.UNITARIO CON IVA | M6: V.TOTAL
A7: 1 | C7: ALMOHADILLA PARA SELLO RECARGABLE. A MATERIAL: CASCARA EN POLIESTIRENO DE ALTO IMPACTO/ CAJA PLÁSTICA RÍGIDA. B CAPACIDAD DE ABSORCIÓN DEL FIELTRO: MÍNIMO 14 CC DE TINTA. C DIMENSIÓN: ANCHO 90 A 110 MM; LARGO/LONGITUD 125 A 135 MM. D COLOR DE TIN | D7: Unidad | E7: 9 | F7: 16260 | G7: 146340 | H7: 15854 | I7: 142682 | J7: 16960 | K7: 152640 | L7: 16358 | M7: 147221 | O7: =+M7*100%/289999667 -> 0.0005076592 | R7: 1400000 | T7: =+L7-R7 -> -1383642
A8: 2 | C8: BANDERITA TIPO FLECHA COLORES X100 UND, AUTO- ADHESIVAS, REMOVIBLES Y SEMI TRANSPARENTES, MEDIDAS 42 X 12MM | D8: Unidad | E8: 80 | F8: 2780 | G8: 222400 | H8: 2711 | I8: 216840 | J8: 2900 | K8: 232008 | L8: 2797 | M8: 223749 | O8: =+M8*100%/289999667 -> 0.00077154916 | R8: 724000 | T8: =+L8-R8 -> -721203
A9: 3 | C9: BISTURÍ ENCAUCHETADO, CORTADOR ESTANDAR METALICO MULTIUSOS PARA OFICINA CON REPUESTOS DE 19MM, CON UN SISTEMA DE CIERRE SEGURO. | D9: Unidad | E9: 20 | F9: 3970 | G9: 79400 | H9: 3871 | I9: 77415 | J9: 4140 | K9: 82800 | L9: 3994 | M9: 79872 | O9: =+M9*100%/289999667 -> 0.00027542101
A10: 4 | C10: BOLÍGRAFO ROJO. CUERPO PLÁSTICO O POLIETILENO TRANSLUCIDO O COLOR NEGRO; PUNTA METÁLICA, CON TAPA, REDONDO, RECTANGULAR O HEXAGONAL, CAJA X 12 UNIDADES | D10: Caja | E10: 13 | F10: 9760 | G10: 126880 | H10: 9516 | I10: 123708 | J10: 10180 | K10: 132340 | L10: 9819 | M10: 127643 | O10: =+M10*100%/289999667 -> 0.00044014878
A11: 5 | C11: BOLÍGRAFOS CLÁSICO, CAJA X 12 LAPICEROS NEGRO, TRAZO MEDIO | D11: Caja | E11: 20 | F11: 9760 | G11: 195200 | H11: 9516 | I11: 190320 | J11: 10180 | K11: 203600 | L11: 9819 | M11: 196373 | O11: =+M11*100%/289999667 -> 0.00067714905
A12: 6 | C12: ESFEROS ESPECIALES PARA FIRMAR SING PEN PILOT NEGRO CAJA X 10 UND | D12: Caja | E12: 20 | F12: 79330 | G12: 1586600 | H12: 77347 | I12: 1546935 | J12: 82000 | K12: 1640000 | L12: 79559 | M12: 1591178 | O12: =+M12*100%/289999667 -> 0.005486827
A13: 7 | C13: BORRADOR DE NATA X 20 UNIDADES PARA BORRAR LÁPIZ DE GRÁFITO Y LÁPIZ DE COLOR. PERFECTO BORRADO QUE NO MANCHA NI MALTRATA EL PAPEL. PARA USO ESCOLAR, DE OFICINA Y PROFESIONAL. ALTO: 4CM, ANCHO: 2CM | D13: Caja | E13: 8 | F13: 11500 | G13: 92000 | H13: 11213 | I13: 89700 | J13: 11990 | K13: 95920 | L13: 11568 | M13: 92540 | O13: =+M13*100%/289999667 -> 0.00031910381
A14: 8 | C14: CAJA DE ARCHIVO X 200 INACTIVO EN CARTON medida 40.5 cm x 20.8 cm x 26 cm contiene un producto impermeabilizante, incluye stickers de rotación y rotulacion Ref. 35-12 nvtip o nevera cierre horizontal | D14: Unidad | E14: 3800 | F14: 8330 | G14: 31654000 | H14: 8122 | I14: 30862650 | J14: 8590 | K14: 32642000 | L14: 8347 | M14: 31719550 | O14: =+M14*100%/289999667 -> 0.10937788
A15: 9 | C15: CAJA DE ARCHIVO X 300 INACTIVO EN CARTON LIBRE C720 CON TAPA Y SUJETADOR | D15: Unidad | E15: 1200 | F15: 10310 | G15: 12372000 | H15: 10052 | I15: 12062700 | J15: 10755 | K15: 12906470 | L15: 10372 | M15: 12447057 | O15: =+M15*100%/289999667 -> 0.042920935
A16: 10 | C16: CAJA DE LÁPICES DE MINA NEGRA HB 2 X 12 UNIDADES, LONGITUD 17.8 - 19.7 CMS Y DIÁMETRO DE MINIMO 7,2MM, FORMA REDONDA, TRIANGULAR O HEXAGONAL BORRADOR ASEGURADO EN CASQUILLO DE METAL O PLÁSTICO SIN BORDES AFILADOS NI CORTANTES. | D16: Caja | E16: 31 | F16: 13570 | G16: 420670 | H16: 13231 | I16: 410153 | J16: 14150 | K16: 438650 | L16: 13650 | M16: 423158 | O16: =+M16*100%/289999667 -> 0.0014591672
A17: 11 | C17: CAJA DE RESMA PAPEL BOND 75 GRS. TAMAÑO CARTA X 10 RESMA | D17: Caja | E17: 151 | F17: 273700 | G17: 41328700 | H17: 266858 | I17: 40295483 | J17: 284000 | K17: 42884000 | L17: 274853 | M17: 41502728 | O17: =+M17*100%/289999667 -> 0.14311302
C18: CAJA DE RESMA TAMAÑO OFICIO X 10 UNID | D18: Caja | E18: 10 | F18: 317330 | G18: 3173300 | H18: 309397 | I18: 3093968 | J18: 331039 | K18: 3310387 | L18: 319255 | M18: 3192552
C19: CAJA DE SACAPUNTAS METÁLICOS A 1002 X 24 TAJALAPIZ | D19: Caja | E19: 7 | F19: 4760 | G19: 33320 | H19: 4641 | I19: 32487 | J19: 4960 | K19: 34720 | L19: 4787 | M19: 33509
C20: CARPETA 2 TAPAS DESACIFICADAS No.13 OFICIO, 600 GRS, LIBRE DE ACIDOS medidas 24.5 cm x 35 cm, PH neutro con gancho plastico legajador | D20: Unidad | E20: 5750 | F20: 3570 | G20: 20527500 | H20: 3481 | I20: 20014313 | J20: 3650 | K20: 20987500 | L20: 3567 | M20: 20509771
C21: CARPETA DE ARCHIVO 4 ALETAS BLANCA PROPALCOTE DE 320 GRS LIBRE DE ACIDO Y PH NEUTRO, medidas 25 cm x 35 cm | D21: Unidad | E21: 5750 | F21: 4360 | G21: 25070000 | H21: 4251 | I21: 24443250 | J21: 4500 | K21: 25875000 | L21: 4370 | M21: 25129417
C22: CARPETA LEGAJADORA FOLDER AZ, 30 CM X 27.5 CM, ESPESOR 9CM, MATERIAL CARTÓN PLASTIFICADO | D22: Unidad | E22: 170 | F22: 10510 | G22: 1786700 | H22: 10247 | I22: 1742033 | J22: 10960 | K22: 1863200 | L22: 10572 | M22: 1797311
C23: CINTA RELOJ CONTROL DE CORRESPONDENCIA DL- 518 - COLOR NEGRO | D23: Unidad | E23: 5 | F23: 138830 | G23: 694150 | H23: 135359 | I23: 676796 | J23: 144820 | K23: 724100 | L23: 139670 | M23: 698349
C24: CINTA DE ENMASCARAR DE 24 MM X 40 MTS | D24: Rollo | E24: 20 | F24: 6150 | G24: 123000 | H24: 5996 | I24: 119925 | J24: 6400 | K24: 128000 | L24: 6182 | M24: 123642
C25: CINTA TRANSPARENTE DE 12 MM X 40 MTS | D25: Rollo | E25: 20 | F25: 990 | G25: 19800 | H25: 965 | I25: 19305 | J25: 1030 | K25: 20600 | L25: 995 | M25: 19902
C26: CINTA TRANSPARENTE DE 48 MM X 100 MTS | D26: Rollo | E26: 20 | F26: 8530 | G26: 170600 | H26: 8317 | I26: 166335 | J26: 8800 | K26: 176000 | L26: 8549 | M26: 170978
C27: CORRECTOR LIQUIDO TIPO LAPIZ DE 7 ML | D27: Unidad | E27: 12 | F27: 2380 | G27: 28560 | H27: 2321 | I27: 27846 | J27: 2480 | K27: 29760 | L27: 2394 | M27: 28722
C28: COSEDORA DE OFICINA 30 HOJAS. A MATERIAL: ESTRUCTURA METÁLICA DE ALTA RESISTENCIA. B DIMENSIÓN:MEDIDAS APROXIMADAS DE 186 MM LARGO X 64 MM. ALTO X 44 MM ANCHO. C CARACTERÍSTICAS FÍSICAS: BASE ANTIDESLIZANTE. DCAPACIDAD DE COCIDO: 30 HOJAS A LA VEZ | D28: Unidad | E28: 12 | F28: 43630 | G28: 523560 | H28: 42539 | I28: 510471 | J28: 45515 | K28: 546180 | L28: 43895 | M28: 526737
C29: GRAPADORA SEMI INDUSTRIAL TRABAJO PESADO HASTA 140 HOJAS,ESTRUCTURA METÁLICA, GUÍA INDICADORA | D29: Unidad | E29: 2 | F29: 128920 | G29: 257840 | H29: 125697 | I29: 251394 | J29: 134480 | K29: 268960 | L29: 129699 | M29: 259398
... C55: TINTA PARA IMPRESORSA EPSON REF 664 (AZUL, AMARILLA, NEGRA Y ROJA) | D55: Unidad | E55: 40 | F55: 47600 | G55: 1904000 | H55: 46410 | I55: 1856400 | J55: 49600 | K55: 1984000 | L55: 47870 | M55: 1914800
A56: fecha: 27 de septiembre de 2022 | G56: =SUM(G7:G55) -> 149524730 | I56: =SUM(I7:I55) -> 145845617 | K56: =SUM(K7:K55) -> 154570278 | M56: =SUM(M7:M55) -> 149980212
A57: SON: Doscientos ochenta y nueve millones novecientos noventa y nueve mil seiscientos sesenta y siete pesos M/cte
A58: 1. | B58: Los proveedores cuentan con la actividad economica inmersa para proporcionar los productos solicitados
A59: 2. | B59: Los proveedores cotizaron en su totalidad los productos solicitados por la entidad
A63: CARLOS FABIAN ROMERO AREVALO | G63: WILSON ENRIQUE CASTRILLON DUQUE
A64: Elaboró | G64: Revisó
A65: Asesor Externo (CPS) | G65: Gerente de Servicios Administrativos
A66: Secretaría Administrativa | G66: Secretaria Administrativa

Sheet propuesta
A1: ESTUDIO DE MERCADO
A2: SUMINISTRO DE PAPELERÍA Y ÚTILES DE OFICINA PARA LAS DIFERENTES DEPENDENCIAS DE LA ADMINISTRACIÓN CENTRAL DE LA GOBERNACIÓN DEL META
A3: Para determinar los precios de mercado tanto unitarios como totales, El Departamento del Meta, tomo como base el promedio de las cotizaciones recibidas por 3 proveedores, que cuentan con la capacidad profesional de brindar los servicios requeridos por la entidad, las cuales incluyen todos los gastos inherentes por la adecuada ejecución del contrato, tales como impuestos y retenciones, tasas y contribuciones legales vigentes a que haya lugar
A4: El promedio de valores unitarios y/o totales obtenidos en el estudio de mercado, son tomados como precios máximos a cobrar por los posibles oferentes del presente proceso y se encuentran ajustados al peso ya sea por defecto o por exceso.
A5: N° | B5: CPC | C5: DESCRIPCIÓN CPC | D5: DESCRIPCIÓN | E5: MED. | F5: CANT | G5: COTIZACIÓN 1 | I5: COTIZACIÓN 2 | K5: COTIZACIÓN 3 | M5: PROMEDIO
G6: V.UNITARIO CON IVA | H6: V.TOTAL | I6: V.UNITARIO CON IVA | J6: V.TOTAL | K6: V.UNITARIO CON IVA | L6: V.TOTAL | M6: V.UNITARIO CON IVA | N6: V.TOTAL
A7: 1 | B7: 3212901 | C7: PAPEL BOND | D7: CAJA DE RESMA PAPEL BOND 75GRS TAMAÑO OFICIO X 10 | E7: CAJA | F7: 15 | G7: 295520 | H7: =+G7*F7 -> 4432800 | I7: 304390 | J7: =+I7*F7 -> 4565850 | K7: 307341 | L7: =+K7*F7 -> 4610115 | M7: 302417 | N7: =+M7*F7 -> 4536255
A8: 2 | B8: 3212901 | C8: PAPEL BOND | D8: CAJA DE RESMA PAPEL BOND 75GRS TAMAÑO CARTA X 10 | E8: CAJA | F8: 1000 | G8: 210230 | H8: =+G8*F8 -> 210230000 | I8: 216532 | J8: =+I8*F8 -> 216532000 | K8: 218639 | L8: =+K8*F8 -> 218639000 | M8: 215134 | N8: =+M8*F8 -> 215134000
A9: 3 | B9: 3699010 | C9: TAPAS PARA AGENDAS, CARPETAS O SIMILARES EN VINILO | D9: CARPETA 2 TAPAS DESACIFICADAS NO.13 OFICIO, 600 GRS, LIBRE DE ACIDOS MEDIDAS 24.5 CM X 35 CM, PH NEUTRO CON GANCHO PLASTICO LEGAJADOR | E9: UNIDAD | F9: 2000 | G9: 7490 | H9: =+G9*F9 -> 14980000 | I9: 7711 | J9: =+I9*F9 -> 15422000 | K9: 7790 | L9: =+K9*F9 -> 15580000 | M9: 7664 | N9: =+M9*F9 -> 15328000
A10: 4 | B10: 3699010 | C10: TAPAS PARA AGENDAS, CARPETAS O SIMILARES EN VINILO | D10: CARPETA DE ARCHIVO 4 ALETAS BLANCA, LIBRE DE ACIDO Y PH NEUTRO, MEDIDAS 25 CM X 35 CM | E10: UNIDAD | F10: 7000 | G10: 4180 | H10: =+G10*F10 -> 29260000 | I10: 4308 | J10: =+I10*F10 -> 30156000 | K10: 4347 | L10: =+K10*F10 -> 30429000 | M10: 4278 | N10: =+M10*F10 -> 29946000
A11: 5 | B11: 3215305 | C11: CAJAS DE CARTÓN LISO | D11: CAJA DE ARCHIVO X 200 INACTIVO EN CARTON MEDIDA 40.5 CM X 20.8 CM X 26 CM CONTIENE UN PRODUCTO IMPERMEABILIZANTE, INCLUYE STICKERS DE ROTACIÓN Y ROTULACION REF. 35-12 NVTIP O NEVERA CIERRE HORIZONTAL | E11: UNIDAD | F11: 6000 | G11: 8310 | H11: =+G11*F11 -> 49860000 | I11: 8556 | J11: =+I11*F11 -> 51336000 | K11: 8642 | L11: =+K11*F11 -> 51852000 | M11: 8503 | N11: =+M11*F11 -> 51018000
A12: 6 | B12: 3215305 | C12: CAJAS DE CARTÓN LISO | D12: CAJA DE ARCHIVO X 300 INACTIVO EN CARTON LIBRE C720 CON TAPA Y SUJETADOR | E12: UNIDAD | F12: 6000 | G12: 10210 | H12: =+G12*F12 -> 61260000 | I12: 10520 | J12: =+I12*F12 -> 63120000 | K12: 10618 | L12: =+K12*F12 -> 63708000 | M12: 10449 | N12: =+M12*F12 -> 62694000
A13: 7 | B13: 4299504 | C13: GRAPAS DE ALAMBRE PARA ENGRAPADORAS DE OFICINA | D13: GRAPAS PARA COSEDORA ESTANDAR GALVANIZADA X 500 | E13: CAJA | F13: 200 | G13: 4010 | H13: =+G13*F13 -> 802000 | I13: 4129 | J13: =+I13*F13 -> 825800 | K13: 4170 | L13: =+K13*F13 -> 834000 | M13: 4103 | N13: =+M13*F13 -> 820600
A14: 8 | B14: 4823206 | C14: Reglas metálicas y de madera o plásticas para oficina y escolares | D14: REGLA METÁLICA X 30 CM, GRADUADA EN MILÍMETROS Y CENTÍMETROS | E14: UNIDAD | F14: 5 | G14: 1980 | H14: =+G14*F14 -> 9900 | I14: 2035 | J14: =+I14*F14 -> 10175 | K14: 2059 | L14: =+K14*F14 -> 10295 | M14: 2025 | N14: =+M14*F14 -> 10125
A15: 9 | B15: 3891106 | C15: Lápices | D15: CAJA LÁPIZ MINA NEGRA X 12 | E15: CAJA | F15: 80 | G15: 15180 | H15: =+G15*F15 -> 1214400 | I15: 15640 | J15: =+I15*F15 -> 1251200 | K15: 15787 | L15: =+K15*F15 -> 1262960 | M15: 15536 | N15: =+M15*F15 -> 1242880
A16: 10 | B16: 3627018 | C16: Borradores de caucho | D16: BORRADOR DE NATA CAJA X 20. | E16: CAJA | F16: 80 | G16: 16100 | H16: =+G16*F16 -> 1288000 | I16: 16589 | J16: =+I16*F16 -> 1327120 | K16: 16744 | L16: =+K16*F16 -> 1339520 | M16: 16478 | N16: =+M16*F16 -> 1318240
A17: 11 | B17: 3891103 | C17: Lapiceros | D17: ESFERO TINTA NEGRA RETRACTIL X CAJA 12 UNIDADES | E17: CAJA | F17: 80 | G17: 11900 | H17: =+G17*F17 -> 952000 | I17: 12257 | J17: =+I17*F17 -> 980560 | K17: 12376 | L17: =+K17*F17 -> 990080 | M17: 12178 | N17: =+M17*F17 -> 974240
A18: 12 | B18: 3542006 | C18: PEGANTES SINTÉTICOS | D18: PEGANTE EN BARRA X 40 GRS - TIPO DE PEGAMENTO ESCOLAR Y OFICINA | E18: UNIDAD | F18: 200 | G18: 3470 | H18: =+G18*F18 -> 694000 | I18: 3570 | J18: =+I18*F18 -> 714000 | K18: 3609 | L18: =+K18*F18 -> 721800 | M18: 3550 | N18: =+M18*F18 -> 710000
A19: 13 | B19: 3219920 | C19: Tarjetas de cartón | D19: TARJETAS DE PRESENTACION PARA LA SEÑORA GOBERNADORA, TAMAÑO 9X5.5 CMS, EMPRSAS A 1 TINTA TERMOGRAFICA (NEGRA), ESCUDO DEL DEPARTAMENTO DEL META REPUJADO EN DORADO, SOBRE CARTULINA STRATHMORE MARFIL NATURAL DE 238 GR | E19: UNIDAD | F19: 1000 | G19: 2450 | H19: =+G19*F19 -> 2450000 | I19: 2523 | J19: =+I19*F19 -> 2523000 | K19: 2548 | L19: =+K19*F19 -> 2548000 | M19: 2507 | N19: =+M19*F19 -> 2507000
A20: 14 | B20: 3219920 | C20: Tarjetas de cartón | D20: TARJETAS DE NOTA DE ESTILO COLOR BLANCO CON LOGO REPUJADO EN COLOR DORADO DEL DEPARTAMENTO DEL META, HOJA COLOR BLANCO DE MEDIDAS 17X23 | E20: UNIDAD | F20: 1000 | G20: 2700 | H20: =+G20*F20 -> 2700000 | I20: 2785 | J20: =+I20*F20 -> 2785000 | K20: 2808 | L20: =+K20*F20 -> 2808000 | M20: 2764 | N20: =+M20*F20 -> 2764000
A21: 15 | B21: 3219202 | C21: Sobres de manila | D21: SOBRE BLANCO PARA LAS TARJETAS DE NOTAS DE ESTILOS TAMAÑO 17X23 | E21: UNIDAD | F21: 1000 | G21: 3000 | H21: =+G21*F21 -> 3000000 | I21: 3094 | J21: =+I21*F21 -> 3094000 | K21: 3120 | L21: =+K21*F21 -> 3120000 | M21: 3071 | N21: =+M21*F21 -> 3071000
A22: 16 | B22: 3219202 | C22: Sobres de manila | D22: SOBRE BLANCO TAMAÑO OFICIO CON LOGO DEL ESCUDO DEL DEPARTAMENTO DEL META ESTAMPADO A COLOR | E22: UNIDAD | F22: 1000 | G22: 5900 | H22: =+G22*F22 -> 5900000 | I22: 6081 | J22: =+I22*F22 -> 6081000 | K22: 6136 | L22: =+K22*F22 -> 6136000 | M22: 6039 | N22: =+M22*F22 -> 6039000
A23: 17 | B23: 4516003 | C23: ENGRAPADORAS PARA OFICINA | D23: GRAPADORA HASTA 40 HOJAS,ESTRUCTURA METÁLICA. | E23: UNIDAD | F23: 15 | G23: 69420 | H23: =+G23*F23 -> 1041300 | I23: 71507 | J23: =+I23*F23 -> 1072605 | K23: 72197 | L23: =+K23*F23 -> 1082955 | M23: 71041 | N23: =+M23*F23 -> 1065615
A24: 18 | B24: 3219202 | C24: Sobres de manila | D24: SOBRE DE MANILA TAMAÑO CARTA 22,5X29, PAQUETE X 100 UNID | E24: PAQUETE | F24: 5 | G24: 19640 | H24: =+G24*F24 -> 98200 | I24: 20230 | J24: =+I24*F24 -> 101150 | K24: 20426 | L24: =+K24*F24 -> 102130 | M24: 20099 | N24: =+M24*F24 -> 100495
A25: 19 | B25: 3219202 | C25: Sobres de manila | D25: SOBRE DE MANILA TAMAÑO OFICIO PAQUETE X 100 UNIDADES | E25: PAQUETE | F25: 5 | G25: 23800 | H25: =+G25*F25 -> 119000 | I25: 24514 | J25: =+I25*F25 -> 122570 | K25: 24752 | L25: =+K25*F25 -> 123760 | M25: 24355 | N25: =+M25*F25 -> 121775
H26: =SUM(H7:H25) -> 390291600 | J26: =SUM(J7:J25) -> 402020030 | L26: =SUM(L7:L25) -> 405897615 | N26: =SUM(N7:N25) -> 399401225
A27: SON: Trescientos noventa y nueve millones cuatrocientos un mil doscientos veinticinco pesos M/cte.
A28: fecha: 20 de marzo de 2024
A29: 1. | B29: Los proveedores cuentan con la actividad economica inmersa para proporcionar los productos solicitados
A30: 2. | B30: Los proveedores cotizaron en su totalidad los productos solicitados por la entidad
A31: 3. | B31: Los valores unitarios y totales se encuentran ajustados al peso ya sea por exceso o por defecto
A34: CARLOS FABIAN ROMERO AREVALO
A35: Elaboró
A36: Asesor Externo (CPS)
A37: Secretaría Administrativa

Sheet ESTUDIO DE MERCADO
A2: ESTUDIO DE MERCADO
A3: OBJETO: SUMINISTRO A TODO COSTO DE AVISOS DE SEÑALIZACION CON 50CM DE LARGO X 30 CM DE ANCHO, CON BASE DE MAXIMA DE 1.50CM MATERIAL RESISTENTE A INTEMPERIE. (INCLUYE DISEÑO E IMPRESIÓN), DE CONFORMIDAD CON LO ESTABLECIDO POR LA ENTIDAD
A4: Para determinar los precios de mercado tanto unitarios como totales, ASMETA, tomo como base el promedio de las cotizaciones recibidas por proveedores, que cuentan con la capacidad profesional de brindar los servicios requeridos por la entidad, las cuales incluyen todos los gastos inherentes por la adecuada ejecución del contrato, tales como impuestos y retenciones, tasas y contribuciones legales vigentes a que haya lugar
A5: El promedio de valores unitarios y/o totales obtenidos en el estudio de mercado, son tomados como precios máximos a cobrar por los posibles oferentes del presente proceso y se encuentran ajustados al peso ya sea por defecto o por exceso.
A6: N° | B6: CPC | C6: DESCRIPCIÓN CPC | D6: DESCRIPCIÓN | E6: MED. | F6: CANT | G6: CATALINA ARROYAVE VALLEJO (cotizacion 1) | I6: Grupo Empresarial CY (cotizacion 2) | K6: WILFER GARCIA (cotizacion 3) | M6: PROMEDIO
G7: V.UNITARIO CON IVA | H7: V.TOTAL | I7: V.UNITARIO CON IVA | J7: V.TOTAL | K7: V.UNITARIO CON IVA | L7: V.TOTAL | M7: V.UNITARIO CON IVA | N7: V.TOTAL
A8: 1 | B8: 3212901 | C8: PAPEL BOND | D8: AVISOS DE SEÑALIZACION CON 50CM DE LARGO X 30 CM DE ANCHO, CON BASE DE MAXIMA DE 1.50CM MATERIAL RESISTENTE A INTEMPERIE. (INCLUYE DISEÑO E IMPRESIÓN) | E8: UNIDAD | F8: 66 | G8: 585000 | H8: =+G8*F8 -> 38610000 | I8: 575000 | J8: =+I8*F8 -> 37950000 | K8: 568000 | L8: =+K8*F8 -> 37488000 | M8: =(G8+I8+K8)/3 -> 576000 | N8: =+M8*F8 -> 38016000
H9: =SUM(H8:H8) -> 38610000 | J9: =SUM(J8:J8) -> 37950000 | L9: =SUM(L8:L8) -> 37488000 | N9: =SUM(N8:N8) -> 38016000
A10: SON: VALOR DEL PROCESO M/cte.
A11: fecha: 22 de 09 de 2025
A12: 1. | B12: Los proveedores cuentan con la actividad economica inmersa para proporcionar los productos solicitados
A13: 2. | B13: Los proveedores cotizaron en su totalidad los productos solicitados por la entidad
A14: 3. | B14: Los valores unitarios y totales se encuentran ajustados al peso ya sea por exceso o por defecto
A15: 4. | D15: Se debe tener en cuenta que existen bienes que se encuentran excluidos de iva ( articulo 424 del estauto tributario ( SI ES NECESARIO)
A18: Felipe Alfonso Linares López
A19: Elaboró
A20: Profesional cps
A21: AREA SOLICITANTE- PLANEACIÓN

Sheet Hoja1
C2: ITEM | D2: DESCRIPCION DEL BIEN | E2: UNIDAD DE MEDIDA | F2: CANT. | G2: SOLUCIONES AGROINDUSTRIALES(cotizacion 1) | I2: SUMINISTROS DEL LLANO (cotizacion 2)
G3: V.UNITARIO CON IVA | H3: V.TOTAL | I3: V.UNITARIO CON IVA | J3: V.TOTAL
C4: 1 | D4: UNIFORMES DISTINTIVOS CONFORMADOS POR 1 CHALECO DE IDENTIFICACION BORDADOS TALLAS VARIADAS (S-M-L-XL), PAÑOLETA DISTINTIVA A DOS COLORES, GORRA, BOTAS PLASTICAS, INCLUYE ELABORACION Y DISEÑO | E4: UNIDAD | F4: 383 | G4: 200000 | H4: 76600000 | I4: 197000 | J4: 75451000
C5: 2 | D5: Radio TK2000/3000 X2 | E5: UNIDAD | F5: 42 | G5: 1267800 | H5: 53247600 | I5: 1245000 | J5: 52290000
C6: 3 | D6: COMPUTADOR PORTATIL 15,6" Intel core I5 Ram 8GB y disco SSD 512 GB | E6: UNIDAD | F6: 28 | G6: 4030000 | H6: 112840000 | I6: 3998000 | J6: 111944000
C7: 4 | D7: Video proyector de 3400 lumenes con telon y porta telon | E7: UNIDAD | F7: 17 | G7: 4167000 | H7: 70839000 | I7: 4145000 | J7: 70465000
C8: 5 | D8: Tinta para impresora (kit 4 colores) | E8: UNIDAD | F8: 33 | G8: 275000 | H8: 9075000 | I8: 262000 | J8: 8646000
C9: 6 | D9: Impresora multifuncional a 100V de tinta continua | E9: UNIDAD | F9: 17 | G9: 2960000 | H9: 50320000 | I9: 2941000 | J9: 49997000
C10: 7 | D10: Parlante de 15" 250W RMS con cable XLR x 5mts | E10: UNIDAD | F10: 17 | G10: 2645000 | H10: 44965000 | I10: 2690000 | J10: 45730000
C11: 8 | D11: Cabina activa recargable 15" Potencia 120 W RMS con cable XLR x 5mts | E11: UNIDAD | F11: 16 | G11: 2936000 | H11: 46976000 | I11: 2970000 | J11: 47520000
C12: 9 | D12: Microfono de mano | E12: UNIDAD | F12: 25 | G12: 192000 | H12: 4800000 | I12: 185000 | J12: 4625000
C13: 10 | D13: Sistema solar para suministro de energia a 110V (panel solar baterial, regulador, inversor, accesorios para conexión | E13: UNIDAD | F13: 20 | G13: 12640000 | H13: 252800000 | I13: 12676000 | J13: 253520000
C14: 11 | D14: Generador electrico 6500 Diesel | E14: UNIDAD | F14: 19 | G14: 4900000 | H14: 93100000 | I14: 5150000 | J14: 97850000
C15: 12 | D15: Generador electrico 3500 W Diesel | E15: UNIDAD | F15: 14 | G15: 2050000 | H15: 28700000 | I15: 2045000 | J15: 28630000
... C29: 26 | D29: ventilador de piso industrial 20" de 114 W | E29: UNIDAD | F29: 16 | G29: 710000 | H29: 11360000 | I29: 698000 | J29: 11168000
C30: VALOR TOTAL | H30: =SUM(H4:H29) -> 1716579600 | J30: =SUM(J4:J29) -> 1710865000
H33: PRESUPUESTO OFICIAL | I33: 1710865000

Sheet Hoja2
A1: 1 | B1: 3891207 | C1: Almohadillas para sellos | D1: ALMOHADILLA PARA SELLO RECARGABLE. A MATERIAL: CASCARA EN POLIESTIRENO DE ALTO IMPACTO/ CAJA PLÁSTICA RÍGIDA. B CAPACIDAD DE ABSORCIÓN DEL FIELTRO: MÍNIMO 14 CC DE TINTA. C DIMENSIÓN: ANCHO 90 A 110 MM; LARGO/LONGITUD 125 A 135 MM. D COLOR DE TIN | E1: Unidad | F1: 5 | G1: 16260 | H1: 146340 | I1: 15854 | J1: 142682 | K1: 16960 | L1: 152640 | M1: =(G1+I1+K1)/3 -> 16358 | N1: =+M1*F1 -> 81790 | P1: =+N1*100%/289999667 -> 0.00028203481 | S1: 1400000 | U1: =+M1-S1 -> -1383642
A2: 2 | B2: 3214902 | C2: Papeles impregnados y revestidos incluso autoadhesivos | D2: BANDERITA TIPO FLECHA COLORES X100 UND, AUTO- ADHESIVAS, REMOVIBLES Y SEMI TRANSPARENTES, MEDIDAS 42 X 12MM | E2: Paquete | F2: 10 | G2: 2780 | H2: 222400 | I2: 2711 | J2: 216840 | K2: 2900 | L2: 232008 | M2: =(G2+I2+K2)/3 -> 2797 | N2: =+M2*F2 -> 27970 | P2: =+N2*100%/289999667 -> 9.6448387e-05 | S2: 724000 | U2: =+M2-S2 -> -721203
A3: 3 | B3: 4291304 | C3: Navajas y cortaplumas | D3: BISTURÍ ENCAUCHETADO, CORTADOR ESTANDAR METALICO MULTIUSOS PARA OFICINA CON REPUESTOS DE 19MM, CON UN SISTEMA DE CIERRE SEGURO. | E3: Unidad | F3: 10 | G3: 3970 | H3: 79400 | I3: 3871 | J3: 77415 | K3: 4140 | L3: 82800 | M3: 3994 | N3: =+M3*F3 -> 39940 | P3: =+N3*100%/289999667 -> 0.0001377243
A4: 4 | B4: 3891103 | C4: Lapiceros | D4: BOLÍGRAFO ROJO. CUERPO PLÁSTICO O POLIETILENO TRANSLUCIDO O COLOR NEGRO; PUNTA METÁLICA, CON TAPA, REDONDO, RECTANGULAR O HEXAGONAL, CAJA X 12 UNIDADES | E4: Caja | F4: 5 | G4: 9760 | H4: 126880 | I4: 9516 | J4: 123708 | K4: 10180 | L4: 132340 | M4: 9819 | N4: =+M4*F4 -> 49095 | P4: =+N4*100%/289999667 -> 0.0001692933
A5: 5 | B5: 3891102 | C5: Bolígrafos | D5: BOLÍGRAFOS CLÁSICO, CAJA X 12 LAPICEROS NEGRO, TRAZO MEDIO | E5: Caja | F5: 5 | G5: 9760 | H5: 195200 | I5: 9516 | J5: 190320 | K5: 10180 | L5: 203600 | M5: 9819 | N5: =+M5*F5 -> 49095 | P5: =+N5*100%/289999667 -> 0.0001692933
A6: 6 | B6: 3891103 | C6: Lapiceros | D6: ESFEROS ESPECIALES PARA FIRMAR SING PEN PILOT NEGRO CAJA X 10 UND | E6: Caja | F6: 9 | G6: 79330 | H6: 1586600 | I6: 77347 | J6: 1546935 | K6: 82000 | L6: 1640000 | M6: =(G6+I6+K6)/3 -> 79559 | N6: =+M6*F6 -> 716031 | P6: =+N6*100%/289999667 -> 0.0024690752
A7: 7 | B7: 3627018 | C7: Borradores de caucho | D7: BORRADOR DE NATA X 20 UNIDADES PARA BORRAR LÁPIZ DE GRÁFITO Y LÁPIZ DE COLOR. PERFECTO BORRADO QUE NO MANCHA NI MALTRATA EL PAPEL. PARA USO ESCOLAR, DE OFICINA Y PROFESIONAL. ALTO: 4CM, ANCHO: 2CM | E7: Caja | F7: 5 | G7: 11500 | H7: 92000 | I7: 11213 | J7: 89700 | K7: 11990 | L7: 95920 | M7: 11568 | N7: =+M7*F7 -> 57840 | P7: =+N7*100%/289999667 -> 0.0001994485
A8: 10 | B8: 3891106 | C8: Lápices | D8: CAJA DE LÁPICES DE MINA NEGRA HB 2 X 12 UNIDADES, LONGITUD 17.8 - 19.7 CMS Y DIÁMETRO DE MINIMO 7,2MM, FORMA REDONDA, TRIANGULAR O HEXAGONAL BORRADOR ASEGURADO EN CASQUILLO DE METAL O PLÁSTICO SIN BORDES AFILADOS NI CORTANTES. | E8: Caja | F8: 5 | G8: 13570 | H8: 420670 | I8: 13231 | J8: 410153 | K8: 14150 | L8: 438650 | M8: 13650 | N8: =+M8*F8 -> 68250 | P8: =+N8*100%/289999667 -> 0.0002353451
A9: 13 | B9: 4516001 | C9: Tajalápices de mesa | D9: CAJA DE SACAPUNTAS METÁLICOS A 1002 X 24 TAJALAPIZ | E9: Caja | F9: 5 | G9: 4760 | H9: 33320 | I9: 4641 | J9: 32487 | K9: 4960 | L9: 34720 | M9: =(G9+I9+K9)/3 -> 4787 | N9: =+M9*F9 -> 23935
A10: 21 | B10: 3549953 | C10: Líquidos especiales para corrección y borrado de textos | D10: CORRECTOR LIQUIDO TIPO LAPIZ DE 7 ML | E10: Unidad | F10: 6 | G10: 2380 | H10: 28560 | I10: 2321 | J10: 27846 | K10: 2480 | L10: 29760 | M10: 2394 | N10: =+M10*F10 -> 14364
A11: 22 | B11: 4516003 | C11: Engrapadoras para oficina | D11: COSEDORA DE OFICINA 30 HOJAS. A MATERIAL: ESTRUCTURA METÁLICA DE ALTA RESISTENCIA. B DIMENSIÓN:MEDIDAS APROXIMADAS DE 186 MM LARGO X 64 MM. ALTO X 44 MM ANCHO. C CARACTERÍSTICAS FÍSICAS: BASE ANTIDESLIZANTE. DCAPACIDAD DE COCIDO: 30 HOJAS A LA VEZ | E11: Unidad | F11: 5 | G11: 43630 | H11: 523560 | I11: 42539 | J11: 510471 | K11: 45515 | L11: 546180 | M11: 43895 | N11: =+M11*F11 -> 219475
A12: 24 | B12: 3891103 | C12: Lapiceros | D12: ESFEROS COLORES SURTIDOS X 12 UNIDADES, CUERPO PLASTICO,TRAZO MEDIO. | E12: Caja | F12: 5 | G12: 9760 | H12: 117120 | I12: 9516 | J12: 114192 | K12: 10182 | L12: 122180 | M12: 9819 | N12: =+M12*F12 -> 49095
A13: 25 | B13: 3891103 | C13: Lapiceros | D13: ESFEROS CON TINTA DE COLOR NEGRO EN GEL CAJA X 12 | E13: Caja | F13: 5 | G13: 14280 | H13: 214200 | I13: 13923 | J13: 208845 | K13: 14897 | L13: 223453 | M13: 14367 | N13: =+M13*F13 -> 71835
A14: 26 | B14: 3891103 | C14: Lapiceros | D14: ESFEROS PARA FIRMAR SIGN PEN, TINTA NEGRO LIQUIDA, TIPO DE LAPICERA: BOLÍGRAFO, TIPO DE TRAZO: MEDIO 2 MM, PUNTA DE FIBRA SUAVE DE POLIÉSTER MUY RESISTENTE | E14: Unidad | F14: 20 | G14: 7930 | H14: 158600 | I14: 7732 | J14: 154635 | K14: 8273 | L14: 165452 | M14: 7978 | N14: =+M14*F14 -> 159560
A15: 33 | B15: 3891104 | C15: Marcadores de fieltro y similares | D15: MARCADORES BORRABLES X 10 UNIDADES, PUNTA ACRILICA,COLOR NEGRO,GROSOR DEL TRAZO 2-5MM | E15: Caja | F15: 12 | G15: 23800 | H15: 357000 | I15: 23205 | J15: 348075 | K15: 24828 | L15: 372422 | M15: 23944 | N15: =+M15*F15 -> 287328
A16: 34 | B16: 3891104 | C16: Marcadores de fieltro y similares | D16: MARCADORES X 12 UNIDADES SURTIDO, PERMANENTE, PUNTA FINA, RESISTENTE AL AGUA, TINTA DE SECADO RÁPIDO, FÓRMULA NO TÓXICA | E16: caja | F16: 12 | G16: 39270 | H16: 589050 | I16: 38288 | J16: 574324 | K16: 40966 | L16: 614497 | M16: =(G16+I16+K16)/3 -> 39508 | N16: =+M16*F16 -> 474096
A17: 35 | B17: 3891104 | C17: Marcadores de fieltro y similares | D17: RESALTADOR X 10 UNIDADES RESALTADOR DESECHABLE. TINTA: SURTIDO B MATERIAL: FILTRONA EN FELPA ACRÍLICA O RESINA TERMOPLÁSTICA. C CARACTERÍSTICAS FÍSICAS: PUNTA BISELADA, PARA REALIZAR 2 TRAZOS O 3 TRAZOS. | E17: Caja | F17: 30 | G17: 15870 | H17: 476100 | I17: 15473 | J17: 464198 | K17: 16556 | L17: 496668 | M17: 15966 | N17: =+M17*F17 -> 478980
A18: 40 | B18: 3214902 | C18: Papeles impregnados y revestidos incluso autoadhesivos | D18: POST IT NOTAS 7.5 CM X 7.5 CM amarillo canario x 100 | E18: Paquete | F18: 5 | G18: 2580 | H18: 10320 | I18: 2516 | J18: 10062 | K18: 2691 | L18: 10766 | M18: 2596 | N18: =+M18*F18 -> 12980
